Workbook

Sheet 3.ВС (2)
H1: Приложение 3
H2: к Решению Клетнянского районного Совета народных депутатов "О бюджете Клетнянского муниципального района Брянской области на 2026 год и на плановый период 2027 и 2028 годов
A3: Ведомственная структура расходов бюджета Клетнянского муниципального района Брянской области на 2026 год и на плановый период 2027 и 2028 годов
L4: рублей
A5: Наименование | E5: Гл | F5: Рз | G5: Пр | H5: ЦСР | I5: ВР | J5: 2026 год | K5: 2027 год | L5: 2028 год
A7: Администрация Клетнянского района | E7: 851 | J7: =J8+J84+J91+J103+J136+J148+J153+J167+J204+J218 -> 1.5841859e+08 | K7: =K8+K84+K91+K103+K136+K148+K153+K167+K204+K218 -> 1.7946826e+08 | L7: =L8+L84+L91+L103+L136+L148+L153+L167+L204+L218 -> 1.4674778e+08
A8: Общегосударственные вопросы | E8: 851 | F8: 01 | J8: =J9+J67+J71 -> 47265937 | K8: =K9+K67+K71 -> 42654266 | L8: =L9+L67+L71 -> 42654620
A9: Функционирование Правительства Российской Федерации, высших исполнительных органов субъектов Российской Федерации, местных администраций | E9: 851 | F9: 01 | G9: 04 | J9: =J10+J15+J20+J23+J28+J33+J36+J52+J43+J46+J49+J55+J58+J61+J64 -> 41242558 | K9: =K10+K15+K20+K23+K28+K33+K36+K52+K43+K46+K49+K55+K58+K61+K64 -> 37253558 | L9: =L10+L15+L20+L23+L28+L33+L36+L52+L43+L46+L49+L55+L58+L61+L64 -> 37253558
A10: Осуществление отдельных государственных полномочий Брянской области в сфере деятельности по профилактике безнадзорности и правонарушений несовершеннолетних, организации деятельности административных комиссий и определения перечня должностных лиц органов местного самоуправления, уполномоченных составлять протоколы об административных правонарушениях (осуществление отдельных государственных полномочий Брянской области в сфере деятельности по профилактике безнадзорности и правонарушений несовершеннолетних) | E10: 851 | F10: 01 | G10: 04 | H10: 51 4 01 12021 | J10: =J11+J13 -> 766676 | K10: =K11+K13 -> 766676 | L10: =L11+L13 -> 766676
A11: Расходы на выплаты персоналу в целях обеспечения выполнения функций государственными (муниципальными) органами, казенными учреждениями, органами управления государственными внебюджетными фондами | E11: 851 | F11: 01 | G11: 04 | H11: 51 4 01 12021 | I11: 100 | J11: =J12 -> 747400 | K11: =K12 -> 747400 | L11: =L12 -> 747400
A12: Расходы на выплаты персоналу государственных (муниципальных) органов | E12: 851 | F12: 01 | G12: 04 | H12: 51 4 01 12021 | I12: 120 | J12: 747400 | K12: 747400 | L12: 747400
A13: Закупка товаров, работ и услуг для обеспечения государственных (муниципальных) нужд | E13: 851 | F13: 01 | G13: 04 | H13: 51 4 01 12021 | I13: 200 | J13: =J14 -> 19276 | K13: =K14 -> 19276 | L13: =L14 -> 19276
A14: Иные закупки товаров, работ и услуг для обеспечения государственных (муниципальных) нужд | E14: 851 | F14: 01 | G14: 04 | H14: 51 4 01 12021 | I14: 240 | J14: 19276 | K14: 19276 | L14: 19276
A15: Осуществление отдельных государственных полномочий Брянской области в сфере деятельности по профилактике безнадзорности и правонарушений несовершеннолетних, организации деятельности административных комиссий и определения перечня должностных лиц органов местного самоуправления, уполномоченных составлять протоколы об административных правонарушениях (осуществление отдельных государственных полномочий Брянской области по организации деятельности административных комиссий) | E15: 851 | F15: 01 | G15: 04 | H15: 51 4 01 12022 | J15: =J16+J18 -> 766676 | K15: =K16+K18 -> 766676 | L15: =L16+L18 -> 766676
A16: Расходы на выплаты персоналу в целях обеспечения выполнения функций государственными (муниципальными) органами, казенными учреждениями, органами управления государственными внебюджетными фондами | E16: 851 | F16: 01 | G16: 04 | H16: 51 4 01 12022 | I16: 100 | J16: =J17 -> 704100 | K16: =K17 -> 704100 | L16: =L17 -> 704100
A17: Расходы на выплаты персоналу государственных (муниципальных) органов | E17: 851 | F17: 01 | G17: 04 | H17: 51 4 01 12022 | I17: 120 | J17: 704100 | K17: 704100 | L17: 704100
A18: Закупка товаров, работ и услуг для обеспечения государственных (муниципальных) нужд | E18: 851 | F18: 01 | G18: 04 | H18: 51 4 01 12022 | I18: 200 | J18: =J19 -> 62576 | K18: =K19 -> 62576 | L18: =L19 -> 62576
A19: Иные закупки товаров, работ и услуг для обеспечения государственных (муниципальных) нужд | E19: 851 | F19: 01 | G19: 04 | H19: 51 4 01 12022 | I19: 240 | J19: 62576 | K19: 62576 | L19: 62576
A20: Осуществление отдельных государственных полномочий Брянской области в сфере деятельности по профилактике безнадзорности и правонарушений несовершеннолетних, организации деятельности административных комиссий и определения перечня должностных лиц органов местного самоуправления, уполномоченных составлять протоколы об административных правонарушениях (осуществление отдельных государственных полномочий Брянской области по определению перечня должностных лиц органов местного самоуправления, уполномоченных составлять протоколы об административных правонарушениях) | E20: 851 | F20: 01 | G20: 04 | H20: 51 4 01 12023 | J20: =J21 -> 400 | K20: =K21 -> 400 | L20: =L21 -> 400
A21: Закупка товаров, работ и услуг для обеспечения государственных (муниципальных) нужд | E21: 851 | F21: 01 | G21: 04 | H21: 51 4 01 12023 | I21: 200 | J21: =J22 -> 400 | K21: =K22 -> 400 | L21: =L22 -> 400
A22: Иные закупки товаров, работ и услуг для обеспечения государственных (муниципальных) нужд | E22: 851 | F22: 01 | G22: 04 | H22: 51 4 01 12023 | I22: 240 | J22: 400 | K22: 400 | L22: 400
A23: Установление регулируемых тарифов на регулярные перевозки пассажиров и багажа автомобильным транспортом и городским наземным электрическим транспортом по муниципальным маршрутам регулярных перевозок | E23: 851 | F23: 01 | G23: 04 | H23: 51 4 01 17390 | J23: =J24+J26 -> 76668 | K23: =K24+K26 -> 76668 | L23: =L24+L26 -> 76668
A24: Расходы на выплаты персоналу в целях обеспечения выполнения функций государственными (муниципальными) органами, казенными учреждениями, органами управления государственными внебюджетными фондами | E24: 851 | F24: 01 | G24: 04 | H24: 51 4 01 17390 | I24: 100 | J24: =J25 -> 54850 | K24: =K25 -> 54850 | L24: =L25 -> 54850
A25: Расходы на выплаты персоналу государственных (муниципальных) органов | E25: 851 | F25: 01 | G25: 04 | H25: 51 4 01 17390 | I25: 120 | J25: 54850 | K25: 54850 | L25: 54850
A26: Закупка товаров, работ и услуг для обеспечения государственных (муниципальных) нужд | E26: 851 | F26: 01 | G26: 04 | H26: 51 4 01 17390 | I26: 200 | J26: =J27 -> 21818 | K26: =K27 -> 21818 | L26: =L27 -> 21818
A27: Иные закупки товаров, работ и услуг для обеспечения государственных (муниципальных) нужд | E27: 851 | F27: 01 | G27: 04 | H27: 51 4 01 17390 | I27: 240 | J27: 21818 | K27: 21818 | L27: 21818
A28: Осуществление отдельных полномочий в области охраны труда и уведомительной регистрации территориальных соглашений и коллективных договоров | E28: 851 | F28: 01 | G28: 04 | H28: 51 4 01 17900 | J28: =J29+J31 -> 383338 | K28: =K29+K31 -> 383338 | L28: =L29+L31 -> 383338
A29: Расходы на выплаты персоналу в целях обеспечения выполнения функций государственными (муниципальными) органами, казенными учреждениями, органами управления государственными внебюджетными фондами | E29: 851 | F29: 01 | G29: 04 | H29: 51 4 01 17900 | I29: 100 | J29: =J30 -> 288500 | K29: =K30 -> 288500 | L29: =L30 -> 288500
A30: Расходы на выплаты персоналу государственных (муниципальных) органов | E30: 851 | F30: 01 | G30: 04 | H30: 51 4 01 17900 | I30: 120 | J30: 288500 | K30: 288500 | L30: 288500
A31: Закупка товаров, работ и услуг для обеспечения государственных (муниципальных) нужд | E31: 851 | F31: 01 | G31: 04 | H31: 51 4 01 17900 | I31: 200 | J31: =J32 -> 94838 | K31: =K32 -> 94838 | L31: =L32 -> 94838
A32: Иные закупки товаров, работ и услуг для обеспечения государственных (муниципальных) нужд | E32: 851 | F32: 01 | G32: 04 | H32: 51 4 01 17900 | I32: 240 | J32: 94838 | K32: 94838 | L32: 94838
A33: Обеспечение деятельности главы местной администрации (исполнительно-распорядительного органа муниципального образования) | E33: 851 | F33: 01 | G33: 04 | H33: 51 4 01 80020 | J33: =J34 -> 2348200 | K33: =K34 -> 2348200 | L33: =L34 -> 2348200
A34: Расходы на выплаты персоналу в целях обеспечения выполнения функций государственными (муниципальными) органами, казенными учреждениями, органами управления государственными внебюджетными фондами | E34: 851 | F34: 01 | G34: 04 | H34: 51 4 01 80020 | I34: 100 | J34: =J35 -> 2348200 | K34: =K35 -> 2348200 | L34: =L35 -> 2348200
A35: Расходы на выплаты персоналу государственных (муниципальных) органов | E35: 851 | F35: 01 | G35: 04 | H35: 51 4 01 80020 | I35: 120 | J35: 2348200 | K35: 2348200 | L35: 2348200
A36: Руководство и управление в сфере установленных функций органов местного самоуправления | E36: 851 | F36: 01 | G36: 04 | H36: 51 4 01 80040 | J36: =J37+J39+J41 -> 36616200 | K36: =K37+K39+K41 -> 32905200 | L36: =L37+L39+L41 -> 32905200
A37: Расходы на выплаты персоналу в целях обеспечения выполнения функций государственными (муниципальными) органами, казенными учреждениями, органами управления государственными внебюджетными фондами | E37: 851 | F37: 01 | G37: 04 | H37: 51 4 01 80040 | I37: 100 | J37: =J38 -> 31483200 | K37: =K38 -> 30067600 | L37: =L38 -> 30067600
A38: Расходы на выплаты персоналу государственных (муниципальных) органов | E38: 851 | F38: 01 | G38: 04 | H38: 51 4 01 80040 | I38: 120 | J38: 31483200 | K38: 30067600 | L38: 30067600
A39: Закупка товаров, работ и услуг для обеспечения государственных (муниципальных) нужд | E39: 851 | F39: 01 | G39: 04 | H39: 51 4 01 80040 | I39: 200 | J39: =J40 -> 5034700 | K39: =K40 -> 2739300 | L39: =L40 -> 2739300
A40: Иные закупки товаров, работ и услуг для обеспечения государственных (муниципальных) нужд | E40: 851 | F40: 01 | G40: 04 | H40: 51 4 01 80040 | I40: 240 | J40: 5034700 | K40: 2739300 | L40: 2739300
A41: Иные бюджетные ассигнования | E41: 851 | F41: 01 | G41: 04 | H41: 51 4 01 80040 | I41: 800 | J41: =J42 -> 98300 | K41: =K42 -> 98300 | L41: =L42 -> 98300
A42: Уплата налогов, сборов и иных платежей | E42: 851 | F42: 01 | G42: 04 | H42: 51 4 01 80040 | I42: 850 | J42: 98300 | K42: 98300 | L42: 98300
A43: Информационное освещение деятельности органов местного самоуправления | E43: 851 | F43: 01 | G43: 04 | H43: 51 4 01 80070 | J43: =J44 -> 100000 | K43: =K44 -> 0 | L43: =L44 -> 0
A44: Закупка товаров, работ и услуг для обеспечения государственных (муниципальных) нужд | E44: 851 | F44: 01 | G44: 04 | H44: 51 4 01 80070 | I44: 200 | J44: =J45 -> 100000 | K44: =K45 -> 0 | L44: =L45 -> 0
A45: Иные закупки товаров, работ и услуг для обеспечения государственных (муниципальных) нужд | E45: 851 | F45: 01 | G45: 04 | H45: 51 4 01 80070 | I45: 240 | J45: 100000
A46: Опубликование нормативных правовых актов муниципальных образований и иной официальной информации | E46: 851 | F46: 01 | G46: 04 | H46: 51 4 01 80100 | J46: =J47 -> 100000 | K46: =K47 -> 0 | L46: =L47 -> 0
A47: Закупка товаров, работ и услуг для обеспечения государственных (муниципальных) нужд | E47: 851 | F47: 01 | G47: 04 | H47: 51 4 01 80100 | I47: 200 | J47: =J48 -> 100000 | K47: =K48 -> 0 | L47: =L48 -> 0
A48: Иные закупки товаров, работ и услуг для обеспечения государственных (муниципальных) нужд | E48: 851 | F48: 01 | G48: 04 | H48: 51 4 01 80100 | I48: 240 | J48: 100000
A49: Членские взносы некоммерческим организациям | E49: 851 | F49: 01 | G49: 04 | H49: 51 4 01 81410 | J49: =J50 -> 78000 | K49: =K50 -> 0 | L49: =L50 -> 0
A50: Иные бюджетные ассигнования | E50: 851 | F50: 01 | G50: 04 | H50: 51 4 01 81410 | I50: 800 | J50: =J51 -> 78000 | K50: =K51 -> 0 | L50: =L51 -> 0
A51: Уплата налогов, сборов и иных платежей | E51: 851 | F51: 01 | G51: 04 | H51: 51 4 01 81410 | I51: 850 | J51: 78000
A52: Реализация переданных полномочий по решению отдельных вопросов местного значения поселений в соответствии с заключенными соглашениями в части формирования архивных фондов поселений | E52: 851 | F52: 01 | G52: 04 | H52: 51 4 01 84220 | J52: =J53 -> 2500 | K52: =K53 -> 2500 | L52: =L53 -> 2500
A53: Закупка товаров, работ и услуг для обеспечения государственных (муниципальных) нужд | E53: 851 | F53: 01 | G53: 04 | H53: 51 4 01 84220 | I53: 200 | J53: =J54 -> 2500 | K53: =K54 -> 2500 | L53: =L54 -> 2500
A54: Иные закупки товаров, работ и услуг для обеспечения государственных (муниципальных) нужд | E54: 851 | F54: 01 | G54: 04 | H54: 51 4 01 84220 | I54: 240 | J54: 2500 | K54: 2500 | L54: 2500
A55: Реализация переданных полномочий по решению отдельных вопросов местного значения поселений в соответствии с заключенными соглашениями в части осуществления муниципального земельного контроля в границах поселений | E55: 851 | F55: 01 | G55: 04 | H55: 51 4 01 84230 | J55: =J56 -> 600 | K55: =K56 -> 600 | L55: =L56 -> 600
A56: Закупка товаров, работ и услуг для обеспечения государственных (муниципальных) нужд | E56: 851 | F56: 01 | G56: 04 | H56: 51 4 01 84230 | I56: 200 | J56: =J57 -> 600 | K56: =K57 -> 600 | L56: =L57 -> 600
A57: Иные закупки товаров, работ и услуг для обеспечения государственных (муниципальных) нужд | E57: 851 | F57: 01 | G57: 04 | H57: 51 4 01 84230 | I57: 240 | J57: 600 | K57: 600 | L57: 600
A58: Реализация переданных полномочий по решению отдельных вопросов местного значения поселений в соответствии с заключенными соглашениями в части осуществления муниципального жилищного контроля | E58: 851 | F58: 01 | G58: 04 | H58: 51 4 01 84440 | J58: =J59 -> 600 | K58: =K59 -> 600 | L58: =L59 -> 600
A59: Закупка товаров, работ и услуг для обеспечения государственных (муниципальных) нужд | E59: 851 | F59: 01 | G59: 04 | H59: 51 4 01 84440 | I59: 200 | J59: =J60 -> 600 | K59: =K60 -> 600 | L59: =L60 -> 600
A60: Иные закупки товаров, работ и услуг для обеспечения государственных (муниципальных) нужд | E60: 851 | F60: 01 | G60: 04 | H60: 51 4 01 84440 | I60: 240 | J60: 600 | K60: 600 | L60: 600
A61: Реализация переданных полномочий по решению отдельных вопросов местного значения поселений в соответствии с заключенными соглашениями в части осуществления муниципального контроля на автомобильном транспорте, городском наземном электрическом транспорте и в дорожном хозяйстве в границах населенных пунктов поселения | E61: 851 | F61: 01 | G61: 04 | H61: 51 4 01 84450 | J61: =J62 -> 600 | K61: =K62 -> 600 | L61: =L62 -> 600
A62: Закупка товаров, работ и услуг для обеспечения государственных (муниципальных) нужд | E62: 851 | F62: 01 | G62: 04 | H62: 51 4 01 84450 | I62: 200 | J62: =J63 -> 600 | K62: =K63 -> 600 | L62: =L63 -> 600
A63: Иные закупки товаров, работ и услуг для обеспечения государственных (муниципальных) нужд | E63: 851 | F63: 01 | G63: 04 | H63: 51 4 01 84450 | I63: 240 | J63: 600 | K63: 600 | L63: 600
A64: Реализация переданных полномочий по решению отдельных вопросов местного значения поселений в соответствии с заключенными соглашениями в части осуществления муниципального контроля в сфере благоустройства | E64: 851 | F64: 01 | G64: 04 | H64: 51 4 01 84460 | J64: =J65 -> 2100 | K64: =K65 -> 2100 | L64: =L65 -> 2100
A65: Закупка товаров, работ и услуг для обеспечения государственных (муниципальных) нужд | E65: 851 | F65: 01 | G65: 04 | H65: 51 4 01 84460 | I65: 200 | J65: =J66 -> 2100 | K65: =K66 -> 2100 | L65: =L66 -> 2100
A66: Иные закупки товаров, работ и услуг для обеспечения государственных (муниципальных) нужд | E66: 851 | F66: 01 | G66: 04 | H66: 51 4 01 84460 | I66: 240 | J66: 2100 | K66: 2100 | L66: 2100
A67: Судебная система | E67: 851 | F67: 01 | G67: 05 | J67: =J68 -> 43979 | K67: =K68 -> 4308 | L67: =L68 -> 4662
A68: Осуществление полномочий по составлению (изменению) списков кандидатов в присяжные заседатели федеральных судов общей юрисдикции в Российской Федерации | E68: 851 | F68: 01 | G68: 05 | H68: 51 4 04 51200 | J68: =J69 -> 43979 | K68: =K69 -> 4308 | L68: =L69 -> 4662
A69: Закупка товаров, работ и услуг для обеспечения государственных (муниципальных) нужд | E69: 851 | F69: 01 | G69: 05 | H69: 51 4 04 51200 | I69: 200 | J69: =J70 -> 43979 | K69: =K70 -> 4308 | L69: =L70 -> 4662
A70: Иные закупки товаров, работ и услуг для обеспечения государственных (муниципальных) нужд | E70: 851 | F70: 01 | G70: 05 | H70: 51 4 04 51200 | I70: 240 | J70: 43979 | K70: 4308 | L70: 4662
A71: Другие общегосударственные вопросы | E71: 851 | F71: 01 | G71: 13 | J71: =J75+J72+J78+J81 -> 5979400 | K71: =K75+K72+K78+K81 -> 5396400 | L71: =L75+L72+L78+L81 -> 5396400
A72: Повышение энергетической эффективности и обеспечения энергосбережения | E72: 851 | F72: 01 | G72: 13 | H72: 51 4 01 83260 | J72: =J73 -> 35500 | K72: =K73 -> 0 | L72: =L73 -> 0
A73: Закупка товаров, работ и услуг для обеспечения государственных (муниципальных) нужд | E73: 851 | F73: 01 | G73: 13 | H73: 51 4 01 83260 | I73: 200 | J73: =J74 -> 35500 | K73: =K74 -> 0 | L73: =L74 -> 0
A74: Иные закупки товаров, работ и услуг для обеспечения государственных (муниципальных) нужд | E74: 851 | F74: 01 | G74: 13 | H74: 51 4 01 83260 | I74: 240 | J74: 35500
A75: Оценка имущества, признание прав и регулирование отношений муниципальной собственности | E75: 851 | F75: 01 | G75: 13 | H75: 51 4 02 80900 | J75: =J76 -> 547500 | K75: =K76 -> 0 | L75: =L76 -> 0
A76: Закупка товаров, работ и услуг для обеспечения государственных (муниципальных) нужд | E76: 851 | F76: 01 | G76: 13 | H76: 51 4 02 80900 | I76: 200 | J76: =J77 -> 547500 | K76: =K77 -> 0 | L76: =L77 -> 0
A77: Иные закупки товаров, работ и услуг для обеспечения государственных (муниципальных) нужд | E77: 851 | F77: 01 | G77: 13 | H77: 51 4 02 80900 | I77: 240 | J77: 547500
A78: Эксплуатация и содержание имущества, находящегося в муниципальной собственности, арендованного недвижимого имущества | E78: 851 | F78: 01 | G78: 13 | H78: 51 4 02 80930 | J78: =J79 -> 352300 | K78: =K79 -> 352300 | L78: =L79 -> 352300
A79: Закупка товаров, работ и услуг для обеспечения государственных (муниципальных) нужд | E79: 851 | F79: 01 | G79: 13 | H79: 51 4 02 80930 | I79: 200 | J79: =J80 -> 352300 | K79: =K80 -> 352300 | L79: =L80 -> 352300
A80: Иные закупки товаров, работ и услуг для обеспечения государственных (муниципальных) нужд | E80: 851 | F80: 01 | G80: 13 | H80: 51 4 02 80930 | I80: 240 | J80: 352300 | K80: 352300 | L80: 352300
A81: Многофункциональные центры предоставления государственных и муниципальных услуг | E81: 851 | F81: 01 | G81: 13 | H81: 51 4 03 80710 | J81: =J82 -> 5044100 | K81: =K82 -> 5044100 | L81: =L82 -> 5044100
A82: Предоставление субсидий бюджетным, автономным учреждениям и иным некоммерческим организациям | E82: 851 | F82: 01 | G82: 13 | H82: 51 4 03 80710 | I82: 600 | J82: =J83 -> 5044100 | K82: =K83 -> 5044100 | L82: =L83 -> 5044100
A83: Субсидии бюджетным учреждениям | E83: 851 | F83: 01 | G83: 13 | H83: 51 4 03 80710 | I83: 610 | J83: 5044100 | K83: 5044100 | L83: 5044100
A84: Национальная оборона | E84: 851 | F84: 02 | J84: =J85 -> 1119810 | K84: =K85 -> 1248705 | L84: =L85 -> 1588844
A85: Мобилизационная и вневойсковая подготовка | E85: 851 | F85: 02 | G85: 03 | J85: =J86 -> 1119810 | K85: =K86 -> 1248705 | L85: =L86 -> 1588844
A86: Осуществление первичного воинского учета органами местного самоуправления поселений, муниципальных и городских округов | E86: 851 | F86: 02 | G86: 03 | H86: 51 4 04 51180 | J86: =J87+J89 -> 1119810 | K86: =K87+K89 -> 1248705 | L86: =L87+L89 -> 1588844
A87: Расходы на выплаты персоналу в целях обеспечения выполнения функций государственными (муниципальными) органами, казенными учреждениями, органами управления государственными внебюджетными фондами | E87: 851 | F87: 02 | G87: 03 | H87: 51 4 04 51180 | I87: 100 | J87: =J88 -> 940709 | K87: =K88 -> 1132382 | L87: =L88 -> 1262582
A88: Расходы на выплаты персоналу государственных (муниципальных) органов | E88: 851 | F88: 02 | G88: 03 | H88: 51 4 04 51180 | I88: 120 | J88: 940709 | K88: 1132382 | L88: 1262582
A89: Закупка товаров, работ и услуг для обеспечения государственных (муниципальных) нужд | E89: 851 | F89: 02 | G89: 03 | H89: 51 4 04 51180 | I89: 200 | J89: =J90 -> 179101 | K89: =K90 -> 116323 | L89: =L90 -> 326262
A90: Иные закупки товаров, работ и услуг для обеспечения государственных (муниципальных) нужд | E90: 851 | F90: 02 | G90: 03 | H90: 51 4 04 51180 | I90: 240 | J90: 179101 | K90: 116323 | L90: 326262
A91: Национальная безопасность и правоохранительная деятельность | E91: 851 | F91: 03 | J91: =J92 -> 6969400 | K91: =K92 -> 5897800 | L91: =L92 -> 5897800
A92: Защита населения и территории от чрезвычайных ситуаций природного и техногенного характера, пожарная безопасность | E92: 851 | F92: 03 | G92: 10 | J92: =J93+J100 -> 6969400 | K92: =K93+K100 -> 5897800 | L92: =L93+L100 -> 5897800
A93: Единые дежурно-диспетчерские службы | E93: 851 | F93: 03 | G93: 10 | H93: 51 4 05 80700 | J93: =J94+J96+J98 -> 5873100 | K93: =K94+K96+K98 -> 5597800 | L93: =L94+L96+L98 -> 5597800
A94: Расходы на выплаты персоналу в целях обеспечения выполнения функций государственными (муниципальными) органами, казенными учреждениями, органами управления государственными внебюджетными фондами | E94: 851 | F94: 03 | G94: 10 | H94: 51 4 05 80700 | I94: 100 | J94: =J95 -> 4467100 | K94: =K95 -> 4467100 | L94: =L95 -> 4467100
A95: Расходы на выплаты персоналу казенных учреждений | E95: 851 | F95: 03 | G95: 10 | H95: 51 4 05 80700 | I95: 110 | J95: 4467100 | K95: 4467100 | L95: 4467100
A96: Закупка товаров, работ и услуг для обеспечения государственных (муниципальных) нужд | E96: 851 | F96: 03 | G96: 10 | H96: 51 4 05 80700 | I96: 200 | J96: =J97 -> 1397100 | K96: =K97 -> 1121800 | L96: =L97 -> 1121800
A97: Иные закупки товаров, работ и услуг для обеспечения государственных (муниципальных) нужд | E97: 851 | F97: 03 | G97: 10 | H97: 51 4 05 80700 | I97: 240 | J97: 1397100 | K97: 1121800 | L97: 1121800
A98: Иные бюджетные ассигнования | E98: 851 | F98: 03 | G98: 10 | H98: 51 4 05 80700 | I98: 800 | J98: =J99 -> 8900 | K98: =K99 -> 8900 | L98: =L99 -> 8900
A99: Уплата налогов, сборов и иных платежей | E99: 851 | F99: 03 | G99: 10 | H99: 51 4 05 80700 | I99: 850 | J99: 8900 | K99: 8900 | L99: 8900
A100: Оповещение населения об опасностях, возникающих при ведении военных действий и возникновении чрезвычайных ситуаций | E100: 851 | F100: 03 | G100: 10 | H100: 51 4 05 81200 | J100: =J101 -> 1096300 | K100: =K101 -> 300000 | L100: =L101 -> 300000
A101: Закупка товаров, работ и услуг для обеспечения государственных (муниципальных) нужд | E101: 851 | F101: 03 | G101: 10 | H101: 51 4 05 81200 | I101: 200 | J101: =J102 -> 1096300 | K101: =K102 -> 300000 | L101: =L102 -> 300000
...

Sheet 1.Дох
C1: Приложение 1
C2: к Решению Клетнянского районного Совета народных депутатов "О внесении изменений в Решение Клетнянского районного Совета народных депутатов "О бюджете Клетнянского муниципального района Брянской области на 2026 год и на плановый период 2027 и 2028 годов"
C3: Приложение 1.3.
C4: к Решению Клетнянского районного Совета народных депутатов "О бюджете Клетнянского муниципального района Брянской области на 2026 год и на плановый период 2027 и 2028 годов"
A5: Изменение доходов бюджета Клетнянского муниципального района Брянской области на 2026 год и на плановый период 2027и 2028 годов
E6: рублей
A7: Код бюджетной классификации Российской Федерации | B7: Наименование доходов | C7: 2026 | D7: 2027 | E7: 2028
A8: 1 | B8: 2
A9: 1 00 00000 00 0000 000 | B9: НАЛОГОВЫЕ И НЕНАЛОГОВЫЕ ДОХОДЫ | C9: 0 | D9: 0 | E9: 0
A10: 2 00 00000 00 0000 000 | B10: БЕЗВОЗМЕЗДНЫЕ ПОСТУПЛЕНИЯ | C10: =C11+C81+C83+C88 -> 6611366.3 | D10: =D11+D83+D88 -> 0 | E10: =E11+E83+E88 -> 0
A11: 2 02 00000 00 0000 000 | B11: Безвозмездные поступления от других бюджетов бюджетной системы Российской Федерации | C11: =C12+C17+C49+C67 -> 6611366.3 | D11: =D12+D17+D49+D67 -> 0 | E11: =E12+E17+E49+E67 -> 0
A12: 2 02 10000 00 0000 150 | B12: Дотации бюджетам бюджетной системы Российской Федерации | C12: =C13+C15 -> 10600000 | D12: =D13+D15 -> 0 | E12: =E13+E15 -> 0
A13: 2 02 15001 00 0000 150 | B13: Дотации на выравнивание бюджетной обеспеченности | C13: =C14 -> 0 | D13: =D14 -> 0 | E13: =E14 -> 0
A14: 2 02 15001 05 0000 150 | B14: Дотации бюджетам муниципальных районов на выравнивание бюджетной обеспеченности из бюджета субъекта Российской Федерации
A15: 2 02 15002 00 0000 150 | B15: Дотации бюджетам на поддержку мер по обеспечению сбалансированности бюджетов | C15: =C16 -> 10600000 | D15: =D16 -> 0 | E15: =E16 -> 0
A16: 2 02 15002 05 0000 150 | B16: Дотации бюджетам муниципальных районов на поддержку мер по обеспечению сбалансированности бюджетов | C16: 10600000 | D16: 0 | E16: 0
A17: 2 02 20000 00 0000 150 | B17: Субсидии бюджетам бюджетной системы Российской Федерации (межбюджетные субсидии) | C17: =C18+C22++C30+C40+C28+C26+C21+C38+C24+C32++C34+C36 -> -5091213.7 | D17: =D18+D22+D40+D28+D26+D21+D38+D24+D32+D36 -> 0 | E17: =E18+E22+E40+E28+E26+E21+E38+E24+E32+E36 -> 0
A18: 2 02 20077 00 0000 150 | B18: Субсидии бюджетам на софинансирование капитальных вложений в объекты муниципальной собственности | C18: =C19 -> -5091213.7 | D18: 0 | E18: 0
A19: 2 02 20077 05 0000 150 | B19: Субсидии бюджетам муниципальных районов на софинансирование капитальных вложений в объекты муниципальной собственности | C19: -5091213.7 | D19: 0 | E19: 0
A20: 2 02 25304 00 0000 150 | B20: Субсидии бюджетам на организацию бесплатного горячего питания обучающихся, получающих начальное общее образование в государственных и муниципальных образовательных организациях | C20: =C21 -> 0 | D20: =D21 -> 0 | E20: =E21 -> 0
A21: 2 02 25304 05 0000 150 | B21: Субсидии бюджетам муниципальных районов на организацию бесплатного горячего питания обучающихся, получающих начальное общее образование в государственных и муниципальных образовательных организациях
A22: 2 02 25348 00 0000 150 | B22: Субсидии бюджетам на модернизацию региональных и муниципальных библиотек | C22: =C23 -> 0 | D22: =D23 -> 0 | E22: =E23 -> 0
A23: 2 02 25348 05 0000 150 | B23: Субсидии бюджетам муниципальных районов на модернизацию региональных и муниципальных библиотек | C23: 0 | D23: 0
A24: 2 02 25372 00 0000 150 | B24: Субсидии бюджетам на развитие транспортной инфраструктуры на сельских территориях | C24: =C25 -> 0 | D24: =D25 -> 0 | E24: =E25 -> 0
A25: 2 02 25372 05 0000 150 | B25: Субсидии бюджетам муниципальных районов на развитие транспортной инфраструктуры на сельских территориях | C25: 0 | D25: 0 | E25: 0
A26: 2 02 25467 00 0000 150 | B26: Субсидии бюджетам на обеспечение развития и укрепления материально-технической базы домов культуры в населенных пунктах с числом жителей до 50 тысяч человек | C26: =C27 -> 0 | D26: =D27 -> 0 | E26: =E27 -> 0
A27: 2 02 25467 05 0000 150 | B27: Субсидии бюджетам муниципальных районов на обеспечение развития и укрепления материально-технической базы домов культуры в населенных пунктах с числом жителей до 50 тысяч человек
A28: 2 02 25497 00 0000 150 | B28: Субсидии бюджетам на реализацию мероприятий по обеспечению жильем молодых семей | C28: =C29 -> 0 | D28: =D29 -> 0 | E28: =E29 -> 0
A29: 2 02 25497 05 0000 150 | B29: Субсидии бюджетам муниципальных районов на реализацию мероприятий по обеспечению жильем молодых семей | C29: 0
A30: 2 02 25513 00 0000 150 | B30: Субсидия бюджетам на развитие сети учреждений культурно- досугового типа | C30: =C31 -> 0 | D30: =D31 -> 0 | E30: =E31 -> 0
A31: 2 02 25513 05 0000 150 | B31: Субсидия бюджетам муниципальных районов на развитие сети учреждений культурно- досугового типа | C31: 0 | D31: 0 | E31: 0
A32: 2 02 25519 00 0000 150 | B32: Субсидия бюджетам на поддержку отрасли культуры | C32: =C33 -> 0 | D32: =D33 -> 0 | E32: =E33 -> 0
A33: 2 02 25519 05 0000 150 | B33: Субсидия бюджетам муниципальных районов на поддержку отрасли культуры | C33: 0 | D33: 0 | E33: 0
A34: 2 02 25590 00 0000 150 | B34: Субсидии бюджетам на техническое оснащение региональных и муниципальных музеев | C34: =C35 -> 0 | D34: =D35 -> 0 | E34: =E35 -> 0
A35: 2 02 25590 05 0000 150 | B35: Субсидия бюджетам муниципальных районов на на техническое оснащение региональных и муниципальных музеев | C35: 0
A36: 2 02 25753 00 0000 150 | B36: Субсидии бюджетам на софинансирование закупки и монтажа оборудования для создания "умных" спортивных площадок | C36: =C37 -> 0 | D36: =D37 -> 0 | E36: =E37 -> 0
A37: 2 02 25753 05 0000 150 | B37: Субсидии бюджетам муниципальных районов на софинансирование закупки и монтажа оборудования для создания "умных" спортивных площадок
A38: 2 02 27139 00 0000 150 | B38: Субсидии бюджетам на софинансирование капитальных вложений в объекты государственной (муниципальной) собственности в рамках создания и модернизации объектов спортивной инфраструктуры региональной собственности (муниципальной собственности) для занятий физической культурой и спортом | C38: =C39 -> 0 | D38: =D39 -> 0 | E38: =E39 -> 0
A39: 2 02 27139 05 0000 150 | B39: Субсидии бюджетам муниципальных районов на софинансирование капитальных вложений в объекты государственной (муниципальной) собственности в рамках создания и модернизации объектов спортивной инфраструктуры региональной собственности (муниципальной собственности) для занятий физической культурой и спортом | C39: 0
A40: 2 02 29999 00 0000 150 | B40: Прочие субсидии | C40: =C41 -> 0 | D40: =D41 -> 0 | E40: =E41 -> 0
A41: 2 02 29999 05 0000 150 | B41: Прочие субсидии бюджетам муниципальных районов | C41: =SUM(C42:C48) -> 0 | D41: =SUM(D42:D47) -> 0 | E41: =SUM(E42:E47) -> 0
B42: - субсидия на укрепление материально-технической базы образовательных организаций, в том числе проведение капитального (текущего) ремонта зданий и сооружений, инженерных сетей | C42: 0
B43: - субсидия на мероприятия по проведению оздоровительной кампании детей
B44: - субсидии бюджетам муниципальных районов (муниципальных округов, городских округов) на проведение комплексных кадастровых работ в рамках государственной программы "Региональная политика Брянской области"
B45: - субсидия бюджетам муниципальных районов (муниципальных округов, городских округов) на модернизацию муниципальных библиотек в рамках регионального проекта "Семейные ценности и инфраструктура культуры (Брянская область)" государственной программы "Развитие культуры и туризма в Брянской области" | C45: 0 | D45: 0
B46: - субсидии бюджетам муниципальных районов (муниципальных округов, городских округов) на реализацию отдельных мероприятий по развитию образования в рамках государственной программы «Развитие образования и науки Брянской области» | C46: 0
B47: - субсидиz бюджетам муниципальных районовсубсидий бюджетам муниципальных районов (муниципальных округов, городских округов) на государственную поддержку отрасли культуры (Приобретение музыкальных инструментов, оборудования и материалов, реконструкция и капитальный ремонт зданий муниципальных учреждений дополнительного образования сферы культуры) в рамках регионального проекта "Семейные ценности и инфраструктура культуры
B48: - субсидия на развитиие материально-технической базы муниципальных образовательных организаций, в сфере физической культуры и спорта в рамках регионального проекта "Развитие физической культуры и спорта Брянской области" | C48: 0 | D48: 0 | E48: 0
A49: 2 02 30000 00 0000 150 | B49: Субвенции бюджетам бюджетной системы Российской Федерации | C49: =C50+C61+C63+C65 -> 0 | D49: =D50+D61+D63+D65 -> 0 | E49: =E50+E61+E63+E65 -> 0
A50: 2 02 30024 00 0000 150 | B50: Субвенции местным бюджетам на выполнение передаваемых полномочий субъектов Российской Федерации | C50: =C51 -> 0 | D50: =D51 -> 0 | E50: =E51 -> 0
A51: 2 02 30024 05 0000 150 | B51: Субвенции бюджетам муниципальных районов на выполнение передаваемых полномочий субъектов Российской Федерации | C51: =SUM(C52:C60) -> 0 | D51: =SUM(D52:D60) -> 0 | E51: =SUM(E52:E60) -> 0
B52: - субвенции бюджетам муниципальных районов на выравнивание бюджетной обеспеченности поселений
B53: - субвенции бюджетам муниципальных районов на осуществление отдельных полномочий в сфере образования
B54: - субвенции бюджетам муниципальных районов, на редоставление мер социальной поддержки по оплате жилья и коммунальных услуг отдельным категориям граждан, работающих в учреждениях культуры, находящихся в сельской местности или поселках городского типа на территории Брянской области
B55: - субвенции бюджетам муниципальных районов на осуществление отдельных государственных полномочий Брянской области в сфере деятельности по профилактике безнадзорности и правонарушений несовершеннолетних, организации деятельности административных комиссий и определения перечня должностных лиц органов местного самоуправления, уполномоченных составлять протоколы об административных правонарушениях
B56: - субвенции бюджетам муниципальных районов на осуществление отдельных государственных полномочий Брянской области в области охраны труда и уведомительной регистрации территориальных соглашений и коллективных договоров
B57: - субвенции бюджетам муниципальных районов на обеспечение сохранности жилых помещений, закрепленных за детьми-сиротами и детьми, оставшимися без попечения родителей
B58: - субвенции бюджетам муниципальных районов на организацию и осуществление деятельности по опеке и попечительству, выплату ежемесячных денежных средств на содержание и проезд ребенка, переданного на воспитание в семью опекуна (попечителя), приемную семью, вознаграждения приемным родителям | C58: 0 | D58: 0 | E58: 0
B59: - субвенции бюджетам муниципальных районов на на осуществление отдельных государственных полномочий Брянской области по организации проведения на территории Брянской области мероприятий по предупреждению и ликвидации болезней животных, их лечению, защите населения от болезней, общих для человека и животных, в части оборудования и содержания скотомогильников (биотермических ям) и в части организации отлова и содержания безнадзорных животных на территории Брянской области
B60: - субвенции бюджетам муниципальных районов (муниципальных округов, городских округов) на осуществление отдельных государственных полномочий Брянской области по установлению регулируемых тарифов на регулярные перевозки пассажиров и багажа автомобильным транспортом и городским наземным электрическим транспортом по муниципальным маршрутам регулярных перевозок
A61: 2 02 30029 00 0000 150 | B61: Субвенции бюджетам на компенсацию части платы, взимаемой с родителей (законных представителей) за присмотр и уход за детьми, посещающими образовательные организации, реализующие образовательные программы дошкольного образования | C61: =C62 -> 0 | D61: =D62 -> 0 | E61: =E62 -> 0
A62: 2 02 30029 05 0000 150 | B62: Субвенции бюджетам муниципальных районов на компенсацию части платы, взимаемой с родителей (законных представителей) за присмотр и уход за детьми, посещающими образовательные организации, реализующие образовательные программы дошкольного образования
A63: 2 02 35082 00 0000 150 | B63: Субвенции бюджетам муниципальных образований на предоставление жилых помещений детям-сиротам и детям, оставшимся без попечения родителей, лицам из их числа по договорам найма специализированных жилых помещений | C63: =C64 -> 0 | D63: =D64 -> 0 | E63: =E64 -> 0
A64: 2 02 35082 05 0000 150 | B64: Субвенции бюджетам муниципальных районов на осуществление отдельных государственных полномочий Брянской области по обеспечению дополнительных гарантий прав на жилое помещение детей-сирот и детей, оставшихся без попечения родителей, лиц из числа детей-сирот и детей, оставшихся без попечения родителей | C64: 0 | D64: 0
A65: 2 02 35120 00 0000 150 | B65: Субвенции бюджетам на осуществление полномочий по составлению (изменению) списков кандидатов в присяжные заседатели федеральных судов общей юрисдикции в Российской Федерации | C65: =C66 -> 0 | D65: =D66 -> 0 | E65: =E66 -> 0
A66: 2 02 35120 05 0000 150 | B66: Субвенции бюджетам муниципальных районов на осуществление полномочий по составлению (изменению) списков кандидатов в присяжные заседатели федеральных судов общей юрисдикции в Российской Федерации
A67: 2 02 40000 00 0000 150 | B67: Иные межбюджетные трансферты | C67: =C68+C76+C74+C72+C70 -> 1102580 | D67: =D68+D76+D74+D72+D70 -> 0 | E67: =E68+E76+E74+E72+E70 -> 0
A68: 2 02 40014 00 0000 150 | B68: Межбюджетные трансферты, передаваемые бюджетам муниципальных образований на осуществление части полномочий по решению вопросов местного значения в соответствии с заключенными соглашениями | C68: =C69 -> 0 | D68: =D69 -> 0 | E68: =E69 -> 0
A69: 2 02 40014 05 0000 150 | B69: Межбюджетные трансферты, передаваемые бюджетам муниципальных районов из бюджетов поселений на осуществление части полномочий по решению вопросов местного значения в соответствии с заключенными соглашениями
A70: 202 45050 00 0000 150 | B70: Межбюджетные трансферты, передаваемые бюджетам на обеспечение выплат ежемесячного денежного вознаграждения советникам директоров по воспитанию и взаимодействию с детскими общественными объединениями государственных общеобразовательных организаций, профессиональных образовательных организаций субъектов Российской Федерации, г. Байконура и федеральной территории "Сириус", муниципальных общеобразовательных организаций и профессиональных образовательных организаций | C70: =C71 -> -52080 | D70: =D71 -> 0 | E70: =E71 -> 0
A71: 202 45050 05 0000 150 | B71: Межбюджетные трансферты, передаваемые бюджетам муниципальных районов на обеспечение выплат ежемесячного денежного вознаграждения советникам директоров по воспитанию и взаимодействию с детскими общественными объединениями государственных общеобразовательных организаций, профессиональных образовательных организаций субъектов Российской Федерации, г. Байконура и федеральной территории "Сириус", муниципальных общеобразовательныхорганизаций и профессиональных образовательных организаций | C71: -52080
A72: 2 02 45179 00 0000 150 | B72: Межбюджетные трансферты, передаваемые бюджетам на проведение мероприятий по обеспечению деятельности советников директора по воспитанию и взаимодействию с детскими общественными объединениями в общеобразовательных организациях | C72: =C73 -> 0 | D72: =D73 -> 0 | E72: =E73 -> 0
A73: 2 02 45179 05 0000 150 | B73: Межбюджетные трансферты, передаваемые бюджетам муниципальных районов на проведение мероприятий по обеспечению деятельности советников директора по воспитанию и взаимодействию с детскими общественными объединениями в общеобразовательных организациях
A74: 2 02 45303 00 0000 150 | B74: Межбюджетные трансферты, передаваемые бюджетам на ежемесячное денежное вознаграждение за классное руководство педагогическим работникам государственных и муниципальных общеобразовательных организаций | C74: =C75 -> 0 | D74: =D75 -> 0 | E74: =E75 -> 0
A75: 2 02 45303 05 0000 150 | B75: Межбюджетные трансферты, передаваемые бюджетам муниципальных районов на ежемесячное денежное вознаграждение за классное руководство педагогическим работникам государственных и муниципальных общеобразовательных организаций
A76: 2 02 49999 00 0000 150 | B76: Прочие межбюджетные трансферты, передаваемые бюджетам | C76: =C77 -> 1154660 | D76: =D77 -> 0 | E76: =E77 -> 0
A77: 2 02 49999 05 0000 150 | B77: Прочие межбюджетные трансферты, передаваемые бюджетам муниципальных районов | C77: =C78+C79+C80 -> 1154660
B78: - ВУС
B79: - протоколы
B80: - управленческие команды | C80: 1154660
A81: 2 07 05000 05 0000 150 | B81: Прочие безвозмездные поступления в бюджеты муниципальных районов | C81: =C82 -> 0 | D81: =D82 -> 0 | E81: =E82 -> 0
A82: 2 07 05010 05 0000 150 | B82: Безвозмездные поступления от физических и юридических лиц на финансовое обеспечение дорожной деятельности, в том числе добровольных пожертвований, в отношении автомобильных дорог общего пользования местного значения муниципальных районов | C82: 0 | D82: 0 | E82: 0
A83: 2 18 00000 00 0000 000 | B83: Доходы бюджетов бюджетной системы российской федерации от возврата остатков субсидий, субвенций и иных межбюджетных трансфертов, имеющих целевое назначение, прошлых лет | C83: =C84 -> 0 | D83: =D84 -> 0 | E83: =E84 -> 0
A84: 2 18 00000 00 0000 150 | B84: Доходы бюджетов бюджетной системы Российской Федерации от возврата бюджетами бюджетной системы Российской Федерации остатков субсидий, субвенций и иных межбюджетных трансфертов, имеющих целевое назначение, прошлых лет, а также от возврата организациями остатков субсидий прошлых лет | C84: =C85 -> 0 | D84: =D85 -> 0 | E84: =E85 -> 0
A85: 2 18 00000 05 0000 150 | B85: Доходы бюджетов муниципальных районов от возврата бюджетами бюджетной системы Российской Федерации остатков субсидий, субвенций и иных межбюджетных трансфертов, имеющих целевое назначение, прошлых лет, а также от возврата организациями остатков субсидий прошлых лет | C85: =C86 -> 0 | D85: =D86 -> 0 | E85: =E86 -> 0
A86: 2 18 05000 05 0000 150 | B86: Доходы бюджетов муниципальных районов от возврата организациями остатков субсидий прошлых лет | C86: =C87 -> 0 | D86: =D87 -> 0 | E86: =E87 -> 0
A87: 2 18 05010 05 0000 150 | B87: Доходы бюджетов муниципальных районов от возврата бюджетными учреждениями остатков субсидий прошлых лет | C87: 0
A88: 2 19 00000 00 0000 000 | B88: Возврат остатков субсидий, субвенций и иных межбюджетных трансфертов, имеющих целевое назначение, прошлых лет | C88: =C89 -> 0 | D88: =D89 -> 0 | E88: =E89 -> 0
A89: 2 19 00000 05 0000 150 | B89: Возврат остатков субсидий, субвенций и иных межбюджетных трансфертов, имеющих целевое назначение, прошлых лет из бюджетов муниципальных районов | C89: =C90 -> 0 | D89: =D90 -> 0 | E89: =E90 -> 0
A90: 2 19 60010 05 0000 150 | B90: Возврат прочих остатков субсидий, субвенций и иных межбюджетных трансфертов, имеющих целевое назначение, прошлых лет из бюджетов муниципальных районов | C90: 0
B91: - Укрепление материально-технической базы образовательных организаций, в том числе проведение капитального (текущего) ремонта зданий и сооружений, инженерных сетей | C91: 0
B92: Всего доходов | C92: =C9+C10 -> 6611366.3 | D92: =D9+D10 -> 0 | E92: =E9+E10 -> 0

Sheet 3.ВС
H1: Приложение 2
H2: к Решению Клетнянского районного Совета народных депутатов "О внесении изменений в Решение Клетнянского районного Совета народных депутатов "О бюджете Клетнянского муниципального района Брянской области на 2026 год и на плановый период 2027 и 2028 годов"
H3: Приложение 3.3.
H4: к Решению Клетнянского районного Совета народных депутатов "О бюджете Клетнянского муниципального района Брянской области на 2026 год и на плановый период 2027 и 2028 годов
A7: =UPPER(A8) -> ВЕДОМСТВЕННАЯ СТРУКТУРА РАСХОДОВ БЮДЖЕТА КЛЕТНЯНСКОГО МУНИЦИПАЛЬНОГО РАЙОНА БРЯНСКОЙ ОБЛАСТИ НА 2026 ГОД И НА ПЛАНОВЫЙ ПЕРИОД 2027 И 2028 ГОДОВ
A8: Ведомственная структура расходов бюджета Клетнянского муниципального района Брянской области на 2026 год и на плановый период 2027 и 2028 годов | M8: 2026 | P8: 2027 | S8: 2028
L9: рублей | M9: было | N9: +/- | O9: стало | P9: было | Q9: +/- | R9: стало | S9: было | T9: +/- | U9: стало
A10: Наименование | E10: Гл | F10: Рз | G10: Пр | H10: ЦСР | I10: ВР | J10: 2026 год | K10: 2027 год | L10: 2028 год
A12: Администрация Клетнянского района | E12: 851 | J12: =J13+J92+J99+J111+J147+J171+J176+J190+J230+J248 -> 6319298.4 | K12: =K13+K92+K99+K111+K147+K171+K176+K190+K230+K248 -> 0 | L12: =L13+L92+L99+L111+L147+L171+L176+L190+L230+L248 -> 0 | M12: ='3.ВС (2)'!J7 -> 1.5841859e+08 | N12: =O12-M12 -> -1.5209929e+08 | O12: =J12 -> 6319298.4 | P12: ='3.ВС (2)'!K7 -> 1.7946826e+08 | Q12: =R12-P12 -> -1.7946826e+08 | R12: =K12 -> 0 | S12: ='3.ВС (2)'!L7 -> 1.4674778e+08 | T12: =U12-S12 -> -1.4674778e+08 | U12: =L12 -> 0
A13: Общегосударственные вопросы | E13: 851 | F13: 01 | J13: =J14+J75+J79 -> 861938.49 | K13: =K14+K75+K79 -> 0 | L13: =L14+L75+L79 -> 0 | M13: ='3.ВС (2)'!J8 -> 47265937 | N13: =O13-M13 -> -46403999 | O13: =J13 -> 861938.49 | P13: ='3.ВС (2)'!K8 -> 42654266 | Q13: =R13-P13 -> -42654266 | R13: =K13 -> 0 | S13: ='3.ВС (2)'!L8 -> 42654620 | T13: =U13-S13 -> -42654620 | U13: =L13 -> 0
A14: Функционирование Правительства Российской Федерации, высших исполнительных органов субъектов Российской Федерации, местных администраций | E14: 851 | F14: 01 | G14: 04 | J14: =J15+J20+J25+J28+J33+J38+J41+J57+J48+J51+J54+J60+J63+J66+J69+J72 -> 861938.49 | K14: =K15+K20+K25+K28+K33+K38+K41+K57+K48+K51+K54+K60+K63+K66+K69+K72 -> 0 | L14: =L15+L20+L25+L28+L33+L38+L41+L57+L48+L51+L54+L60+L63+L66+L69+L72 -> 0 | M14: ='3.ВС (2)'!J9 -> 41242558 | N14: =O14-M14 -> -40380620 | O14: =J14 -> 861938.49 | P14: ='3.ВС (2)'!K9 -> 37253558 | Q14: =R14-P14 -> -37253558 | R14: =K14 -> 0 | S14: ='3.ВС (2)'!L9 -> 37253558 | T14: =U14-S14 -> -37253558 | U14: =L14 -> 0
A15: Осуществление отдельных государственных полномочий Брянской области в сфере деятельности по профилактике безнадзорности и правонарушений несовершеннолетних, организации деятельности административных комиссий и определения перечня должностных лиц органов местного самоуправления, уполномоченных составлять протоколы об административных правонарушениях (осуществление отдельных государственных полномочий Брянской области в сфере деятельности по профилактике безнадзорности и правонарушений несовершеннолетних) | E15: 851 | F15: 01 | G15: 04 | H15: 51 4 01 12021 | J15: =J16+J18 -> 0 | K15: =K16+K18 -> 0 | L15: =L16+L18 -> 0 | M15: ='3.ВС (2)'!J10 -> 766676 | N15: =O15-M15 -> -766676 | O15: =J15 -> 0 | P15: ='3.ВС (2)'!K10 -> 766676 | Q15: =R15-P15 -> -766676 | R15: =K15 -> 0 | S15: ='3.ВС (2)'!L10 -> 766676 | T15: =U15-S15 -> -766676 | U15: =L15 -> 0
A16: Расходы на выплаты персоналу в целях обеспечения выполнения функций государственными (муниципальными) органами, казенными учреждениями, органами управления государственными внебюджетными фондами | E16: 851 | F16: 01 | G16: 04 | H16: 51 4 01 12021 | I16: 100 | J16: =J17 -> 0 | K16: =K17 -> 0 | L16: =L17 -> 0 | M16: ='3.ВС (2)'!J11 -> 747400 | N16: =O16-M16 -> -747400 | O16: =J16 -> 0 | P16: ='3.ВС (2)'!K11 -> 747400 | Q16: =R16-P16 -> -747400 | R16: =K16 -> 0 | S16: ='3.ВС (2)'!L11 -> 747400 | T16: =U16-S16 -> -747400 | U16: =L16 -> 0
A17: Расходы на выплаты персоналу государственных (муниципальных) органов | E17: 851 | F17: 01 | G17: 04 | H17: 51 4 01 12021 | I17: 120 | M17: ='3.ВС (2)'!J12 -> 747400 | N17: =O17-M17 -> -747400 | O17: =J17 -> 0 | P17: ='3.ВС (2)'!K12 -> 747400 | Q17: =R17-P17 -> -747400 | R17: =K17 -> 0 | S17: ='3.ВС (2)'!L12 -> 747400 | T17: =U17-S17 -> -747400 | U17: =L17 -> 0
A18: Закупка товаров, работ и услуг для обеспечения государственных (муниципальных) нужд | E18: 851 | F18: 01 | G18: 04 | H18: 51 4 01 12021 | I18: 200 | J18: =J19 -> 0 | K18: =K19 -> 0 | L18: =L19 -> 0 | M18: ='3.ВС (2)'!J13 -> 19276 | N18: =O18-M18 -> -19276 | O18: =J18 -> 0 | P18: ='3.ВС (2)'!K13 -> 19276 | Q18: =R18-P18 -> -19276 | R18: =K18 -> 0 | S18: ='3.ВС (2)'!L13 -> 19276 | T18: =U18-S18 -> -19276 | U18: =L18 -> 0
A19: Иные закупки товаров, работ и услуг для обеспечения государственных (муниципальных) нужд | E19: 851 | F19: 01 | G19: 04 | H19: 51 4 01 12021 | I19: 240 | M19: ='3.ВС (2)'!J14 -> 19276 | N19: =O19-M19 -> -19276 | O19: =J19 -> 0 | P19: ='3.ВС (2)'!K14 -> 19276 | Q19: =R19-P19 -> -19276 | R19: =K19 -> 0 | S19: ='3.ВС (2)'!L14 -> 19276 | T19: =U19-S19 -> -19276 | U19: =L19 -> 0
A20: Осуществление отдельных государственных полномочий Брянской области в сфере деятельности по профилактике безнадзорности и правонарушений несовершеннолетних, организации деятельности административных комиссий и определения перечня должностных лиц органов местного самоуправления, уполномоченных составлять протоколы об административных правонарушениях (осуществление отдельных государственных полномочий Брянской области по организации деятельности административных комиссий) | E20: 851 | F20: 01 | G20: 04 | H20: 51 4 01 12022 | J20: =J21+J23 -> 0 | K20: =K21+K23 -> 0 | L20: =L21+L23 -> 0 | M20: ='3.ВС (2)'!J15 -> 766676 | N20: =O20-M20 -> -766676 | O20: =J20 -> 0 | P20: ='3.ВС (2)'!K15 -> 766676 | Q20: =R20-P20 -> -766676 | R20: =K20 -> 0 | S20: ='3.ВС (2)'!L15 -> 766676 | T20: =U20-S20 -> -766676 | U20: =L20 -> 0
A21: Расходы на выплаты персоналу в целях обеспечения выполнения функций государственными (муниципальными) органами, казенными учреждениями, органами управления государственными внебюджетными фондами | E21: 851 | F21: 01 | G21: 04 | H21: 51 4 01 12022 | I21: 100 | J21: =J22 -> 0 | K21: =K22 -> 0 | L21: =L22 -> 0 | M21: ='3.ВС (2)'!J16 -> 704100 | N21: =O21-M21 -> -704100 | O21: =J21 -> 0 | P21: ='3.ВС (2)'!K16 -> 704100 | Q21: =R21-P21 -> -704100 | R21: =K21 -> 0 | S21: ='3.ВС (2)'!L16 -> 704100 | T21: =U21-S21 -> -704100 | U21: =L21 -> 0
A22: Расходы на выплаты персоналу государственных (муниципальных) органов | E22: 851 | F22: 01 | G22: 04 | H22: 51 4 01 12022 | I22: 120 | M22: ='3.ВС (2)'!J17 -> 704100 | N22: =O22-M22 -> -704100 | O22: =J22 -> 0 | P22: ='3.ВС (2)'!K17 -> 704100 | Q22: =R22-P22 -> -704100 | R22: =K22 -> 0 | S22: ='3.ВС (2)'!L17 -> 704100 | T22: =U22-S22 -> -704100 | U22: =L22 -> 0
A23: Закупка товаров, работ и услуг для обеспечения государственных (муниципальных) нужд | E23: 851 | F23: 01 | G23: 04 | H23: 51 4 01 12022 | I23: 200 | J23: =J24 -> 0 | K23: =K24 -> 0 | L23: =L24 -> 0 | M23: ='3.ВС (2)'!J18 -> 62576 | N23: =O23-M23 -> -62576 | O23: =J23 -> 0 | P23: ='3.ВС (2)'!K18 -> 62576 | Q23: =R23-P23 -> -62576 | R23: =K23 -> 0 | S23: ='3.ВС (2)'!L18 -> 62576 | T23: =U23-S23 -> -62576 | U23: =L23 -> 0
A24: Иные закупки товаров, работ и услуг для обеспечения государственных (муниципальных) нужд | E24: 851 | F24: 01 | G24: 04 | H24: 51 4 01 12022 | I24: 240 | M24: ='3.ВС (2)'!J19 -> 62576 | N24: =O24-M24 -> -62576 | O24: =J24 -> 0 | P24: ='3.ВС (2)'!K19 -> 62576 | Q24: =R24-P24 -> -62576 | R24: =K24 -> 0 | S24: ='3.ВС (2)'!L19 -> 62576 | T24: =U24-S24 -> -62576 | U24: =L24 -> 0
A25: Осуществление отдельных государственных полномочий Брянской области в сфере деятельности по профилактике безнадзорности и правонарушений несовершеннолетних, организации деятельности административных комиссий и определения перечня должностных лиц органов местного самоуправления, уполномоченных составлять протоколы об административных правонарушениях (осуществление отдельных государственных полномочий Брянской области по определению перечня должностных лиц органов местного самоуправления, уполномоченных составлять протоколы об административных правонарушениях) | E25: 851 | F25: 01 | G25: 04 | H25: 51 4 01 12023 | J25: =J26 -> 0 | K25: =K26 -> 0 | L25: =L26 -> 0 | M25: ='3.ВС (2)'!J20 -> 400 | N25: =O25-M25 -> -400 | O25: =J25 -> 0 | P25: ='3.ВС (2)'!K20 -> 400 | Q25: =R25-P25 -> -400 | R25: =K25 -> 0 | S25: ='3.ВС (2)'!L20 -> 400 | T25: =U25-S25 -> -400 | U25: =L25 -> 0
A26: Закупка товаров, работ и услуг для обеспечения государственных (муниципальных) нужд | E26: 851 | F26: 01 | G26: 04 | H26: 51 4 01 12023 | I26: 200 | J26: =J27 -> 0 | K26: =K27 -> 0 | L26: =L27 -> 0 | M26: ='3.ВС (2)'!J21 -> 400 | N26: =O26-M26 -> -400 | O26: =J26 -> 0 | P26: ='3.ВС (2)'!K21 -> 400 | Q26: =R26-P26 -> -400 | R26: =K26 -> 0 | S26: ='3.ВС (2)'!L21 -> 400 | T26: =U26-S26 -> -400 | U26: =L26 -> 0
A27: Иные закупки товаров, работ и услуг для обеспечения государственных (муниципальных) нужд | E27: 851 | F27: 01 | G27: 04 | H27: 51 4 01 12023 | I27: 240 | M27: ='3.ВС (2)'!J22 -> 400 | N27: =O27-M27 -> -400 | O27: =J27 -> 0 | P27: ='3.ВС (2)'!K22 -> 400 | Q27: =R27-P27 -> -400 | R27: =K27 -> 0 | S27: ='3.ВС (2)'!L22 -> 400 | T27: =U27-S27 -> -400 | U27: =L27 -> 0
A28: Установление регулируемых тарифов на регулярные перевозки пассажиров и багажа автомобильным транспортом и городским наземным электрическим транспортом по муниципальным маршрутам регулярных перевозок | E28: 851 | F28: 01 | G28: 04 | H28: 51 4 01 17390 | J28: =J29+J31 -> 0 | K28: =K29+K31 -> 0 | L28: =L29+L31 -> 0 | M28: ='3.ВС (2)'!J23 -> 76668 | N28: =O28-M28 -> -76668 | O28: =J28 -> 0 | P28: ='3.ВС (2)'!K23 -> 76668 | Q28: =R28-P28 -> -76668 | R28: =K28 -> 0 | S28: ='3.ВС (2)'!L23 -> 76668 | T28: =U28-S28 -> -76668 | U28: =L28 -> 0
A29: Расходы на выплаты персоналу в целях обеспечения выполнения функций государственными (муниципальными) органами, казенными учреждениями, органами управления государственными внебюджетными фондами | E29: 851 | F29: 01 | G29: 04 | H29: 51 4 01 17390 | I29: 100 | J29: =J30 -> 0 | K29: =K30 -> 0 | L29: =L30 -> 0 | M29: ='3.ВС (2)'!J24 -> 54850 | N29: =O29-M29 -> -54850 | O29: =J29 -> 0 | P29: ='3.ВС (2)'!K24 -> 54850 | Q29: =R29-P29 -> -54850 | R29: =K29 -> 0 | S29: ='3.ВС (2)'!L24 -> 54850 | T29: =U29-S29 -> -54850 | U29: =L29 -> 0
A30: Расходы на выплаты персоналу государственных (муниципальных) органов | E30: 851 | F30: 01 | G30: 04 | H30: 51 4 01 17390 | I30: 120 | M30: ='3.ВС (2)'!J25 -> 54850 | N30: =O30-M30 -> -54850 | O30: =J30 -> 0 | P30: ='3.ВС (2)'!K25 -> 54850 | Q30: =R30-P30 -> -54850 | R30: =K30 -> 0 | S30: ='3.ВС (2)'!L25 -> 54850 | T30: =U30-S30 -> -54850 | U30: =L30 -> 0
A31: Закупка товаров, работ и услуг для обеспечения государственных (муниципальных) нужд | E31: 851 | F31: 01 | G31: 04 | H31: 51 4 01 17390 | I31: 200 | J31: =J32 -> 0 | K31: =K32 -> 0 | L31: =L32 -> 0 | M31: ='3.ВС (2)'!J26 -> 21818 | N31: =O31-M31 -> -21818 | O31: =J31 -> 0 | P31: ='3.ВС (2)'!K26 -> 21818 | Q31: =R31-P31 -> -21818 | R31: =K31 -> 0 | S31: ='3.ВС (2)'!L26 -> 21818 | T31: =U31-S31 -> -21818 | U31: =L31 -> 0
A32: Иные закупки товаров, работ и услуг для обеспечения государственных (муниципальных) нужд | E32: 851 | F32: 01 | G32: 04 | H32: 51 4 01 17390 | I32: 240 | M32: ='3.ВС (2)'!J27 -> 21818 | N32: =O32-M32 -> -21818 | O32: =J32 -> 0 | P32: ='3.ВС (2)'!K27 -> 21818 | Q32: =R32-P32 -> -21818 | R32: =K32 -> 0 | S32: ='3.ВС (2)'!L27 -> 21818 | T32: =U32-S32 -> -21818 | U32: =L32 -> 0
A33: Осуществление отдельных полномочий в области охраны труда и уведомительной регистрации территориальных соглашений и коллективных договоров | E33: 851 | F33: 01 | G33: 04 | H33: 51 4 01 17900 | J33: =J34+J36 -> 0 | K33: =K34+K36 -> 0 | L33: =L34+L36 -> 0 | M33: ='3.ВС (2)'!J28 -> 383338 | N33: =O33-M33 -> -383338 | O33: =J33 -> 0 | P33: ='3.ВС (2)'!K28 -> 383338 | Q33: =R33-P33 -> -383338 | R33: =K33 -> 0 | S33: ='3.ВС (2)'!L28 -> 383338 | T33: =U33-S33 -> -383338 | U33: =L33 -> 0
A34: Расходы на выплаты персоналу в целях обеспечения выполнения функций государственными (муниципальными) органами, казенными учреждениями, органами управления государственными внебюджетными фондами | E34: 851 | F34: 01 | G34: 04 | H34: 51 4 01 17900 | I34: 100 | J34: =J35 -> 0 | K34: =K35 -> 0 | L34: =L35 -> 0 | M34: ='3.ВС (2)'!J29 -> 288500 | N34: =O34-M34 -> -288500 | O34: =J34 -> 0 | P34: ='3.ВС (2)'!K29 -> 288500 | Q34: =R34-P34 -> -288500 | R34: =K34 -> 0 | S34: ='3.ВС (2)'!L29 -> 288500 | T34: =U34-S34 -> -288500 | U34: =L34 -> 0
A35: Расходы на выплаты персоналу государственных (муниципальных) органов | E35: 851 | F35: 01 | G35: 04 | H35: 51 4 01 17900 | I35: 120 | M35: ='3.ВС (2)'!J30 -> 288500 | N35: =O35-M35 -> -288500 | O35: =J35 -> 0 | P35: ='3.ВС (2)'!K30 -> 288500 | Q35: =R35-P35 -> -288500 | R35: =K35 -> 0 | S35: ='3.ВС (2)'!L30 -> 288500 | T35: =U35-S35 -> -288500 | U35: =L35 -> 0
A36: Закупка товаров, работ и услуг для обеспечения государственных (муниципальных) нужд | E36: 851 | F36: 01 | G36: 04 | H36: 51 4 01 17900 | I36: 200 | J36: =J37 -> 0 | K36: =K37 -> 0 | L36: =L37 -> 0 | M36: ='3.ВС (2)'!J31 -> 94838 | N36: =O36-M36 -> -94838 | O36: =J36 -> 0 | P36: ='3.ВС (2)'!K31 -> 94838 | Q36: =R36-P36 -> -94838 | R36: =K36 -> 0 | S36: ='3.ВС (2)'!L31 -> 94838 | T36: =U36-S36 -> -94838 | U36: =L36 -> 0
A37: Иные закупки товаров, работ и услуг для обеспечения государственных (муниципальных) нужд | E37: 851 | F37: 01 | G37: 04 | H37: 51 4 01 17900 | I37: 240 | M37: ='3.ВС (2)'!J32 -> 94838 | N37: =O37-M37 -> -94838 | O37: =J37 -> 0 | P37: ='3.ВС (2)'!K32 -> 94838 | Q37: =R37-P37 -> -94838 | R37: =K37 -> 0 | S37: ='3.ВС (2)'!L32 -> 94838 | T37: =U37-S37 -> -94838 | U37: =L37 -> 0
A38: Обеспечение деятельности главы местной администрации (исполнительно-распорядительного органа муниципального образования) | E38: 851 | F38: 01 | G38: 04 | H38: 51 4 01 80020 | J38: =J39 -> 0 | K38: =K39 -> 0 | L38: =L39 -> 0 | M38: ='3.ВС (2)'!J33 -> 2348200 | N38: =O38-M38 -> -2348200 | O38: =J38 -> 0 | P38: ='3.ВС (2)'!K33 -> 2348200 | Q38: =R38-P38 -> -2348200 | R38: =K38 -> 0 | S38: ='3.ВС (2)'!L33 -> 2348200 | T38: =U38-S38 -> -2348200 | U38: =L38 -> 0
A39: Расходы на выплаты персоналу в целях обеспечения выполнения функций государственными (муниципальными) органами, казенными учреждениями, органами управления государственными внебюджетными фондами | E39: 851 | F39: 01 | G39: 04 | H39: 51 4 01 80020 | I39: 100 | J39: =J40 -> 0 | K39: =K40 -> 0 | L39: =L40 -> 0 | M39: ='3.ВС (2)'!J34 -> 2348200 | N39: =O39-M39 -> -2348200 | O39: =J39 -> 0 | P39: ='3.ВС (2)'!K34 -> 2348200 | Q39: =R39-P39 -> -2348200 | R39: =K39 -> 0 | S39: ='3.ВС (2)'!L34 -> 2348200 | T39: =U39-S39 -> -2348200 | U39: =L39 -> 0
A40: Расходы на выплаты персоналу государственных (муниципальных) органов | E40: 851 | F40: 01 | G40: 04 | H40: 51 4 01 80020 | I40: 120 | M40: ='3.ВС (2)'!J35 -> 2348200 | N40: =O40-M40 -> -2348200 | O40: =J40 -> 0 | P40: ='3.ВС (2)'!K35 -> 2348200 | Q40: =R40-P40 -> -2348200 | R40: =K40 -> 0 | S40: ='3.ВС (2)'!L35 -> 2348200 | T40: =U40-S40 -> -2348200 | U40: =L40 -> 0
A41: Руководство и управление в сфере установленных функций органов местного самоуправления | E41: 851 | F41: 01 | G41: 04 | H41: 51 4 01 80040 | J41: =J42+J44+J46 -> 0 | K41: =K42+K44+K46 -> 0 | L41: =L42+L44+L46 -> 0 | M41: ='3.ВС (2)'!J36 -> 36616200 | N41: =O41-M41 -> -36616200 | O41: =J41 -> 0 | P41: ='3.ВС (2)'!K36 -> 32905200 | Q41: =R41-P41 -> -32905200 | R41: =K41 -> 0 | S41: ='3.ВС (2)'!L36 -> 32905200 | T41: =U41-S41 -> -32905200 | U41: =L41 -> 0
A42: Расходы на выплаты персоналу в целях обеспечения выполнения функций государственными (муниципальными) органами, казенными учреждениями, органами управления государственными внебюджетными фондами | E42: 851 | F42: 01 | G42: 04 | H42: 51 4 01 80040 | I42: 100 | J42: =J43 -> 0 | K42: =K43 -> 0 | L42: =L43 -> 0 | M42: ='3.ВС (2)'!J37 -> 31483200 | N42: =O42-M42 -> -31483200 | O42: =J42 -> 0 | P42: ='3.ВС (2)'!K37 -> 30067600 | Q42: =R42-P42 -> -30067600 | R42: =K42 -> 0 | S42: ='3.ВС (2)'!L37 -> 30067600 | T42: =U42-S42 -> -30067600 | U42: =L42 -> 0
A43: Расходы на выплаты персоналу государственных (муниципальных) органов | E43: 851 | F43: 01 | G43: 04 | H43: 51 4 01 80040 | I43: 120 | M43: ='3.ВС (2)'!J38 -> 31483200 | N43: =O43-M43 -> -31483200 | O43: =J43 -> 0 | P43: ='3.ВС (2)'!K38 -> 30067600 | Q43: =R43-P43 -> -30067600 | R43: =K43 -> 0 | S43: ='3.ВС (2)'!L38 -> 30067600 | T43: =U43-S43 -> -30067600 | U43: =L43 -> 0
A44: Закупка товаров, работ и услуг для обеспечения государственных (муниципальных) нужд | E44: 851 | F44: 01 | G44: 04 | H44: 51 4 01 80040 | I44: 200 | J44: =J45 -> 0 | K44: =K45 -> 0 | L44: =L45 -> 0 | M44: ='3.ВС (2)'!J39 -> 5034700 | N44: =O44-M44 -> -5034700 | O44: =J44 -> 0 | P44: ='3.ВС (2)'!K39 -> 2739300 | Q44: =R44-P44 -> -2739300 | R44: =K44 -> 0 | S44: ='3.ВС (2)'!L39 -> 2739300 | T44: =U44-S44 -> -2739300 | U44: =L44 -> 0
A45: Иные закупки товаров, работ и услуг для обеспечения государственных (муниципальных) нужд | E45: 851 | F45: 01 | G45: 04 | H45: 51 4 01 80040 | I45: 240 | M45: ='3.ВС (2)'!J40 -> 5034700 | N45: =O45-M45 -> -5034700 | O45: =J45 -> 0 | P45: ='3.ВС (2)'!K40 -> 2739300 | Q45: =R45-P45 -> -2739300 | R45: =K45 -> 0 | S45: ='3.ВС (2)'!L40 -> 2739300 | T45: =U45-S45 -> -2739300 | U45: =L45 -> 0
A46: Иные бюджетные ассигнования | E46: 851 | F46: 01 | G46: 04 | H46: 51 4 01 80040 | I46: 800 | J46: =J47 -> 0 | K46: =K47 -> 0 | L46: =L47 -> 0 | M46: ='3.ВС (2)'!J41 -> 98300 | N46: =O46-M46 -> -98300 | O46: =J46 -> 0 | P46: ='3.ВС (2)'!K41 -> 98300 | Q46: =R46-P46 -> -98300 | R46: =K46 -> 0 | S46: ='3.ВС (2)'!L41 -> 98300 | T46: =U46-S46 -> -98300 | U46: =L46 -> 0
A47: Уплата налогов, сборов и иных платежей | E47: 851 | F47: 01 | G47: 04 | H47: 51 4 01 80040 | I47: 850 | M47: ='3.ВС (2)'!J42 -> 98300 | N47: =O47-M47 -> -98300 | O47: =J47 -> 0 | P47: ='3.ВС (2)'!K42 -> 98300 | Q47: =R47-P47 -> -98300 | R47: =K47 -> 0 | S47: ='3.ВС (2)'!L42 -> 98300 | T47: =U47-S47 -> -98300 | U47: =L47 -> 0
A48: Информационное освещение деятельности органов местного самоуправления | E48: 851 | F48: 01 | G48: 04 | H48: 51 4 01 80070 | J48: =J49 -> 0 | K48: =K49 -> 0 | L48: =L49 -> 0 | M48: ='3.ВС (2)'!J43 -> 100000 | N48: =O48-M48 -> -100000 | O48: =J48 -> 0 | P48: ='3.ВС (2)'!K43 -> 0 | Q48: =R48-P48 -> 0 | R48: =K48 -> 0 | S48: ='3.ВС (2)'!L43 -> 0 | T48: =U48-S48 -> 0 | U48: =L48 -> 0
A49: Закупка товаров, работ и услуг для обеспечения государственных (муниципальных) нужд | E49: 851 | F49: 01 | G49: 04 | H49: 51 4 01 80070 | I49: 200 | J49: =J50 -> 0 | K49: =K50 -> 0 | L49: =L50 -> 0 | M49: ='3.ВС (2)'!J44 -> 100000 | N49: =O49-M49 -> -100000 | O49: =J49 -> 0 | P49: ='3.ВС (2)'!K44 -> 0 | Q49: =R49-P49 -> 0 | R49: =K49 -> 0 | S49: ='3.ВС (2)'!L44 -> 0 | T49: =U49-S49 -> 0 | U49: =L49 -> 0
A50: Иные закупки товаров, работ и услуг для обеспечения государственных (муниципальных) нужд | E50: 851 | F50: 01 | G50: 04 | H50: 51 4 01 80070 | I50: 240 | M50: ='3.ВС (2)'!J45 -> 100000 | N50: =O50-M50 -> -100000 | O50: =J50 -> 0 | P50: ='3.ВС (2)'!K45 -> 0 | Q50: =R50-P50 -> 0 | R50: =K50 -> 0 | S50: ='3.ВС (2)'!L45 -> 0 | T50: =U50-S50 -> 0 | U50: =L50 -> 0
A51: Опубликование нормативных правовых актов муниципальных образований и иной официальной информации | E51: 851 | F51: 01 | G51: 04 | H51: 51 4 01 80100 | J51: =J52 -> 0 | K51: =K52 -> 0 | L51: =L52 -> 0 | M51: ='3.ВС (2)'!J46 -> 100000 | N51: =O51-M51 -> -100000 | O51: =J51 -> 0 | P51: ='3.ВС (2)'!K46 -> 0 | Q51: =R51-P51 -> 0 | R51: =K51 -> 0 | S51: ='3.ВС (2)'!L46 -> 0 | T51: =U51-S51 -> 0 | U51: =L51 -> 0
A52: Закупка товаров, работ и услуг для обеспечения государственных (муниципальных) нужд | E52: 851 | F52: 01 | G52: 04 | H52: 51 4 01 80100 | I52: 200 | J52: =J53 -> 0 | K52: =K53 -> 0 | L52: =L53 -> 0 | M52: ='3.ВС (2)'!J47 -> 100000 | N52: =O52-M52 -> -100000 | O52: =J52 -> 0 | P52: ='3.ВС (2)'!K47 -> 0 | Q52: =R52-P52 -> 0 | R52: =K52 -> 0 | S52: ='3.ВС (2)'!L47 -> 0 | T52: =U52-S52 -> 0 | U52: =L52 -> 0
A53: Иные закупки товаров, работ и услуг для обеспечения государственных (муниципальных) нужд | E53: 851 | F53: 01 | G53: 04 | H53: 51 4 01 80100 | I53: 240 | M53: ='3.ВС (2)'!J48 -> 100000 | N53: =O53-M53 -> -100000 | O53: =J53 -> 0 | P53: ='3.ВС (2)'!K48 -> 0 | Q53: =R53-P53 -> 0 | R53: =K53 -> 0 | S53: ='3.ВС (2)'!L48 -> 0 | T53: =U53-S53 -> 0 | U53: =L53 -> 0
A54: Членские взносы некоммерческим организациям | E54: 851 | F54: 01 | G54: 04 | H54: 51 4 01 81410 | J54: =J55 -> 0 | K54: =K55 -> 0 | L54: =L55 -> 0 | M54: ='3.ВС (2)'!J49 -> 78000 | N54: =O54-M54 -> -78000 | O54: =J54 -> 0 | P54: ='3.ВС (2)'!K49 -> 0 | Q54: =R54-P54 -> 0 | R54: =K54 -> 0 | S54: ='3.ВС (2)'!L49 -> 0 | T54: =U54-S54 -> 0 | U54: =L54 -> 0
A55: Иные бюджетные ассигнования | E55: 851 | F55: 01 | G55: 04 | H55: 51 4 01 81410 | I55: 800 | J55: =J56 -> 0 | K55: =K56 -> 0 | L55: =L56 -> 0 | M55: ='3.ВС (2)'!J50 -> 78000 | N55: =O55-M55 -> -78000 | O55: =J55 -> 0 | P55: ='3.ВС (2)'!K50 -> 0 | Q55: =R55-P55 -> 0 | R55: =K55 -> 0 | S55: ='3.ВС (2)'!L50 -> 0 | T55: =U55-S55 -> 0 | U55: =L55 -> 0
A56: Уплата налогов, сборов и иных платежей | E56: 851 | F56: 01 | G56: 04 | H56: 51 4 01 81410 | I56: 850 | M56: ='3.ВС (2)'!J51 -> 78000 | N56: =O56-M56 -> -78000 | O56: =J56 -> 0 | P56: ='3.ВС (2)'!K51 -> 0 | Q56: =R56-P56 -> 0 | R56: =K56 -> 0 | S56: ='3.ВС (2)'!L51 -> 0 | T56: =U56-S56 -> 0 | U56: =L56 -> 0
A57: Реализация переданных полномочий по решению отдельных вопросов местного значения поселений в соответствии с заключенными соглашениями в части формирования архивных фондов поселений | E57: 851 | F57: 01 | G57: 04 | H57: 51 4 01 84220 | J57: =J58 -> 0 | K57: =K58 -> 0 | L57: =L58 -> 0 | M57: ='3.ВС (2)'!J52 -> 2500 | N57: =O57-M57 -> -2500 | O57: =J57 -> 0 | P57: ='3.ВС (2)'!K52 -> 2500 | Q57: =R57-P57 -> -2500 | R57: =K57 -> 0 | S57: ='3.ВС (2)'!L52 -> 2500 | T57: =U57-S57 -> -2500 | U57: =L57 -> 0
A58: Закупка товаров, работ и услуг для обеспечения государственных (муниципальных) нужд | E58: 851 | F58: 01 | G58: 04 | H58: 51 4 01 84220 | I58: 200 | J58: =J59 -> 0 | K58: =K59 -> 0 | L58: =L59 -> 0 | M58: ='3.ВС (2)'!J53 -> 2500 | N58: =O58-M58 -> -2500 | O58: =J58 -> 0 | P58: ='3.ВС (2)'!K53 -> 2500 | Q58: =R58-P58 -> -2500 | R58: =K58 -> 0 | S58: ='3.ВС (2)'!L53 -> 2500 | T58: =U58-S58 -> -2500 | U58: =L58 -> 0
A59: Иные закупки товаров, работ и услуг для обеспечения государственных (муниципальных) нужд | E59: 851 | F59: 01 | G59: 04 | H59: 51 4 01 84220 | I59: 240 | M59: ='3.ВС (2)'!J54 -> 2500 | N59: =O59-M59 -> -2500 | O59: =J59 -> 0 | P59: ='3.ВС (2)'!K54 -> 2500 | Q59: =R59-P59 -> -2500 | R59: =K59 -> 0 | S59: ='3.ВС (2)'!L54 -> 2500 | T59: =U59-S59 -> -2500 | U59: =L59 -> 0
A60: Реализация переданных полномочий по решению отдельных вопросов местного значения поселений в соответствии с заключенными соглашениями в части осуществления муниципального земельного контроля в границах поселений | E60: 851 | F60: 01 | G60: 04 | H60: 51 4 01 84230 | J60: =J61 -> 0 | K60: =K61 -> 0 | L60: =L61 -> 0 | M60: ='3.ВС (2)'!J55 -> 600 | N60: =O60-M60 -> -600 | O60: =J60 -> 0 | P60: ='3.ВС (2)'!K55 -> 600 | Q60: =R60-P60 -> -600 | R60: =K60 -> 0 | S60: ='3.ВС (2)'!L55 -> 600 | T60: =U60-S60 -> -600 | U60: =L60 -> 0
A61: Закупка товаров, работ и услуг для обеспечения государственных (муниципальных) нужд | E61: 851 | F61: 01 | G61: 04 | H61: 51 4 01 84230 | I61: 200 | J61: =J62 -> 0 | K61: =K62 -> 0 | L61: =L62 -> 0 | M61: ='3.ВС (2)'!J56 -> 600 | N61: =O61-M61 -> -600 | O61: =J61 -> 0 | P61: ='3.ВС (2)'!K56 -> 600 | Q61: =R61-P61 -> -600 | R61: =K61 -> 0 | S61: ='3.ВС (2)'!L56 -> 600 | T61: =U61-S61 -> -600 | U61: =L61 -> 0
A62: Иные закупки товаров, работ и услуг для обеспечения государственных (муниципальных) нужд | E62: 851 | F62: 01 | G62: 04 | H62: 51 4 01 84230 | I62: 240 | M62: ='3.ВС (2)'!J57 -> 600 | N62: =O62-M62 -> -600 | O62: =J62 -> 0 | P62: ='3.ВС (2)'!K57 -> 600 | Q62: =R62-P62 -> -600 | R62: =K62 -> 0 | S62: ='3.ВС (2)'!L57 -> 600 | T62: =U62-S62 -> -600 | U62: =L62 -> 0
A63: Реализация переданных полномочий по решению отдельных вопросов местного значения поселений в соответствии с заключенными соглашениями в части осуществления муниципального жилищного контроля | E63: 851 | F63: 01 | G63: 04 | H63: 51 4 01 84440 | J63: =J64 -> 0 | K63: =K64 -> 0 | L63: =L64 -> 0 | M63: ='3.ВС (2)'!J58 -> 600 | N63: =O63-M63 -> -600 | O63: =J63 -> 0 | P63: ='3.ВС (2)'!K58 -> 600 | Q63: =R63-P63 -> -600 | R63: =K63 -> 0 | S63: ='3.ВС (2)'!L58 -> 600 | T63: =U63-S63 -> -600 | U63: =L63 -> 0
A64: Закупка товаров, работ и услуг для обеспечения государственных (муниципальных) нужд | E64: 851 | F64: 01 | G64: 04 | H64: 51 4 01 84440 | I64: 200 | J64: =J65 -> 0 | K64: =K65 -> 0 | L64: =L65 -> 0 | M64: ='3.ВС (2)'!J59 -> 600 | N64: =O64-M64 -> -600 | O64: =J64 -> 0 | P64: ='3.ВС (2)'!K59 -> 600 | Q64: =R64-P64 -> -600 | R64: =K64 -> 0 | S64: ='3.ВС (2)'!L59 -> 600 | T64: =U64-S64 -> -600 | U64: =L64 -> 0
A65: Иные закупки товаров, работ и услуг для обеспечения государственных (муниципальных) нужд | E65: 851 | F65: 01 | G65: 04 | H65: 51 4 01 84440 | I65: 240 | M65: ='3.ВС (2)'!J60 -> 600 | N65: =O65-M65 -> -600 | O65: =J65 -> 0 | P65: ='3.ВС (2)'!K60 -> 600 | Q65: =R65-P65 -> -600 | R65: =K65 -> 0 | S65: ='3.ВС (2)'!L60 -> 600 | T65: =U65-S65 -> -600 | U65: =L65 -> 0
A66: Реализация переданных полномочий по решению отдельных вопросов местного значения поселений в соответствии с заключенными соглашениями в части осуществления муниципального контроля на автомобильном транспорте, городском наземном электрическом транспорте и в дорожном хозяйстве в границах населенных пунктов поселения | E66: 851 | F66: 01 | G66: 04 | H66: 51 4 01 84450 | J66: =J67 -> 0 | K66: =K67 -> 0 | L66: =L67 -> 0 | M66: ='3.ВС (2)'!J61 -> 600 | N66: =O66-M66 -> -600 | O66: =J66 -> 0 | P66: ='3.ВС (2)'!K61 -> 600 | Q66: =R66-P66 -> -600 | R66: =K66 -> 0 | S66: ='3.ВС (2)'!L61 -> 600 | T66: =U66-S66 -> -600 | U66: =L66 -> 0
A67: Закупка товаров, работ и услуг для обеспечения государственных (муниципальных) нужд | E67: 851 | F67: 01 | G67: 04 | H67: 51 4 01 84450 | I67: 200 | J67: =J68 -> 0 | K67: =K68 -> 0 | L67: =L68 -> 0 | M67: ='3.ВС (2)'!J62 -> 600 | N67: =O67-M67 -> -600 | O67: =J67 -> 0 | P67: ='3.ВС (2)'!K62 -> 600 | Q67: =R67-P67 -> -600 | R67: =K67 -> 0 | S67: ='3.ВС (2)'!L62 -> 600 | T67: =U67-S67 -> -600 | U67: =L67 -> 0
A68: Иные закупки товаров, работ и услуг для обеспечения государственных (муниципальных) нужд | E68: 851 | F68: 01 | G68: 04 | H68: 51 4 01 84450 | I68: 240 | M68: ='3.ВС (2)'!J63 -> 600 | N68: =O68-M68 -> -600 | O68: =J68 -> 0 | P68: ='3.ВС (2)'!K63 -> 600 | Q68: =R68-P68 -> -600 | R68: =K68 -> 0 | S68: ='3.ВС (2)'!L63 -> 600 | T68: =U68-S68 -> -600 | U68: =L68 -> 0
A69: Реализация переданных полномочий по решению отдельных вопросов местного значения поселений в соответствии с заключенными соглашениями в части осуществления муниципального контроля в сфере благоустройства | E69: 851 | F69: 01 | G69: 04 | H69: 51 4 01 84460 | J69: =J70 -> 0 | K69: =K70 -> 0 | L69: =L70 -> 0 | M69: ='3.ВС (2)'!J64 -> 2100 | N69: =O69-M69 -> -2100 | O69: =J69 -> 0 | P69: ='3.ВС (2)'!K64 -> 2100 | Q69: =R69-P69 -> -2100 | R69: =K69 -> 0 | S69: ='3.ВС (2)'!L64 -> 2100 | T69: =U69-S69 -> -2100 | U69: =L69 -> 0
A70: Закупка товаров, работ и услуг для обеспечения государственных (муниципальных) нужд | E70: 851 | F70: 01 | G70: 04 | H70: 51 4 01 84460 | I70: 200 | J70: =J71 -> 0 | K70: =K71 -> 0 | L70: =L71 -> 0 | M70: ='3.ВС (2)'!J65 -> 2100 | N70: =O70-M70 -> -2100 | O70: =J70 -> 0 | P70: ='3.ВС (2)'!K65 -> 2100 | Q70: =R70-P70 -> -2100 | R70: =K70 -> 0 | S70: ='3.ВС (2)'!L65 -> 2100 | T70: =U70-S70 -> -2100 | U70: =L70 -> 0
A71: Иные закупки товаров, работ и услуг для обеспечения государственных (муниципальных) нужд | E71: 851 | F71: 01 | G71: 04 | H71: 51 4 01 84460 | I71: 240 | M71: ='3.ВС (2)'!J66 -> 2100 | N71: =O71-M71 -> -2100 | O71: =J71 -> 0 | P71: ='3.ВС (2)'!K66 -> 2100 | Q71: =R71-P71 -> -2100 | R71: =K71 -> 0 | S71: ='3.ВС (2)'!L66 -> 2100 | T71: =U71-S71 -> -2100 | U71: =L71 -> 0
A72: Достижение показателей деятельности органов исполнительной власти субъектов Российской Федерации | E72: 851 | F72: 01 | G72: 04 | H72: 70 0 00 55490 | J72: =J73 -> 861938.49 | K72: =K73 -> 0 | L72: =L73 -> 0
A73: Расходы на выплаты персоналу в целях обеспечения выполнения функций государственными (муниципальными) органами, казенными учреждениями, органами управления государственными внебюджетными фондами | E73: 851 | F73: 01 | G73: 04 | H73: 70 0 00 55490 | I73: 100 | J73: =J74 -> 861938.49 | K73: =K74 -> 0 | L73: =L74 -> 0
A74: Расходы на выплаты персоналу государственных (муниципальных) органов | E74: 851 | F74: 01 | G74: 04 | H74: 70 0 00 55490 | I74: 120 | J74: 861938.49
A75: Судебная система | E75: 851 | F75: 01 | G75: 05 | J75: =J76 -> 0 | K75: =K76 -> 0 | L75: =L76 -> 0 | M75: ='3.ВС (2)'!J67 -> 43979 | N75: =O75-M75 -> -43979 | O75: =J75 -> 0 | P75: ='3.ВС (2)'!K67 -> 4308 | Q75: =R75-P75 -> -4308 | R75: =K75 -> 0 | S75: ='3.ВС (2)'!L67 -> 4662 | T75: =U75-S75 -> -4662 | U75: =L75 -> 0
A76: Осуществление полномочий по составлению (изменению) списков кандидатов в присяжные заседатели федеральных судов общей юрисдикции в Российской Федерации | E76: 851 | F76: 01 | G76: 05 | H76: 51 4 04 51200 | J76: =J77 -> 0 | K76: =K77 -> 0 | L76: =L77 -> 0 | M76: ='3.ВС (2)'!J68 -> 43979 | N76: =O76-M76 -> -43979 | O76: =J76 -> 0 | P76: ='3.ВС (2)'!K68 -> 4308 | Q76: =R76-P76 -> -4308 | R76: =K76 -> 0 | S76: ='3.ВС (2)'!L68 -> 4662 | T76: =U76-S76 -> -4662 | U76: =L76 -> 0
A77: Закупка товаров, работ и услуг для обеспечения государственных (муниципальных) нужд | E77: 851 | F77: 01 | G77: 05 | H77: 51 4 04 51200 | I77: 200 | J77: =J78 -> 0 | K77: =K78 -> 0 | L77: =L78 -> 0 | M77: ='3.ВС (2)'!J69 -> 43979 | N77: =O77-M77 -> -43979 | O77: =J77 -> 0 | P77: ='3.ВС (2)'!K69 -> 4308 | Q77: =R77-P77 -> -4308 | R77: =K77 -> 0 | S77: ='3.ВС (2)'!L69 -> 4662 | T77: =U77-S77 -> -4662 | U77: =L77 -> 0
A78: Иные закупки товаров, работ и услуг для обеспечения государственных (муниципальных) нужд | E78: 851 | F78: 01 | G78: 05 | H78: 51 4 04 51200 | I78: 240 | M78: ='3.ВС (2)'!J70 -> 43979 | N78: =O78-M78 -> -43979 | O78: =J78 -> 0 | P78: ='3.ВС (2)'!K70 -> 4308 | Q78: =R78-P78 -> -4308 | R78: =K78 -> 0 | S78: ='3.ВС (2)'!L70 -> 4662 | T78: =U78-S78 -> -4662 | U78: =L78 -> 0
A79: Другие общегосударственные вопросы | E79: 851 | F79: 01 | G79: 13 | J79: =J83+J80+J86+J89 -> 0 | K79: =K83+K80+K86+K89 -> 0 | L79: =L83+L80+L86+L89 -> 0 | M79: ='3.ВС (2)'!J71 -> 5979400 | N79: =O79-M79 -> -5979400 | O79: =J79 -> 0 | P79: ='3.ВС (2)'!K71 -> 5396400 | Q79: =R79-P79 -> -5396400 | R79: =K79 -> 0 | S79: ='3.ВС (2)'!L71 -> 5396400 | T79: =U79-S79 -> -5396400 | U79: =L79 -> 0
A80: Повышение энергетической эффективности и обеспечения энергосбережения | E80: 851 | F80: 01 | G80: 13 | H80: 51 4 01 83260 | J80: =J81 -> 0 | K80: =K81 -> 0 | L80: =L81 -> 0 | M80: ='3.ВС (2)'!J72 -> 35500 | N80: =O80-M80 -> -35500 | O80: =J80 -> 0 | P80: ='3.ВС (2)'!K72 -> 0 | Q80: =R80-P80 -> 0 | R80: =K80 -> 0 | S80: ='3.ВС (2)'!L72 -> 0 | T80: =U80-S80 -> 0 | U80: =L80 -> 0
A81: Закупка товаров, работ и услуг для обеспечения государственных (муниципальных) нужд | E81: 851 | F81: 01 | G81: 13 | H81: 51 4 01 83260 | I81: 200 | J81: =J82 -> 0 | K81: =K82 -> 0 | L81: =L82 -> 0 | M81: ='3.ВС (2)'!J73 -> 35500 | N81: =O81-M81 -> -35500 | O81: =J81 -> 0 | P81: ='3.ВС (2)'!K73 -> 0 | Q81: =R81-P81 -> 0 | R81: =K81 -> 0 | S81: ='3.ВС (2)'!L73 -> 0 | T81: =U81-S81 -> 0 | U81: =L81 -> 0
A82: Иные закупки товаров, работ и услуг для обеспечения государственных (муниципальных) нужд | E82: 851 | F82: 01 | G82: 13 | H82: 51 4 01 83260 | I82: 240 | M82: ='3.ВС (2)'!J74 -> 35500 | N82: =O82-M82 -> -35500 | O82: =J82 -> 0 | P82: ='3.ВС (2)'!K74 -> 0 | Q82: =R82-P82 -> 0 | R82: =K82 -> 0 | S82: ='3.ВС (2)'!L74 -> 0 | T82: =U82-S82 -> 0 | U82: =L82 -> 0
A83: Оценка имущества, признание прав и регулирование отношений муниципальной собственности | E83: 851 | F83: 01 | G83: 13 | H83: 51 4 02 80900 | J83: =J84 -> 0 | K83: =K84 -> 0 | L83: =L84 -> 0 | M83: ='3.ВС (2)'!J75 -> 547500 | N83: =O83-M83 -> -547500 | O83: =J83 -> 0 | P83: ='3.ВС (2)'!K75 -> 0 | Q83: =R83-P83 -> 0 | R83: =K83 -> 0 | S83: ='3.ВС (2)'!L75 -> 0 | T83: =U83-S83 -> 0 | U83: =L83 -> 0
A84: Закупка товаров, работ и услуг для обеспечения государственных (муниципальных) нужд | E84: 851 | F84: 01 | G84: 13 | H84: 51 4 02 80900 | I84: 200 | J84: =J85 -> 0 | K84: =K85 -> 0 | L84: =L85 -> 0 | M84: ='3.ВС (2)'!J76 -> 547500 | N84: =O84-M84 -> -547500 | O84: =J84 -> 0 | P84: ='3.ВС (2)'!K76 -> 0 | Q84: =R84-P84 -> 0 | R84: =K84 -> 0 | S84: ='3.ВС (2)'!L76 -> 0 | T84: =U84-S84 -> 0 | U84: =L84 -> 0
A85: Иные закупки товаров, работ и услуг для обеспечения государственных (муниципальных) нужд | E85: 851 | F85: 01 | G85: 13 | H85: 51 4 02 80900 | I85: 240 | M85: ='3.ВС (2)'!J77 -> 547500 | N85: =O85-M85 -> -547500 | O85: =J85 -> 0 | P85: ='3.ВС (2)'!K77 -> 0 | Q85: =R85-P85 -> 0 | R85: =K85 -> 0 | S85: ='3.ВС (2)'!L77 -> 0 | T85: =U85-S85 -> 0 | U85: =L85 -> 0
A86: Эксплуатация и содержание имущества, находящегося в муниципальной собственности, арендованного недвижимого имущества | E86: 851 | F86: 01 | G86: 13 | H86: 51 4 02 80930 | J86: =J87 -> 0 | K86: =K87 -> 0 | L86: =L87 -> 0 | M86: ='3.ВС (2)'!J78 -> 352300 | N86: =O86-M86 -> -352300 | O86: =J86 -> 0 | P86: ='3.ВС (2)'!K78 -> 352300 | Q86: =R86-P86 -> -352300 | R86: =K86 -> 0 | S86: ='3.ВС (2)'!L78 -> 352300 | T86: =U86-S86 -> -352300 | U86: =L86 -> 0
A87: Закупка товаров, работ и услуг для обеспечения государственных (муниципальных) нужд | E87: 851 | F87: 01 | G87: 13 | H87: 51 4 02 80930 | I87: 200 | J87: =J88 -> 0 | K87: =K88 -> 0 | L87: =L88 -> 0 | M87: ='3.ВС (2)'!J79 -> 352300 | N87: =O87-M87 -> -352300 | O87: =J87 -> 0 | P87: ='3.ВС (2)'!K79 -> 352300 | Q87: =R87-P87 -> -352300 | R87: =K87 -> 0 | S87: ='3.ВС (2)'!L79 -> 352300 | T87: =U87-S87 -> -352300 | U87: =L87 -> 0
A88: Иные закупки товаров, работ и услуг для обеспечения государственных (муниципальных) нужд | E88: 851 | F88: 01 | G88: 13 | H88: 51 4 02 80930 | I88: 240 | M88: ='3.ВС (2)'!J80 -> 352300 | N88: =O88-M88 -> -352300 | O88: =J88 -> 0 | P88: ='3.ВС (2)'!K80 -> 352300 | Q88: =R88-P88 -> -352300 | R88: =K88 -> 0 | S88: ='3.ВС (2)'!L80 -> 352300 | T88: =U88-S88 -> -352300 | U88: =L88 -> 0
A89: Многофункциональные центры предоставления государственных и муниципальных услуг | E89: 851 | F89: 01 | G89: 13 | H89: 51 4 03 80710 | J89: =J90 -> 0 | K89: =K90 -> 0 | L89: =L90 -> 0 | M89: ='3.ВС (2)'!J81 -> 5044100 | N89: =O89-M89 -> -5044100 | O89: =J89 -> 0 | P89: ='3.ВС (2)'!K81 -> 5044100 | Q89: =R89-P89 -> -5044100 | R89: =K89 -> 0 | S89: ='3.ВС (2)'!L81 -> 5044100 | T89: =U89-S89 -> -5044100 | U89: =L89 -> 0
A90: Предоставление субсидий бюджетным, автономным учреждениям и иным некоммерческим организациям | E90: 851 | F90: 01 | G90: 13 | H90: 51 4 03 80710 | I90: 600 | J90: =J91 -> 0 | K90: =K91 -> 0 | L90: =L91 -> 0 | M90: ='3.ВС (2)'!J82 -> 5044100 | N90: =O90-M90 -> -5044100 | O90: =J90 -> 0 | P90: ='3.ВС (2)'!K82 -> 5044100 | Q90: =R90-P90 -> -5044100 | R90: =K90 -> 0 | S90: ='3.ВС (2)'!L82 -> 5044100 | T90: =U90-S90 -> -5044100 | U90: =L90 -> 0
A91: Субсидии бюджетным учреждениям | E91: 851 | F91: 01 | G91: 13 | H91: 51 4 03 80710 | I91: 610 | M91: ='3.ВС (2)'!J83 -> 5044100 | N91: =O91-M91 -> -5044100 | O91: =J91 -> 0 | P91: ='3.ВС (2)'!K83 -> 5044100 | Q91: =R91-P91 -> -5044100 | R91: =K91 -> 0 | S91: ='3.ВС (2)'!L83 -> 5044100 | T91: =U91-S91 -> -5044100 | U91: =L91 -> 0
A92: Национальная оборона | E92: 851 | F92: 02 | J92: =J93 -> 0 | K92: =K93 -> 0 | L92: =L93 -> 0 | M92: ='3.ВС (2)'!J84 -> 1119810 | N92: =O92-M92 -> -1119810 | O92: =J92 -> 0 | P92: ='3.ВС (2)'!K84 -> 1248705 | Q92: =R92-P92 -> -1248705 | R92: =K92 -> 0 | S92: ='3.ВС (2)'!L84 -> 1588844 | T92: =U92-S92 -> -1588844 | U92: =L92 -> 0
A93: Мобилизационная и вневойсковая подготовка | E93: 851 | F93: 02 | G93: 03 | J93: =J94 -> 0 | K93: =K94 -> 0 | L93: =L94 -> 0 | M93: ='3.ВС (2)'!J85 -> 1119810 | N93: =O93-M93 -> -1119810 | O93: =J93 -> 0 | P93: ='3.ВС (2)'!K85 -> 1248705 | Q93: =R93-P93 -> -1248705 | R93: =K93 -> 0 | S93: ='3.ВС (2)'!L85 -> 1588844 | T93: =U93-S93 -> -1588844 | U93: =L93 -> 0
A94: Осуществление первичного воинского учета органами местного самоуправления поселений, муниципальных и городских округов | E94: 851 | F94: 02 | G94: 03 | H94: 51 4 04 51180 | J94: =J95+J97 -> 0 | K94: =K95+K97 -> 0 | L94: =L95+L97 -> 0 | M94: ='3.ВС (2)'!J86 -> 1119810 | N94: =O94-M94 -> -1119810 | O94: =J94 -> 0 | P94: ='3.ВС (2)'!K86 -> 1248705 | Q94: =R94-P94 -> -1248705 | R94: =K94 -> 0 | S94: ='3.ВС (2)'!L86 -> 1588844 | T94: =U94-S94 -> -1588844 | U94: =L94 -> 0
A95: Расходы на выплаты персоналу в целях обеспечения выполнения функций государственными (муниципальными) органами, казенными учреждениями, органами управления государственными внебюджетными фондами | E95: 851 | F95: 02 | G95: 03 | H95: 51 4 04 51180 | I95: 100 | J95: =J96 -> 0 | K95: =K96 -> 0 | L95: =L96 -> 0 | M95: ='3.ВС (2)'!J87 -> 940709 | N95: =O95-M95 -> -940709 | O95: =J95 -> 0 | P95: ='3.ВС (2)'!K87 -> 1132382 | Q95: =R95-P95 -> -1132382 | R95: =K95 -> 0 | S95: ='3.ВС (2)'!L87 -> 1262582 | T95: =U95-S95 -> -1262582 | U95: =L95 -> 0
A96: Расходы на выплаты персоналу государственных (муниципальных) органов | E96: 851 | F96: 02 | G96: 03 | H96: 51 4 04 51180 | I96: 120 | M96: ='3.ВС (2)'!J88 -> 940709 | N96: =O96-M96 -> -940709 | O96: =J96 -> 0 | P96: ='3.ВС (2)'!K88 -> 1132382 | Q96: =R96-P96 -> -1132382 | R96: =K96 -> 0 | S96: ='3.ВС (2)'!L88 -> 1262582 | T96: =U96-S96 -> -1262582 | U96: =L96 -> 0
A97: Закупка товаров, работ и услуг для обеспечения государственных (муниципальных) нужд | E97: 851 | F97: 02 | G97: 03 | H97: 51 4 04 51180 | I97: 200 | J97: =J98 -> 0 | K97: =K98 -> 0 | L97: =L98 -> 0 | M97: ='3.ВС (2)'!J89 -> 179101 | N97: =O97-M97 -> -179101 | O97: =J97 -> 0 | P97: ='3.ВС (2)'!K89 -> 116323 | Q97: =R97-P97 -> -116323 | R97: =K97 -> 0 | S97: ='3.ВС (2)'!L89 -> 326262 | T97: =U97-S97 -> -326262 | U97: =L97 -> 0
A98: Иные закупки товаров, работ и услуг для обеспечения государственных (муниципальных) нужд | E98: 851 | F98: 02 | G98: 03 | H98: 51 4 04 51180 | I98: 240 | M98: ='3.ВС (2)'!J90 -> 179101 | N98: =O98-M98 -> -179101 | O98: =J98 -> 0 | P98: ='3.ВС (2)'!K90 -> 116323 | Q98: =R98-P98 -> -116323 | R98: =K98 -> 0 | S98: ='3.ВС (2)'!L90 -> 326262 | T98: =U98-S98 -> -326262 | U98: =L98 -> 0
A99: Национальная безопасность и правоохранительная деятельность | E99: 851 | F99: 03 | J99: =J100 -> 0 | K99: =K100 -> 0 | L99: =L100 -> 0 | M99: ='3.ВС (2)'!J91 -> 6969400 | N99: =O99-M99 -> -6969400 | O99: =J99 -> 0 | P99: ='3.ВС (2)'!K91 -> 5897800 | Q99: =R99-P99 -> -5897800 | R99: =K99 -> 0 | S99: ='3.ВС (2)'!L91 -> 5897800 | T99: =U99-S99 -> -5897800 | U99: =L99 -> 0
A100: Защита населения и территории от чрезвычайных ситуаций природного и техногенного характера, пожарная безопасность | E100: 851 | F100: 03 | G100: 10 | J100: =J101+J108 -> 0 | K100: =K101+K108 -> 0 | L100: =L101+L108 -> 0 | M100: ='3.ВС (2)'!J92 -> 6969400 | N100: =O100-M100 -> -6969400 | O100: =J100 -> 0 | P100: ='3.ВС (2)'!K92 -> 5897800 | Q100: =R100-P100 -> -5897800 | R100: =K100 -> 0 | S100: ='3.ВС (2)'!L92 -> 5897800 | T100: =U100-S100 -> -5897800 | U100: =L100 -> 0
A101: Единые дежурно-диспетчерские службы | E101: 851 | F101: 03 | G101: 10 | H101: 51 4 05 80700 | J101: =J102+J104+J106 -> 0 | K101: =K102+K104+K106 -> 0 | L101: =L102+L104+L106 -> 0 | M101: ='3.ВС (2)'!J93 -> 5873100 | N101: =O101-M101 -> -5873100 | O101: =J101 -> 0 | P101: ='3.ВС (2)'!K93 -> 5597800 | Q101: =R101-P101 -> -5597800 | R101: =K101 -> 0 | S101: ='3.ВС (2)'!L93 -> 5597800 | T101: =U101-S101 -> -5597800 | U101: =L101 -> 0
A102: Расходы на выплаты персоналу в целях обеспечения выполнения функций государственными (муниципальными) органами, казенными учреждениями, органами управления государственными внебюджетными фондами | E102: 851 | F102: 03 | G102: 10 | H102: 51 4 05 80700 | I102: 100 | J102: =J103 -> 0 | K102: =K103 -> 0 | L102: =L103 -> 0 | M102: ='3.ВС (2)'!J94 -> 4467100 | N102: =O102-M102 -> -4467100 | O102: =J102 -> 0 | P102: ='3.ВС (2)'!K94 -> 4467100 | Q102: =R102-P102 -> -4467100 | R102: =K102 -> 0 | S102: ='3.ВС (2)'!L94 -> 4467100 | T102: =U102-S102 -> -4467100 | U102: =L102 -> 0
A103: Расходы на выплаты персоналу казенных учреждений | E103: 851 | F103: 03 | G103: 10 | H103: 51 4 05 80700 | I103: 110 | M103: ='3.ВС (2)'!J95 -> 4467100 | N103: =O103-M103 -> -4467100 | O103: =J103 -> 0 | P103: ='3.ВС (2)'!K95 -> 4467100 | Q103: =R103-P103 -> -4467100 | R103: =K103 -> 0 | S103: ='3.ВС (2)'!L95 -> 4467100 | T103: =U103-S103 -> -4467100 | U103: =L103 -> 0
...

Sheet 4.ФС
H1: Приложение 3
H2: к Решению Клетнянского районного Совета народных депутатов "О внесении изменений в Решение Клетнянского районного Совета народных депутатов "О бюджете Клетнянского муниципального района Брянской области на 2026 год и на плановый период 2027 и 2028 годов"
H3: Приложение 4.3.
H4: к Решению Клетнянского районного Совета народных депутатов "О бюджете Клетнянского муниципального района Брянской области на 2026 год и на плановый период 2027 и 2028 годов
A5: Распределение бюджетных ассигнований по разделам, подразделам, целевым статьям (муниципальным программам и непрограммным направлениям деятельности), группам и подгруппам видов расходов классификации расходов на 2026 год и на плановый период 2027 и 2028 годов
L6: рублей
A7: Наименование | E7: Гл | F7: Рз | G7: Пр | H7: ЦСР | I7: ВР | J7: 2026 год | K7: 2027 год | L7: 2028 год
A8: Общегосударственные вопросы | E8: 854 | F8: 01 | J8: =J9+J15+J76+J80+J101+J105 -> 1154660 | K8: =K9+K15+K76+K80+K101+K105 -> 0 | L8: =L9+L15+L76+L80+L101+L105 -> 0
A9: Функционирование законодательных (представительных) органов государственной власти и представительных органов муниципальных образований | E9: 854 | F9: 01 | G9: 03 | J9: =J10 -> 0 | K9: =K10 -> 0 | L9: =L10 -> 0
A10: Руководство и управление в сфере установленных функций органов местного самоуправления | E10: 854 | F10: 01 | G10: 03 | H10: 70 0 00 80040 | J10: =J11+J13 -> 0 | K10: =K11+K13 -> 0 | L10: =L11+L13 -> 0
A11: Расходы на выплаты персоналу в целях обеспечения выполнения функций государственными (муниципальными) органами, казенными учреждениями, органами управления государственными внебюджетными фондами | E11: 854 | F11: 01 | G11: 03 | H11: 70 0 00 80040 | I11: 100 | J11: =J12 -> 0 | K11: =K12 -> 0 | L11: =L12 -> 0
A12: Расходы на выплаты персоналу государственных (муниципальных) органов | E12: 854 | F12: 01 | G12: 03 | H12: 70 0 00 80040 | I12: 120 | J12: ='3.ВС'!J425 -> 0 | K12: ='3.ВС'!K425 -> 0 | L12: ='3.ВС'!L425 -> 0
A13: Закупка товаров, работ и услуг для обеспечения государственных (муниципальных) нужд | E13: 854 | F13: 01 | G13: 03 | H13: 70 0 00 80040 | I13: 200 | J13: =J14 -> 0 | K13: =K14 -> 0 | L13: =L14 -> 0
A14: Иные закупки товаров, работ и услуг для обеспечения государственных (муниципальных) нужд | E14: 854 | F14: 01 | G14: 03 | H14: 70 0 00 80040 | I14: 240 | J14: ='3.ВС'!J427 -> 0 | K14: ='3.ВС'!K427 -> 0 | L14: ='3.ВС'!L427 -> 0
A15: Функционирование Правительства Российской Федерации, высших исполнительных органов субъектов Российской Федерации, местных администраций | E15: 851 | F15: 01 | G15: 04 | J15: =J16+J21+J26+J29+J34+J39+J42+J58+J49+J52+J55+J61+J64+J67+J70+J73 -> 861938.49 | K15: =K16+K21+K26+K29+K34+K39+K42+K58+K49+K52+K55+K61+K64+K67+K70+K73 -> 0 | L15: =L16+L21+L26+L29+L34+L39+L42+L58+L49+L52+L55+L61+L64+L67+L70+L73 -> 0
A16: Осуществление отдельных государственных полномочий Брянской области в сфере деятельности по профилактике безнадзорности и правонарушений несовершеннолетних, организации деятельности административных комиссий и определения перечня должностных лиц органов местного самоуправления, уполномоченных составлять протоколы об административных правонарушениях (осуществление отдельных государственных полномочий Брянской области в сфере деятельности по профилактике безнадзорности и правонарушений несовершеннолетних) | E16: 851 | F16: 01 | G16: 04 | H16: 51 4 01 12021 | J16: =J17+J19 -> 0 | K16: =K17+K19 -> 0 | L16: =L17+L19 -> 0
A17: Расходы на выплаты персоналу в целях обеспечения выполнения функций государственными (муниципальными) органами, казенными учреждениями, органами управления государственными внебюджетными фондами | E17: 851 | F17: 01 | G17: 04 | H17: 51 4 01 12021 | I17: 100 | J17: =J18 -> 0 | K17: =K18 -> 0 | L17: =L18 -> 0
A18: Расходы на выплаты персоналу государственных (муниципальных) органов | E18: 851 | F18: 01 | G18: 04 | H18: 51 4 01 12021 | I18: 120 | J18: ='3.ВС'!J17 -> 0 | K18: ='3.ВС'!K17 -> 0 | L18: ='3.ВС'!L17 -> 0
A19: Закупка товаров, работ и услуг для обеспечения государственных (муниципальных) нужд | E19: 851 | F19: 01 | G19: 04 | H19: 51 4 01 12021 | I19: 200 | J19: =J20 -> 0 | K19: =K20 -> 0 | L19: =L20 -> 0
A20: Иные закупки товаров, работ и услуг для обеспечения государственных (муниципальных) нужд | E20: 851 | F20: 01 | G20: 04 | H20: 51 4 01 12021 | I20: 240 | J20: ='3.ВС'!J19 -> 0 | K20: ='3.ВС'!K19 -> 0 | L20: ='3.ВС'!L19 -> 0
A21: Осуществление отдельных государственных полномочий Брянской области в сфере деятельности по профилактике безнадзорности и правонарушений несовершеннолетних, организации деятельности административных комиссий и определения перечня должностных лиц органов местного самоуправления, уполномоченных составлять протоколы об административных правонарушениях (осуществление отдельных государственных полномочий Брянской области по организации деятельности административных комиссий ) | E21: 851 | F21: 01 | G21: 04 | H21: 51 4 01 12022 | J21: =J22+J24 -> 0 | K21: =K22+K24 -> 0 | L21: =L22+L24 -> 0
A22: Расходы на выплаты персоналу в целях обеспечения выполнения функций государственными (муниципальными) органами, казенными учреждениями, органами управления государственными внебюджетными фондами | E22: 851 | F22: 01 | G22: 04 | H22: 51 4 01 12022 | I22: 100 | J22: =J23 -> 0 | K22: =K23 -> 0 | L22: =L23 -> 0
A23: Расходы на выплаты персоналу государственных (муниципальных) органов | E23: 851 | F23: 01 | G23: 04 | H23: 51 4 01 12022 | I23: 120 | J23: ='3.ВС'!J22 -> 0 | K23: ='3.ВС'!K22 -> 0 | L23: ='3.ВС'!L22 -> 0
A24: Закупка товаров, работ и услуг для обеспечения государственных (муниципальных) нужд | E24: 851 | F24: 01 | G24: 04 | H24: 51 4 01 12022 | I24: 200 | J24: =J25 -> 0 | K24: =K25 -> 0 | L24: =L25 -> 0
A25: Иные закупки товаров, работ и услуг для обеспечения государственных (муниципальных) нужд | E25: 851 | F25: 01 | G25: 04 | H25: 51 4 01 12022 | I25: 240 | J25: ='3.ВС'!J24 -> 0 | K25: ='3.ВС'!K24 -> 0 | L25: ='3.ВС'!L24 -> 0
A26: Осуществление отдельных государственных полномочий Брянской области в сфере деятельности по профилактике безнадзорности и правонарушений несовершеннолетних, организации деятельности административных комиссий и определения перечня должностных лиц органов местного самоуправления, уполномоченных составлять протоколы об административных правонарушениях (осуществление отдельных государственных полномочий Брянской области по определению перечня должностных лиц органов местного самоуправления, уполномоченных составлять протоколы об административных правонарушениях) | E26: 851 | F26: 01 | G26: 04 | H26: 51 4 01 12023 | J26: =J27 -> 0 | K26: =K27 -> 0 | L26: =L27 -> 0
A27: Закупка товаров, работ и услуг для обеспечения государственных (муниципальных) нужд | E27: 851 | F27: 01 | G27: 04 | H27: 51 4 01 12023 | I27: 200 | J27: =J28 -> 0 | K27: =K28 -> 0 | L27: =L28 -> 0
A28: Иные закупки товаров, работ и услуг для обеспечения государственных (муниципальных) нужд | E28: 851 | F28: 01 | G28: 04 | H28: 51 4 01 12023 | I28: 240 | J28: ='3.ВС'!J27 -> 0 | K28: ='3.ВС'!K27 -> 0 | L28: ='3.ВС'!L27 -> 0
A29: Установление регулируемых тарифов на регулярные перевозки пассажиров и багажа автомобильным транспортом и городским наземным электрическим транспортом по муниципальным маршрутам регулярных перевозок | E29: 851 | F29: 01 | G29: 04 | H29: 51 4 01 17390 | J29: =J30+J32 -> 0 | K29: =K30+K32 -> 0 | L29: =L30+L32 -> 0
A30: Расходы на выплаты персоналу в целях обеспечения выполнения функций государственными (муниципальными) органами, казенными учреждениями, органами управления государственными внебюджетными фондами | E30: 851 | F30: 01 | G30: 04 | H30: 51 4 01 17390 | I30: 100 | J30: =J31 -> 0 | K30: =K31 -> 0 | L30: =L31 -> 0
A31: Расходы на выплаты персоналу государственных (муниципальных) органов | E31: 851 | F31: 01 | G31: 04 | H31: 51 4 01 17390 | I31: 120 | J31: ='3.ВС'!J30 -> 0 | K31: ='3.ВС'!K30 -> 0 | L31: ='3.ВС'!L30 -> 0
A32: Закупка товаров, работ и услуг для обеспечения государственных (муниципальных) нужд | E32: 851 | F32: 01 | G32: 04 | H32: 51 4 01 17390 | I32: 200 | J32: =J33 -> 0 | K32: =K33 -> 0 | L32: =L33 -> 0
A33: Иные закупки товаров, работ и услуг для обеспечения государственных (муниципальных) нужд | E33: 851 | F33: 01 | G33: 04 | H33: 51 4 01 17390 | I33: 240 | J33: ='3.ВС'!J32 -> 0 | K33: ='3.ВС'!K32 -> 0 | L33: ='3.ВС'!L32 -> 0
A34: Осуществление отдельных полномочий в области охраны труда и уведомительной регистрации территориальных соглашений и коллективных договоров | E34: 851 | F34: 01 | G34: 04 | H34: 51 4 01 17900 | J34: =J35+J37 -> 0 | K34: =K35+K37 -> 0 | L34: =L35+L37 -> 0
A35: Расходы на выплаты персоналу в целях обеспечения выполнения функций государственными (муниципальными) органами, казенными учреждениями, органами управления государственными внебюджетными фондами | E35: 851 | F35: 01 | G35: 04 | H35: 51 4 01 17900 | I35: 100 | J35: =J36 -> 0 | K35: =K36 -> 0 | L35: =L36 -> 0
A36: Расходы на выплаты персоналу государственных (муниципальных) органов | E36: 851 | F36: 01 | G36: 04 | H36: 51 4 01 17900 | I36: 120 | J36: ='3.ВС'!J35 -> 0 | K36: ='3.ВС'!K35 -> 0 | L36: ='3.ВС'!L35 -> 0
A37: Закупка товаров, работ и услуг для обеспечения государственных (муниципальных) нужд | E37: 851 | F37: 01 | G37: 04 | H37: 51 4 01 17900 | I37: 200 | J37: =J38 -> 0 | K37: =K38 -> 0 | L37: =L38 -> 0
A38: Иные закупки товаров, работ и услуг для обеспечения государственных (муниципальных) нужд | E38: 851 | F38: 01 | G38: 04 | H38: 51 4 01 17900 | I38: 240 | J38: ='3.ВС'!J37 -> 0 | K38: ='3.ВС'!K37 -> 0 | L38: ='3.ВС'!L37 -> 0
A39: Обеспечение деятельности главы местной администрации (исполнительно-распорядительного органа муниципального образования) | E39: 851 | F39: 01 | G39: 04 | H39: 51 4 01 80020 | J39: =J40 -> 0 | K39: =K40 -> 0 | L39: =L40 -> 0
A40: Расходы на выплаты персоналу в целях обеспечения выполнения функций государственными (муниципальными) органами, казенными учреждениями, органами управления государственными внебюджетными фондами | E40: 851 | F40: 01 | G40: 04 | H40: 51 4 01 80020 | I40: 100 | J40: =J41 -> 0 | K40: =K41 -> 0 | L40: =L41 -> 0
A41: Расходы на выплаты персоналу государственных (муниципальных) органов | E41: 851 | F41: 01 | G41: 04 | H41: 51 4 01 80020 | I41: 120 | J41: ='3.ВС'!J40 -> 0 | K41: ='3.ВС'!K40 -> 0 | L41: ='3.ВС'!L40 -> 0
A42: Руководство и управление в сфере установленных функций органов местного самоуправления | E42: 851 | F42: 01 | G42: 04 | H42: 51 4 01 80040 | J42: =J43+J45+J47 -> 0 | K42: =K43+K45+K47 -> 0 | L42: =L43+L45+L47 -> 0
A43: Расходы на выплаты персоналу в целях обеспечения выполнения функций государственными (муниципальными) органами, казенными учреждениями, органами управления государственными внебюджетными фондами | E43: 851 | F43: 01 | G43: 04 | H43: 51 4 01 80040 | I43: 100 | J43: =J44 -> 0 | K43: =K44 -> 0 | L43: =L44 -> 0
A44: Расходы на выплаты персоналу государственных (муниципальных) органов | E44: 851 | F44: 01 | G44: 04 | H44: 51 4 01 80040 | I44: 120 | J44: ='3.ВС'!J43 -> 0 | K44: ='3.ВС'!K43 -> 0 | L44: ='3.ВС'!L43 -> 0
A45: Закупка товаров, работ и услуг для обеспечения государственных (муниципальных) нужд | E45: 851 | F45: 01 | G45: 04 | H45: 51 4 01 80040 | I45: 200 | J45: =J46 -> 0 | K45: =K46 -> 0 | L45: =L46 -> 0
A46: Иные закупки товаров, работ и услуг для обеспечения государственных (муниципальных) нужд | E46: 851 | F46: 01 | G46: 04 | H46: 51 4 01 80040 | I46: 240 | J46: ='3.ВС'!J45 -> 0 | K46: ='3.ВС'!K45 -> 0 | L46: ='3.ВС'!L45 -> 0
A47: Иные бюджетные ассигнования | E47: 851 | F47: 01 | G47: 04 | H47: 51 4 01 80040 | I47: 800 | J47: =J48 -> 0 | K47: =K48 -> 0 | L47: =L48 -> 0
A48: Уплата налогов, сборов и иных платежей | E48: 851 | F48: 01 | G48: 04 | H48: 51 4 01 80040 | I48: 850 | J48: ='3.ВС'!J47 -> 0 | K48: ='3.ВС'!K47 -> 0 | L48: ='3.ВС'!L47 -> 0
A49: Информационное освещение деятельности органов местного самоуправления | E49: 851 | F49: 01 | G49: 04 | H49: 51 4 01 80070 | J49: =J50 -> 0 | K49: =K50 -> 0 | L49: =L50 -> 0
A50: Закупка товаров, работ и услуг для обеспечения государственных (муниципальных) нужд | E50: 851 | F50: 01 | G50: 04 | H50: 51 4 01 80070 | I50: 200 | J50: =J51 -> 0 | K50: =K51 -> 0 | L50: =L51 -> 0
A51: Иные закупки товаров, работ и услуг для обеспечения государственных (муниципальных) нужд | E51: 851 | F51: 01 | G51: 04 | H51: 51 4 01 80070 | I51: 240 | J51: ='3.ВС'!J50 -> 0 | K51: ='3.ВС'!K50 -> 0 | L51: ='3.ВС'!L50 -> 0
A52: Опубликование нормативных правовых актов муниципальных образований и иной официальной информации | E52: 851 | F52: 01 | G52: 04 | H52: 51 4 01 80100 | J52: =J53 -> 0 | K52: =K53 -> 0 | L52: =L53 -> 0
A53: Закупка товаров, работ и услуг для обеспечения государственных (муниципальных) нужд | E53: 851 | F53: 01 | G53: 04 | H53: 51 4 01 80100 | I53: 200 | J53: =J54 -> 0 | K53: =K54 -> 0 | L53: =L54 -> 0
A54: Иные закупки товаров, работ и услуг для обеспечения государственных (муниципальных) нужд | E54: 851 | F54: 01 | G54: 04 | H54: 51 4 01 80100 | I54: 240 | J54: ='3.ВС'!J53 -> 0 | K54: ='3.ВС'!K53 -> 0 | L54: ='3.ВС'!L53 -> 0
A55: Членские взносы некоммерческим организациям | E55: 851 | F55: 01 | G55: 04 | H55: 51 4 01 81410 | J55: =J56 -> 0 | K55: =K56 -> 0 | L55: =L56 -> 0
A56: Иные бюджетные ассигнования | E56: 851 | F56: 01 | G56: 04 | H56: 51 4 01 81410 | I56: 800 | J56: =J57 -> 0 | K56: =K57 -> 0 | L56: =L57 -> 0
A57: Уплата налогов, сборов и иных платежей | E57: 851 | F57: 01 | G57: 04 | H57: 51 4 01 81410 | I57: 850 | J57: ='3.ВС'!J56 -> 0 | K57: ='3.ВС'!K56 -> 0 | L57: ='3.ВС'!L56 -> 0
A58: Реализация переданных полномочий по решению отдельных вопросов местного значения поселений в соответствии с заключенными соглашениями в части формирования архивных фондов поселений | E58: 851 | F58: 01 | G58: 04 | H58: 51 4 01 84220 | J58: =J59 -> 0 | K58: =K59 -> 0 | L58: =L59 -> 0
A59: Закупка товаров, работ и услуг для обеспечения государственных (муниципальных) нужд | E59: 851 | F59: 01 | G59: 04 | H59: 51 4 01 84220 | I59: 200 | J59: =J60 -> 0 | K59: =K60 -> 0 | L59: =L60 -> 0
A60: Иные закупки товаров, работ и услуг для обеспечения государственных (муниципальных) нужд | E60: 851 | F60: 01 | G60: 04 | H60: 51 4 01 84220 | I60: 240 | J60: ='3.ВС'!J59 -> 0 | K60: ='3.ВС'!K59 -> 0 | L60: ='3.ВС'!L59 -> 0
A61: Реализация переданных полномочий по решению отдельных вопросов местного значения поселений в соответствии с заключенными соглашениями в части осуществления муниципального земельного контроля в границах поселений | E61: 851 | F61: 01 | G61: 04 | H61: 51 4 01 84230 | J61: =J62 -> 0 | K61: =K62 -> 0 | L61: =L62 -> 0
A62: Закупка товаров, работ и услуг для обеспечения государственных (муниципальных) нужд | E62: 851 | F62: 01 | G62: 04 | H62: 51 4 01 84230 | I62: 200 | J62: =J63 -> 0 | K62: =K63 -> 0 | L62: =L63 -> 0
A63: Иные закупки товаров, работ и услуг для обеспечения государственных (муниципальных) нужд | E63: 851 | F63: 01 | G63: 04 | H63: 51 4 01 84230 | I63: 240 | J63: ='3.ВС'!J62 -> 0 | K63: ='3.ВС'!K62 -> 0 | L63: ='3.ВС'!L62 -> 0
A64: Реализация переданных полномочий по решению отдельных вопросов местного значения поселений в соответствии с заключенными соглашениями в части осуществления муниципального жилищного контроля | E64: 851 | F64: 01 | G64: 04 | H64: 51 4 01 84440 | J64: =J65 -> 0 | K64: =K65 -> 0 | L64: =L65 -> 0
A65: Закупка товаров, работ и услуг для обеспечения государственных (муниципальных) нужд | E65: 851 | F65: 01 | G65: 04 | H65: 51 4 01 84440 | I65: 200 | J65: =J66 -> 0 | K65: =K66 -> 0 | L65: =L66 -> 0
A66: Иные закупки товаров, работ и услуг для обеспечения государственных (муниципальных) нужд | E66: 851 | F66: 01 | G66: 04 | H66: 51 4 01 84440 | I66: 240 | J66: ='3.ВС'!J65 -> 0 | K66: ='3.ВС'!K65 -> 0 | L66: ='3.ВС'!L65 -> 0
A67: Реализация переданных полномочий по решению отдельных вопросов местного значения поселений в соответствии с заключенными соглашениями в части осуществления муниципального контроля на автомобильном транспорте, городском наземном электрическом транспорте и в дорожном хозяйстве в границах населенных пунктов поселения | E67: 851 | F67: 01 | G67: 04 | H67: 51 4 01 84450 | J67: =J68 -> 0 | K67: =K68 -> 0 | L67: =L68 -> 0
A68: Закупка товаров, работ и услуг для обеспечения государственных (муниципальных) нужд | E68: 851 | F68: 01 | G68: 04 | H68: 51 4 01 84450 | I68: 200 | J68: =J69 -> 0 | K68: =K69 -> 0 | L68: =L69 -> 0
A69: Иные закупки товаров, работ и услуг для обеспечения государственных (муниципальных) нужд | E69: 851 | F69: 01 | G69: 04 | H69: 51 4 01 84450 | I69: 240 | J69: ='3.ВС'!J68 -> 0 | K69: ='3.ВС'!K68 -> 0 | L69: ='3.ВС'!L68 -> 0
A70: Реализация переданных полномочий по решению отдельных вопросов местного значения поселений в соответствии с заключенными соглашениями в части осуществления муниципального контроля в сфере благоустройства | E70: 851 | F70: 01 | G70: 04 | H70: 51 4 01 84460 | J70: =J71 -> 0 | K70: =K71 -> 0 | L70: =L71 -> 0
A71: Закупка товаров, работ и услуг для обеспечения государственных (муниципальных) нужд | E71: 851 | F71: 01 | G71: 04 | H71: 51 4 01 84460 | I71: 200 | J71: =J72 -> 0 | K71: =K72 -> 0 | L71: =L72 -> 0
A72: Иные закупки товаров, работ и услуг для обеспечения государственных (муниципальных) нужд | E72: 851 | F72: 01 | G72: 04 | H72: 51 4 01 84460 | I72: 240 | J72: ='3.ВС'!J71 -> 0 | K72: ='3.ВС'!K71 -> 0 | L72: ='3.ВС'!L71 -> 0
A73: Достижение показателей деятельности органов исполнительной власти субъектов Российской Федерации | F73: 01 | G73: 04 | H73: 70 0 00 55490 | J73: =J74 -> 861938.49 | K73: =K74 -> 0
A74: Расходы на выплаты персоналу в целях обеспечения выполнения функций государственными (муниципальными) органами, казенными учреждениями, органами управления государственными внебюджетными фондами | F74: 01 | G74: 04 | H74: 70 0 00 55490 | I74: 100 | J74: =J75 -> 861938.49 | K74: =K75 -> 0
A75: Расходы на выплаты персоналу государственных (муниципальных) органов | F75: 01 | G75: 04 | H75: 70 0 00 55490 | I75: 120 | J75: ='3.ВС'!J74 -> 861938.49 | K75: ='3.ВС'!K74 -> 0 | L75: ='3.ВС'!L74 -> 0
A76: Судебная система | E76: 851 | F76: 01 | G76: 05 | J76: =J77 -> 0 | K76: =K77 -> 0 | L76: =L77 -> 0
A77: Осуществление полномочий по составлению (изменению) списков кандидатов в присяжные заседатели федеральных судов общей юрисдикции в Российской Федерации | E77: 851 | F77: 01 | G77: 05 | H77: 51 4 04 51200 | J77: =J78 -> 0 | K77: =K78 -> 0 | L77: =L78 -> 0
A78: Закупка товаров, работ и услуг для обеспечения государственных (муниципальных) нужд | E78: 851 | F78: 01 | G78: 05 | H78: 51 4 04 51200 | I78: 200 | J78: =J79 -> 0 | K78: =K79 -> 0 | L78: =L79 -> 0
A79: Иные закупки товаров, работ и услуг для обеспечения государственных (муниципальных) нужд | E79: 851 | F79: 01 | G79: 05 | H79: 51 4 04 51200 | I79: 240 | J79: ='3.ВС'!J78 -> 0 | K79: ='3.ВС'!K78 -> 0 | L79: ='3.ВС'!L78 -> 0
A80: Обеспечение деятельности финансовых, налоговых и таможенных органов и органов финансового (финансово-бюджетного) надзора | E80: 853 | F80: 01 | G80: 06 | J80: =J81+J86+J92+J95+J98+J89 -> 292721.51 | K80: =K81+K86+K92+K95+K98+K89 -> 0 | L80: =L81+L86+L92+L95+L98+L89 -> 0
A81: Руководство и управление в сфере установленных функций органов местного самоуправления | E81: 853 | F81: 01 | G81: 06 | H81: 53 4 01 80040 | J81: =J82+J84 -> 0 | K81: =K82+K84 -> 0 | L81: =L82+L84 -> 0
A82: Расходы на выплаты персоналу в целях обеспечения выполнения функций государственными (муниципальными) органами, казенными учреждениями, органами управления государственными внебюджетными фондами | E82: 853 | F82: 01 | G82: 06 | H82: 53 4 01 80040 | I82: 100 | J82: =J83 -> 0 | K82: =K83 -> 0 | L82: =L83 -> 0
A83: Расходы на выплаты персоналу государственных (муниципальных) органов | E83: 853 | F83: 01 | G83: 06 | H83: 53 4 01 80040 | I83: 120 | J83: ='3.ВС'!J394 -> 0 | K83: ='3.ВС'!K394 -> 0 | L83: ='3.ВС'!L394 -> 0
A84: Закупка товаров, работ и услуг для обеспечения государственных (муниципальных) нужд | E84: 853 | F84: 01 | G84: 06 | H84: 53 4 01 80040 | I84: 200 | J84: =J85 -> 0 | K84: =K85 -> 0 | L84: =L85 -> 0
A85: Иные закупки товаров, работ и услуг для обеспечения государственных (муниципальных) нужд | E85: 853 | F85: 01 | G85: 06 | H85: 53 4 01 80040 | I85: 240 | J85: ='3.ВС'!J396 -> 0 | K85: ='3.ВС'!K396 -> 0 | L85: ='3.ВС'!L396 -> 0
A86: Реализация переданных полномочий по решению отдельных вопросов местного значения поселений в соответствии с заключенными соглашениями в части осуществления внутреннего муниципального финансового контроля | F86: 01 | G86: 06 | H86: 53 4 01 84400 | J86: =J87 -> 0 | K86: =K87 -> 0 | L86: =L87 -> 0
A87: Закупка товаров, работ и услуг для обеспечения государственных (муниципальных) нужд | F87: 01 | G87: 06 | H87: 53 4 01 84400 | I87: 200 | J87: =J88 -> 0 | K87: =K88 -> 0 | L87: =L88 -> 0
A88: Иные закупки товаров, работ и услуг для обеспечения государственных (муниципальных) нужд | F88: 01 | G88: 06 | H88: 53 4 01 84400 | I88: 240 | J88: ='3.ВС'!J399 -> 0 | K88: ='3.ВС'!K399 -> 0 | L88: ='3.ВС'!L399 -> 0
A89: Достижение показателей деятельности органов исполнительной власти субъектов Российской Федерации | E89: 853 | F89: 01 | G89: 06 | H89: 70 0 00 55490 | J89: =J90 -> 292721.51 | K89: =K90 -> 0 | L89: =L90 -> 0
A90: Расходы на выплаты персоналу в целях обеспечения выполнения функций государственными (муниципальными) органами, казенными учреждениями, органами управления государственными внебюджетными фондами | E90: 853 | F90: 01 | G90: 06 | H90: 70 0 00 55490 | I90: 100 | J90: =J91 -> 292721.51 | K90: =K91 -> 0 | L90: =L91 -> 0
A91: Расходы на выплаты персоналу государственных (муниципальных) органов | E91: 853 | F91: 01 | G91: 06 | H91: 70 0 00 55490 | I91: 120 | J91: ='3.ВС'!J402 -> 292721.51 | K91: ='3.ВС'!K402 -> 0 | L91: ='3.ВС'!L402 -> 0
A92: Руководство и управление в сфере установленных функций органов местного самоуправления | E92: 857 | F92: 01 | G92: 06 | H92: 70 0 00 80040 | J92: =J93 -> 0 | K92: =K93 -> 0 | L92: =L93 -> 0
A93: Закупка товаров, работ и услуг для обеспечения государственных (муниципальных) нужд | D93: 01 | E93: 857 | F93: 01 | G93: 06 | H93: 70 0 00 80040 | I93: 200 | J93: =J94 -> 0 | K93: =K94 -> 0 | L93: =L94 -> 0
A94: Иные закупки товаров, работ и услуг для обеспечения государственных (муниципальных) нужд | D94: 01 | E94: 857 | F94: 01 | G94: 06 | H94: 70 0 00 80040 | I94: 240 | J94: ='3.ВС'!J433 -> 0 | K94: ='3.ВС'!K433 -> 0 | L94: ='3.ВС'!L433 -> 0
A95: Обеспечение деятельности руководителя контрольно-счетного органа муниципального образования и его заместителей | E95: 857 | F95: 01 | G95: 06 | H95: 70 0 00 80050 | J95: =J96 -> 0 | K95: =K96 -> 0 | L95: =L96 -> 0
A96: Расходы на выплаты персоналу в целях обеспечения выполнения функций государственными (муниципальными) органами, казенными учреждениями, органами управления государственными внебюджетными фондами | E96: 857 | F96: 01 | G96: 06 | H96: 70 0 00 80050 | I96: 100 | J96: =J97 -> 0 | K96: =K97 -> 0 | L96: =L97 -> 0
A97: Расходы на выплаты персоналу государственных (муниципальных) органов | E97: 857 | F97: 01 | G97: 06 | H97: 70 0 00 80050 | I97: 120 | J97: ='3.ВС'!J436 -> 0 | K97: ='3.ВС'!K436 -> 0 | L97: ='3.ВС'!L436 -> 0
A98: Реализация переданных полномочий по решению отдельных вопросов местного значения поселений в соответствии с заключенными соглашениями в части осуществления внешнего муниципального финансового контроля | D98: 01 | E98: 857 | F98: 01 | G98: 06 | H98: 70 0 00 84200 | J98: =J99 -> 0 | K98: =K99 -> 0 | L98: =L99 -> 0
A99: Закупка товаров, работ и услуг для обеспечения государственных (муниципальных) нужд | D99: 01 | E99: 857 | F99: 01 | G99: 06 | H99: 70 0 00 84200 | I99: 200 | J99: =J100 -> 0 | K99: =K100 -> 0 | L99: =L100 -> 0
A100: Иные закупки товаров, работ и услуг для обеспечения государственных (муниципальных) нужд | D100: 01 | E100: 857 | F100: 01 | G100: 06 | H100: 70 0 00 84200 | I100: 240 | J100: ='3.ВС'!J439 -> 0 | K100: ='3.ВС'!K439 -> 0 | L100: ='3.ВС'!L439 -> 0
...

Sheet 5.ПС
H1: Приложение 4
H2: к Решению Клетнянского районного Совета народных депутатов "О внесении изменений в Решение Клетнянского районного Совета народных депутатов "О бюджете Клетнянского муниципального района Брянской области на 2026 год и на плановый период 2027 и 2028 годов"
H3: Приложение 5.3.
H4: к Решению Клетнянского районного Совета народных депутатов "О бюджете Клетнянского муниципального района Брянской области на 2026 год и на плановый период 2027 и 2028 годов
A5: Распределение расходов бюджета Клетнянского муниципального района Брянской области по целевым статьям (муниципальным программам и непрограммным направлениям деятельности), группам и подгруппам видов расходов на 2026 год и на плановый период 2027 и 208 годов
L6: рублей
A7: Наименование | B7: МП | C7: ППМП | D7: ОМ | E7: ГРБС | F7: Рз | G7: Пр | H7: НР | I7: ВР | J7: 2026 год | K7: 2027 год | L7: 2028 год
A8: Обеспечение реализации полномочий Клетнянского муниципального района | B8: 51 | J8: =J9+J71+J85+J90+J100+J112+J117+J128+J136+J152+J160+J165+J170+J175+J180+J198+J207+J245+J251+J271+J284+J188+J193 -> 5457359.9 | K8: =K9+K71+K85+K90+K100+K112+K117+K128+K136+K152+K160+K165+K170+K175+K180+K198+K207+K245+K251+K271+K284+K188+K193 -> 0 | L8: =L9+L71+L85+L90+L100+L112+L117+L128+L136+L152+L160+L165+L170+L175+L180+L198+L207+L245+L251+L271+L284+L188+L193 -> 0
A9: Обеспечение эффективной деятельности главы и аппарата исполнительно-распорядительного органа муниципального образования | B9: 51 | C9: 0 | D9: 01 | J9: =J10 -> 0 | K9: =K10 -> 0 | L9: =L10 -> 0
A10: Администрация Клетнянского района | B10: 51 | C10: 0 | D10: 01 | E10: 851 | J10: =J11+J16+J21+J24+J29+J34+J37+J44+J47+J50+J53+J56+J59+J62+J65+J68 -> 0 | K10: =K11+K16+K21+K24+K29+K34+K37+K44+K47+K50+K53+K56+K59+K62+K65+K68 -> 0 | L10: =L11+L16+L21+L24+L29+L34+L37+L44+L47+L50+L53+L56+L59+L62+L65+L68 -> 0
A11: Осуществление отдельных государственных полномочий Брянской области в сфере деятельности по профилактике безнадзорности и правонарушений несовершеннолетних, организации деятельности административных комиссий и определения перечня должностных лиц органов местного самоуправления, уполномоченных составлять протоколы об административных правонарушениях (осуществление отдельных государственных полномочий Брянской области в сфере деятельности по профилактике безнадзорности и правонарушений несовершеннолетних) | B11: 51 | C11: 0 | D11: 01 | E11: 851 | F11: 01, 10 | G11: 13, 06 | H11: 12021 | J11: =J12+J14 -> 0 | K11: =K12+K14 -> 0 | L11: =L12+L14 -> 0
A12: Расходы на выплаты персоналу в целях обеспечения выполнения функций государственными (муниципальными) органами, казенными учреждениями, органами управления государственными внебюджетными фондами | B12: 51 | C12: 0 | D12: 01 | E12: 851 | F12: 01, 10 | G12: 13, 06 | H12: 12021 | I12: 100 | J12: =J13 -> 0 | K12: =K13 -> 0 | L12: =L13 -> 0
A13: Расходы на выплаты персоналу государственных (муниципальных) органов | B13: 51 | C13: 0 | D13: 01 | E13: 851 | F13: 01, 10 | G13: 13, 06 | H13: 12021 | I13: 120 | J13: ='3.ВС'!J17 -> 0 | K13: ='3.ВС'!K17 -> 0 | L13: ='3.ВС'!L17 -> 0
A14: Закупка товаров, работ и услуг для обеспечения государственных (муниципальных) нужд | B14: 51 | C14: 0 | D14: 01 | E14: 851 | F14: 01, 10 | G14: 13, 06 | H14: 12021 | I14: 200 | J14: =J15 -> 0 | K14: =K15 -> 0 | L14: =L15 -> 0
A15: Иные закупки товаров, работ и услуг для обеспечения государственных (муниципальных) нужд | B15: 51 | C15: 0 | D15: 01 | E15: 851 | F15: 01, 10 | G15: 13, 06 | H15: 12021 | I15: 240 | J15: ='3.ВС'!J19 -> 0 | K15: ='3.ВС'!K19 -> 0 | L15: ='3.ВС'!L19 -> 0
A16: Осуществление отдельных государственных полномочий Брянской области в сфере деятельности по профилактике безнадзорности и правонарушений несовершеннолетних, организации деятельности административных комиссий и определения перечня должностных лиц органов местного самоуправления, уполномоченных составлять протоколы об административных правонарушениях (осуществление отдельных государственных полномочий Брянской области по организации деятельности административных комиссий ) | B16: 51 | C16: 0 | D16: 01 | E16: 851 | F16: 01, 10 | G16: 13, 06 | H16: 12022 | J16: =J17+J19 -> 0 | K16: =K17+K19 -> 0 | L16: =L17+L19 -> 0
A17: Расходы на выплаты персоналу в целях обеспечения выполнения функций государственными (муниципальными) органами, казенными учреждениями, органами управления государственными внебюджетными фондами | B17: 51 | C17: 0 | D17: 01 | E17: 851 | F17: 01 | G17: 13 | H17: 12022 | I17: 100 | J17: =J18 -> 0 | K17: =K18 -> 0 | L17: =L18 -> 0
A18: Расходы на выплаты персоналу государственных (муниципальных) органов | B18: 51 | C18: 0 | D18: 01 | E18: 851 | F18: 01 | G18: 13 | H18: 12022 | I18: 120 | J18: ='3.ВС'!J22 -> 0 | K18: ='3.ВС'!K22 -> 0 | L18: ='3.ВС'!L22 -> 0
A19: Закупка товаров, работ и услуг для обеспечения государственных (муниципальных) нужд | B19: 51 | C19: 0 | D19: 01 | E19: 851 | F19: 01 | G19: 13 | H19: 12022 | I19: 200 | J19: =J20 -> 0 | K19: =K20 -> 0 | L19: =L20 -> 0
A20: Иные закупки товаров, работ и услуг для обеспечения государственных (муниципальных) нужд | B20: 51 | C20: 0 | D20: 01 | E20: 851 | F20: 01 | G20: 13 | H20: 12022 | I20: 240 | J20: ='3.ВС'!J24 -> 0 | K20: ='3.ВС'!K24 -> 0 | L20: ='3.ВС'!L24 -> 0
A21: Осуществление отдельных государственных полномочий Брянской области в сфере деятельности по профилактике безнадзорности и правонарушений несовершеннолетних, организации деятельности административных комиссий и определения перечня должностных лиц органов местного самоуправления, уполномоченных составлять протоколы об административных правонарушениях (осуществление отдельных государственных полномочий Брянской области по определению перечня должностных лиц органов местного самоуправления, уполномоченных составлять протоколы об административных правонарушениях) | B21: 51 | C21: 0 | D21: 01 | E21: 851 | F21: 01 | G21: 13 | H21: 12023 | J21: =J22 -> 0 | K21: =K22 -> 0 | L21: =L22 -> 0
A22: Закупка товаров, работ и услуг для обеспечения государственных (муниципальных) нужд | B22: 51 | C22: 0 | D22: 01 | E22: 851 | F22: 01 | G22: 13 | H22: 12023 | I22: 200 | J22: =J23 -> 0 | K22: =K23 -> 0 | L22: =L23 -> 0
A23: Иные закупки товаров, работ и услуг для обеспечения государственных (муниципальных) нужд | B23: 51 | C23: 0 | D23: 01 | E23: 851 | F23: 01 | G23: 13 | H23: 12023 | I23: 240 | J23: ='3.ВС'!J27 -> 0 | K23: ='3.ВС'!K27 -> 0 | L23: ='3.ВС'!L27 -> 0
A24: Установление регулируемых тарифов на регулярные перевозки пассажиров и багажа автомобильным транспортом и городским наземным электрическим транспортом по муниципальным маршрутам регулярных перевозок | B24: 51 | C24: 0 | D24: 01 | E24: 851 | F24: 04 | G24: 12 | H24: 17390 | J24: =J25+J27 -> 0 | K24: =K25+K27 -> 0 | L24: =L25+L27 -> 0
A25: Расходы на выплаты персоналу в целях обеспечения выполнения функций государственными (муниципальными) органами, казенными учреждениями, органами управления государственными внебюджетными фондами | B25: 51 | C25: 0 | D25: 01 | E25: 851 | F25: 04 | G25: 12 | H25: 17390 | I25: 100 | J25: =J26 -> 0 | K25: =K26 -> 0 | L25: =L26 -> 0
A26: Расходы на выплаты персоналу государственных (муниципальных) органов | B26: 51 | C26: 0 | D26: 01 | E26: 851 | F26: 04 | G26: 12 | H26: 17390 | I26: 120 | J26: ='3.ВС'!J30 -> 0 | K26: ='3.ВС'!K30 -> 0 | L26: ='3.ВС'!L30 -> 0
A27: Закупка товаров, работ и услуг для обеспечения государственных (муниципальных) нужд | B27: 51 | C27: 0 | D27: 01 | E27: 851 | F27: 04 | G27: 12 | H27: 17390 | I27: 200 | J27: =J28 -> 0 | K27: =K28 -> 0 | L27: =L28 -> 0
A28: Иные закупки товаров, работ и услуг для обеспечения государственных (муниципальных) нужд | B28: 51 | C28: 0 | D28: 01 | E28: 851 | F28: 04 | G28: 12 | H28: 17390 | I28: 240 | J28: ='3.ВС'!J32 -> 0 | K28: ='3.ВС'!K32 -> 0 | L28: ='3.ВС'!L32 -> 0
A29: Осуществление отдельных полномочий в области охраны труда и уведомительной регистрации территориальных соглашений и коллективных договоров | B29: 51 | C29: 0 | D29: 01 | E29: 851 | F29: 04 | G29: 12 | H29: 17900 | J29: =J30+J32 -> 0 | K29: =K30+K32 -> 0 | L29: =L30+L32 -> 0
A30: Расходы на выплаты персоналу в целях обеспечения выполнения функций государственными (муниципальными) органами, казенными учреждениями, органами управления государственными внебюджетными фондами | B30: 51 | C30: 0 | D30: 01 | E30: 851 | F30: 04 | G30: 12 | H30: 17900 | I30: 100 | J30: =J31 -> 0 | K30: =K31 -> 0 | L30: =L31 -> 0
A31: Расходы на выплаты персоналу государственных (муниципальных) органов | B31: 51 | C31: 0 | D31: 01 | E31: 851 | F31: 04 | G31: 12 | H31: 17900 | I31: 120 | J31: ='3.ВС'!J35 -> 0 | K31: ='3.ВС'!K35 -> 0 | L31: ='3.ВС'!L35 -> 0
A32: Закупка товаров, работ и услуг для обеспечения государственных (муниципальных) нужд | B32: 51 | C32: 0 | D32: 01 | E32: 851 | F32: 04 | G32: 12 | H32: 17900 | I32: 200 | J32: =J33 -> 0 | K32: =K33 -> 0 | L32: =L33 -> 0
A33: Иные закупки товаров, работ и услуг для обеспечения государственных (муниципальных) нужд | B33: 51 | C33: 0 | D33: 01 | E33: 851 | F33: 04 | G33: 12 | H33: 17900 | I33: 240 | J33: ='3.ВС'!J37 -> 0 | K33: ='3.ВС'!K37 -> 0 | L33: ='3.ВС'!L37 -> 0
A34: Обеспечение деятельности главы местной администрации (исполнительно-распорядительного органа муниципального образования) | B34: 51 | C34: 0 | D34: 01 | E34: 851 | F34: 01 | G34: 04 | H34: 80020 | J34: =J35 -> 0 | K34: =K35 -> 0 | L34: =L35 -> 0
A35: Расходы на выплаты персоналу в целях обеспечения выполнения функций государственными (муниципальными) органами, казенными учреждениями, органами управления государственными внебюджетными фондами | B35: 51 | C35: 0 | D35: 01 | E35: 851 | F35: 01 | G35: 04 | H35: 80020 | I35: 100 | J35: =J36 -> 0 | K35: =K36 -> 0 | L35: =L36 -> 0
A36: Расходы на выплаты персоналу государственных (муниципальных) органов | B36: 51 | C36: 0 | D36: 01 | E36: 851 | F36: 01 | G36: 04 | H36: 80020 | I36: 120 | J36: ='3.ВС'!J40 -> 0 | K36: ='3.ВС'!K40 -> 0 | L36: ='3.ВС'!L40 -> 0
A37: Руководство и управление в сфере установленных функций органов местного самоуправления | B37: 51 | C37: 0 | D37: 01 | E37: 851 | F37: 01 | G37: 04 | H37: 80040 | J37: =J38+J40+J42 -> 0 | K37: =K38+K40+K42 -> 0 | L37: =L38+L40+L42 -> 0
A38: Расходы на выплаты персоналу в целях обеспечения выполнения функций государственными (муниципальными) органами, казенными учреждениями, органами управления государственными внебюджетными фондами | B38: 51 | C38: 0 | D38: 01 | E38: 851 | F38: 01 | G38: 04 | H38: 80040 | I38: 100 | J38: =J39 -> 0 | K38: =K39 -> 0 | L38: =L39 -> 0
A39: Расходы на выплаты персоналу государственных (муниципальных) органов | B39: 51 | C39: 0 | D39: 01 | E39: 851 | F39: 01 | G39: 04 | H39: 80040 | I39: 120 | J39: ='3.ВС'!J43 -> 0 | K39: ='3.ВС'!K43 -> 0 | L39: ='3.ВС'!L43 -> 0
A40: Закупка товаров, работ и услуг для обеспечения государственных (муниципальных) нужд | B40: 51 | C40: 0 | D40: 01 | E40: 851 | F40: 01 | G40: 04 | H40: 80040 | I40: 200 | J40: =J41 -> 0 | K40: =K41 -> 0 | L40: =L41 -> 0
A41: Иные закупки товаров, работ и услуг для обеспечения государственных (муниципальных) нужд | B41: 51 | C41: 0 | D41: 01 | E41: 851 | F41: 01 | G41: 04 | H41: 80040 | I41: 240 | J41: ='3.ВС'!J45 -> 0 | K41: ='3.ВС'!K45 -> 0 | L41: ='3.ВС'!L45 -> 0
A42: Иные бюджетные ассигнования | B42: 51 | C42: 0 | D42: 01 | E42: 851 | F42: 01 | G42: 04 | H42: 80040 | I42: 800 | J42: =J43 -> 0 | K42: =K43 -> 0 | L42: =L43 -> 0
A43: Уплата налогов, сборов и иных платежей | B43: 51 | C43: 0 | D43: 01 | E43: 851 | F43: 01 | G43: 04 | H43: 80040 | I43: 850 | J43: ='3.ВС'!J47 -> 0 | K43: ='3.ВС'!K47 -> 0 | L43: ='3.ВС'!L47 -> 0
A44: Информационное освещение деятельности органов местного самоуправления | B44: 51 | C44: 0 | D44: 01 | E44: 851 | F44: 01 | G44: 04 | H44: 80070 | J44: =J45 -> 0 | K44: =K45 -> 0 | L44: =L45 -> 0
A45: Закупка товаров, работ и услуг для обеспечения государственных (муниципальных) нужд | B45: 51 | C45: 0 | D45: 01 | E45: 851 | F45: 01 | G45: 04 | H45: 80070 | I45: 200 | J45: =J46 -> 0 | K45: =K46 -> 0 | L45: =L46 -> 0
A46: Иные закупки товаров, работ и услуг для обеспечения государственных (муниципальных) нужд | B46: 51 | C46: 0 | D46: 01 | E46: 851 | F46: 01 | G46: 04 | H46: 80070 | I46: 240 | J46: ='3.ВС'!J50 -> 0 | K46: ='3.ВС'!K50 -> 0 | L46: ='3.ВС'!L50 -> 0
A47: Опубликование нормативных правовых актов муниципальных образований и иной официальной информации | B47: 51 | C47: 0 | D47: 01 | E47: 851 | F47: 01 | G47: 04 | H47: 80100 | J47: =J48 -> 0 | K47: =K48 -> 0 | L47: =L48 -> 0
A48: Закупка товаров, работ и услуг для обеспечения государственных (муниципальных) нужд | B48: 51 | C48: 0 | D48: 01 | E48: 851 | F48: 01 | G48: 04 | H48: 80100 | I48: 200 | J48: =J49 -> 0 | K48: =K49 -> 0 | L48: =L49 -> 0
A49: Иные закупки товаров, работ и услуг для обеспечения государственных (муниципальных) нужд | B49: 51 | C49: 0 | D49: 01 | E49: 851 | F49: 01 | G49: 04 | H49: 80100 | I49: 240 | J49: ='3.ВС'!J53 -> 0 | K49: ='3.ВС'!K53 -> 0 | L49: ='3.ВС'!L53 -> 0
A50: Членские взносы некоммерческим организациям | B50: 51 | C50: 0 | D50: 01 | E50: 851 | F50: 01 | G50: 04 | H50: 81410 | J50: =J51 -> 0 | K50: =K51 -> 0 | L50: =L51 -> 0
A51: Иные бюджетные ассигнования | B51: 51 | C51: 0 | D51: 01 | E51: 851 | F51: 01 | G51: 04 | H51: 81410 | I51: 800 | J51: =J52 -> 0 | K51: =K52 -> 0 | L51: =L52 -> 0
A52: Уплата налогов, сборов и иных платежей | B52: 51 | C52: 0 | D52: 01 | E52: 851 | F52: 01 | G52: 04 | H52: 81410 | I52: 850 | J52: ='3.ВС'!J56 -> 0 | K52: ='3.ВС'!K56 -> 0 | L52: ='3.ВС'!L56 -> 0
A53: Повышение энергетической эффективности и обеспечения энергосбережения | B53: 51 | C53: 0 | D53: 01 | E53: 851 | F53: 01 | G53: 13 | H53: 83260 | J53: =J54 -> 0 | K53: =K54 -> 0 | L53: =L54 -> 0
A54: Закупка товаров, работ и услуг для обеспечения государственных (муниципальных) нужд | B54: 51 | C54: 0 | D54: 01 | E54: 851 | F54: 01 | G54: 13 | H54: 83260 | I54: 200 | J54: =J55 -> 0 | K54: =K55 -> 0 | L54: =L55 -> 0
A55: Иные закупки товаров, работ и услуг для обеспечения государственных (муниципальных) нужд | B55: 51 | C55: 0 | D55: 01 | E55: 851 | F55: 01 | G55: 13 | H55: 83260 | I55: 240 | J55: ='3.ВС'!J82 -> 0 | K55: ='3.ВС'!K82 -> 0 | L55: ='3.ВС'!L82 -> 0
A56: Реализация переданных полномочий по решению отдельных вопросов местного значения поселений в соответствии с заключенными соглашениями в части формирования архивных фондов поселений | B56: 51 | C56: 0 | D56: 01 | E56: 851 | F56: 01 | G56: 04 | H56: 84220 | J56: =J57 -> 0 | K56: =K57 -> 0 | L56: =L57 -> 0
A57: Закупка товаров, работ и услуг для обеспечения государственных (муниципальных) нужд | B57: 51 | C57: 0 | D57: 01 | E57: 851 | F57: 01 | G57: 04 | H57: 84220 | I57: 200 | J57: =J58 -> 0 | K57: =K58 -> 0 | L57: =L58 -> 0
A58: Иные закупки товаров, работ и услуг для обеспечения государственных (муниципальных) нужд | B58: 51 | C58: 0 | D58: 01 | E58: 851 | F58: 01 | G58: 04 | H58: 84220 | I58: 240 | J58: ='3.ВС'!J59 -> 0 | K58: ='3.ВС'!K59 -> 0 | L58: ='3.ВС'!L59 -> 0
A59: Реализация переданных полномочий по решению отдельных вопросов местного значения поселений в соответствии с заключенными соглашениями в части осуществления муниципального земельного контроля в границах поселений | B59: 51 | C59: 0 | D59: 01 | E59: 851 | H59: 84230 | J59: =J60 -> 0 | K59: =K60 -> 0 | L59: =L60 -> 0
A60: Закупка товаров, работ и услуг для обеспечения государственных (муниципальных) нужд | B60: 51 | C60: 0 | D60: 01 | E60: 851 | H60: 84230 | I60: 200 | J60: =J61 -> 0 | K60: =K61 -> 0 | L60: =L61 -> 0
A61: Иные закупки товаров, работ и услуг для обеспечения государственных (муниципальных) нужд | B61: 51 | C61: 0 | D61: 01 | E61: 851 | H61: 84230 | I61: 240 | J61: ='3.ВС'!J62 -> 0 | K61: ='3.ВС'!K62 -> 0 | L61: ='3.ВС'!L62 -> 0
A62: Реализация переданных полномочий по решению отдельных вопросов местного значения поселений в соответствии с заключенными соглашениями в части осуществления муниципального жилищного контроля | B62: 51 | C62: 0 | D62: 01 | E62: 851 | H62: 84440 | J62: =J63 -> 0 | K62: =K63 -> 0 | L62: =L63 -> 0
A63: Закупка товаров, работ и услуг для обеспечения государственных (муниципальных) нужд | B63: 51 | C63: 0 | D63: 01 | E63: 851 | H63: 84440 | I63: 200 | J63: =J64 -> 0 | K63: =K64 -> 0 | L63: =L64 -> 0
A64: Иные закупки товаров, работ и услуг для обеспечения государственных (муниципальных) нужд | B64: 51 | C64: 0 | D64: 01 | E64: 851 | H64: 84440 | I64: 240 | J64: ='3.ВС'!J65 -> 0 | K64: ='3.ВС'!K65 -> 0 | L64: ='3.ВС'!L65 -> 0
A65: Реализация переданных полномочий по решению отдельных вопросов местного значения поселений в соответствии с заключенными соглашениями в части осуществления муниципального контроля на автомобильном транспорте, городском наземном электрическом транспорте и в дорожном хозяйстве в границах населенных пунктов поселения | B65: 51 | C65: 0 | D65: 01 | E65: 851 | H65: 84450 | J65: =J66 -> 0 | K65: =K66 -> 0 | L65: =L66 -> 0
A66: Закупка товаров, работ и услуг для обеспечения государственных (муниципальных) нужд | B66: 51 | C66: 0 | D66: 01 | E66: 851 | H66: 84450 | I66: 200 | J66: =J67 -> 0 | K66: =K67 -> 0 | L66: =L67 -> 0
A67: Иные закупки товаров, работ и услуг для обеспечения государственных (муниципальных) нужд | B67: 51 | C67: 0 | D67: 01 | E67: 851 | H67: 84450 | I67: 240 | J67: ='3.ВС'!J68 -> 0 | K67: ='3.ВС'!K68 -> 0 | L67: ='3.ВС'!L68 -> 0
A68: Реализация переданных полномочий по решению отдельных вопросов местного значения поселений в соответствии с заключенными соглашениями в части осуществления муниципального контроля в сфере благоустройства | B68: 51 | C68: 0 | D68: 01 | E68: 851 | H68: 84460 | J68: =J69 -> 0 | K68: =K69 -> 0 | L68: =L69 -> 0
A69: Закупка товаров, работ и услуг для обеспечения государственных (муниципальных) нужд | B69: 51 | C69: 0 | D69: 01 | E69: 851 | H69: 84460 | I69: 200 | J69: =J70 -> 0 | K69: =K70 -> 0 | L69: =L70 -> 0
A70: Иные закупки товаров, работ и услуг для обеспечения государственных (муниципальных) нужд | B70: 51 | C70: 0 | D70: 01 | E70: 851 | H70: 84460 | I70: 240 | J70: ='3.ВС'!J71 -> 0 | K70: ='3.ВС'!K71 -> 0 | L70: ='3.ВС'!L71 -> 0
A71: Обеспечение эффективного управления муниципальным имуществом | B71: 51 | C71: 0 | D71: 02 | J71: =J72 -> 0 | K71: =K72 -> 0 | L71: =L72 -> 0
A72: Администрация Клетнянского района | B72: 51 | C72: 0 | D72: 02 | E72: 851 | J72: =J73+J76+J79+J82 -> 0 | K72: =K73+K76+K79+K82 -> 0 | L72: =L73+L76+L79+L82 -> 0
A73: Оценка имущества, признание прав и регулирование отношений муниципальной собственности | B73: 51 | C73: 0 | D73: 02 | E73: 851 | F73: 01 | G73: 13 | H73: 80900 | J73: =J74 -> 0 | K73: =K74 -> 0 | L73: =L74 -> 0
A74: Закупка товаров, работ и услуг для обеспечения государственных (муниципальных) нужд | B74: 51 | C74: 0 | D74: 02 | E74: 851 | F74: 01 | G74: 13 | H74: 80900 | I74: 200 | J74: =J75 -> 0 | K74: =K75 -> 0 | L74: =L75 -> 0
A75: Иные закупки товаров, работ и услуг для обеспечения государственных (муниципальных) нужд | B75: 51 | C75: 0 | D75: 02 | E75: 851 | F75: 01 | G75: 13 | H75: 80900 | I75: 240 | J75: ='3.ВС'!J85 -> 0 | K75: ='3.ВС'!K85 -> 0 | L75: ='3.ВС'!L85 -> 0
A76: Эксплуатация и содержание имущества, находящегося в муниципальной собственности, арендованного недвижимого имущества | B76: 51 | C76: 0 | D76: 02 | E76: 851 | F76: 01 | G76: 13 | H76: 80930 | J76: =J77 -> 0 | K76: =K77 -> 0 | L76: =L77 -> 0
A77: Закупка товаров, работ и услуг для обеспечения государственных (муниципальных) нужд | B77: 51 | C77: 0 | D77: 02 | E77: 851 | F77: 01 | G77: 13 | H77: 80930 | I77: 200 | J77: =J78 -> 0 | K77: =K78 -> 0 | L77: =L78 -> 0
A78: Иные закупки товаров, работ и услуг для обеспечения государственных (муниципальных) нужд | B78: 51 | C78: 0 | D78: 02 | E78: 851 | F78: 01 | G78: 13 | H78: 80930 | I78: 240 | J78: ='3.ВС'!J88 -> 0 | K78: ='3.ВС'!K88 -> 0 | L78: ='3.ВС'!L88 -> 0
A79: Уплата взносов на капитальный ремонт многоквартирных домов за объекты муниципальной казны и имущества, закрепленного за органами местного самоуправления | B79: 51 | C79: 0 | D79: 02 | E79: 851 | F79: 05 | G79: 01 | H79: 81830 | J79: =J80 -> 0 | K79: =K80 -> 0 | L79: =L80 -> 0
A80: Закупка товаров, работ и услуг для обеспечения государственных (муниципальных) нужд | B80: 51 | C80: 0 | D80: 02 | E80: 851 | F80: 05 | G80: 01 | H80: 81830 | I80: 200 | J80: =J81 -> 0 | K80: =K81 -> 0 | L80: =L81 -> 0
A81: Иные закупки товаров, работ и услуг для обеспечения государственных (муниципальных) нужд | B81: 51 | C81: 0 | D81: 02 | E81: 851 | F81: 05 | G81: 01 | H81: 81830 | I81: 240 | J81: ='3.ВС'!J151 -> 0 | K81: ='3.ВС'!K151 -> 0 | L81: ='3.ВС'!L151 -> 0
A82: Установление и описание местоположения границ территориальных зон | B82: 51 | C82: 0 | D82: 02 | E82: 851 | F82: 05 | G82: 01 | H82: S3430 | J82: =J83 -> 0 | K82: =K83 -> 0 | L82: =L83 -> 0
A83: Закупка товаров, работ и услуг для обеспечения государственных (муниципальных) нужд | B83: 51 | C83: 0 | D83: 02 | E83: 851 | F83: 05 | G83: 01 | H83: S3430 | I83: 200 | J83: =J84 -> 0 | K83: =K84 -> 0 | L83: =L84 -> 0
A84: Иные закупки товаров, работ и услуг для обеспечения государственных (муниципальных) нужд | B84: 51 | C84: 0 | D84: 02 | E84: 851 | F84: 05 | G84: 01 | H84: S3430 | I84: 240 | J84: ='3.ВС'!J143 -> 0 | K84: ='3.ВС'!K143 -> 0 | L84: ='3.ВС'!L143 -> 0
A85: Повышение качества и доступности предоставления муниципальных услуг в Клетнянском районе | B85: 51 | C85: 0 | D85: 03 | J85: =J86 -> 0 | K85: =K86 -> 0 | L85: =L86 -> 0
A86: Администрация Клетнянского района | B86: 51 | C86: 0 | D86: 03 | E86: 851 | J86: =J87 -> 0 | K86: =K87 -> 0 | L86: =L87 -> 0
A87: Многофункциональные центры предоставления государственных и муниципальных услуг | B87: 51 | C87: 0 | D87: 03 | E87: 851 | F87: 01 | G87: 13 | H87: 80710 | J87: =J88 -> 0 | K87: =K88 -> 0 | L87: =L88 -> 0
A88: Предоставление субсидий бюджетным, автономным учреждениям и иным некоммерческим организациям | B88: 51 | C88: 0 | D88: 03 | E88: 851 | F88: 01 | G88: 13 | H88: 80710 | I88: 600 | J88: =J89 -> 0 | K88: =K89 -> 0 | L88: =L89 -> 0
A89: Субсидии бюджетным учреждениям | B89: 51 | C89: 0 | D89: 03 | E89: 851 | F89: 01 | G89: 13 | H89: 80710 | I89: 610 | J89: ='3.ВС'!J91 -> 0 | K89: ='3.ВС'!K91 -> 0 | L89: ='3.ВС'!L91 -> 0
A90: Обеспечение реализации отдельных государственных полномочий Брянской области, включая переданные на муниципальный уровень полномочия | B90: 51 | C90: 0 | D90: 04 | J90: =J91 -> 0 | K90: =K91 -> 0 | L90: =L91 -> 0
A91: Администрация Клетнянского района | B91: 51 | C91: 0 | D91: 04 | E91: 851 | J91: =J97+J92 -> 0 | K91: =K97+K92 -> 0 | L91: =L97+L92 -> 0
A92: Осуществление первичного воинского учета органами местного самоуправления поселений, муниципальных и городских округов | B92: 51 | C92: 0 | D92: 04 | E92: 851 | F92: 02 | G92: 03 | H92: 51180 | J92: =J93+J95 -> 0 | K92: =K93+K95 -> 0 | L92: =L93+L95 -> 0
A93: Расходы на выплаты персоналу в целях обеспечения выполнения функций государственными (муниципальными) органами, казенными учреждениями, органами управления государственными внебюджетными фондами | B93: 51 | C93: 0 | D93: 04 | E93: 851 | F93: 02 | G93: 03 | H93: 51180 | I93: 100 | J93: =J94 -> 0 | K93: =K94 -> 0 | L93: =L94 -> 0
A94: Расходы на выплаты персоналу государственных (муниципальных) органов | B94: 51 | C94: 0 | D94: 04 | E94: 851 | F94: 02 | G94: 03 | H94: 51180 | I94: 120 | J94: ='3.ВС'!J96 -> 0 | K94: ='3.ВС'!K96 -> 0 | L94: ='3.ВС'!L96 -> 0
A95: Закупка товаров, работ и услуг для обеспечения государственных (муниципальных) нужд | B95: 51 | C95: 0 | D95: 04 | E95: 851 | F95: 02 | G95: 03 | H95: 51180 | I95: 200 | J95: =J96 -> 0 | K95: =K96 -> 0 | L95: =L96 -> 0
A96: Иные закупки товаров, работ и услуг для обеспечения государственных (муниципальных) нужд | B96: 51 | C96: 0 | D96: 04 | E96: 851 | F96: 02 | G96: 03 | H96: 51180 | I96: 240 | J96: ='3.ВС'!J98 -> 0 | K96: ='3.ВС'!K98 -> 0 | L96: ='3.ВС'!L98 -> 0
A97: Осуществление полномочий по составлению (изменению) списков кандидатов в присяжные заседатели федеральных судов общей юрисдикции в Российской Федерации | B97: 51 | C97: 0 | D97: 04 | E97: 851 | F97: 01 | G97: 05 | H97: 51200 | J97: =J98 -> 0 | K97: =K98 -> 0 | L97: =L98 -> 0
A98: Закупка товаров, работ и услуг для обеспечения государственных (муниципальных) нужд | B98: 51 | C98: 0 | D98: 04 | E98: 851 | F98: 01 | G98: 05 | H98: 51200 | I98: 200 | J98: =J99 -> 0 | K98: =K99 -> 0 | L98: =L99 -> 0
A99: Иные закупки товаров, работ и услуг для обеспечения государственных (муниципальных) нужд | B99: 51 | C99: 0 | D99: 04 | E99: 851 | F99: 01 | G99: 05 | H99: 51200 | I99: 240 | J99: ='3.ВС'!J78 -> 0 | K99: ='3.ВС'!K78 -> 0 | L99: ='3.ВС'!L78 -> 0
A100: Повышение защиты населения и территории Клетнянского района от чрезвычайных ситуаций природного и техногенного характера | B100: 51 | C100: 0 | D100: 05 | J100: =J101 -> 0 | K100: =K101 -> 0 | L100: =L101 -> 0
...

Sheet 8.Ист
E1: Приложение5
E2: к Решению Клетнянского районного Совета народных депутатов "О внесении изменений в Решение Клетнянского районного Совета народных депутатов "О бюджете Клетнянского муниципального района Брянской области на 2026 год и на плановый период 2027 и 2028 годов"
E3: Приложение 8
E4: к Решению Клетнянского районного Совета народных депутатов "О бюджете Клетнянского муниципального района Брянской области на 2026 год и на плановый период 2027 и 2028 годов"
A5: ИСТОЧНИКИ
A6: внутреннего финансирования дефицита бюджета Клетнянского муниципального района Брянской области на 2026 год и на плановый период 2027 и 2028 годов
G7: рублей
B8: КБК | C8: НАИМЕНОВАНИЕ | E8: 2026 год | F8: 2027 год | G8: 2028 год
A9: 853 | B9: 01 00 00 00 00 0000 000 | C9: Источники внутреннего финансирования дефицитов бюджетов | E9: =E10 -> 20573438 | F9: =F10 -> 0 | G9: =G10 -> 0
A10: 853 | B10: 01 05 00 00 00 0000 000 | C10: Изменение остатков средств на счетах по учету средств бюджета | E10: =E11+E15 -> 20573438 | F10: =F11+F15 -> 0 | G10: =G11+G15 -> 0
A11: 853 | B11: 01 05 00 00 00 0000 500 | C11: Увеличение остатков средств бюджетов | E11: =E12 -> -12341564 | F11: =F12 -> 0 | G11: =G12 -> 0
A12: 853 | B12: 01 05 02 00 00 0000 500 | C12: Увеличение прочих остатков средств бюджетов | E12: =E13 -> -12341564 | F12: =F13 -> 0 | G12: =G13 -> 0
A13: 853 | B13: 01 05 02 01 00 0000 510 | C13: Увеличение прочих остатков денежных средств бюджетов | E13: =E14 -> -12341564 | F13: =F14 -> 0 | G13: =G14 -> 0
A14: 853 | B14: 01 05 02 01 05 0000 510 | C14: Увеличение прочих остатков денежных средств бюджетов муниципальных районов | E14: =-13852611.07+1562473.4-51426.4 -> -12341564
A15: 853 | B15: 01 05 00 00 00 0000 600 | C15: Уменьшение остатков средств бюджетов | E15: =E16 -> 32915002 | F15: =F16 -> 0 | G15: =G16 -> 0
A16: 853 | B16: 01 05 02 00 00 0000 600 | C16: Уменьшение прочих остатков средств бюджетов | E16: =E17 -> 32915002 | F16: =F17 -> 0 | G16: =G17 -> 0
A17: 853 | B17: 01 05 02 01 00 0000 610 | C17: Уменьшение прочих остатков денежных средств бюджетов | E17: =E18 -> 32915002 | F17: =F18 -> 0 | G17: =G18 -> 0
A18: 853 | B18: 01 05 02 01 05 0000 610 | C18: Уменьшение прочих остатков денежных средств бюджетов муниципальных районов | E18: 32915002
C19: Итого источников внутреннего финансирования дефицита | E19: =E11+E15 -> 20573438 | F19: =F11+F15 -> 0 | G19: =G11+G15 -> 0
E21: ='1.Дох'!C92-'3.ВС'!J440 -> 51426.4
D22: дох | E22: =[2]Дох.!C131 -> 1.9213489e+08 | F22: =[2]Дох.!D131 -> 1.9314779e+08 | G22: =[2]Дох.!E131 -> 52107712
D23: расх | E23: =[2]Функц.!P441 -> 2.0120935e+08 | F23: =[2]Функц.!Q441 -> 2.0222225e+08 | G23: =[2]Функц.!R441 -> 50516008
E24: =[3]Остатки!$C$1 -> 32915002 | F24: =F22-F23 -> -9074461 | G24: =G22-G23 -> 1591704.1

Sheet ОМ ПСР
A3: Ведомственная структура расходов бюджета Клетнянского муниципального района Брянской области на 2021 год и на плановый период 2022 и 2023 годов
I4: 2020 | N4: 2024
A5: Наименование | E5: Гл | F5: Рз | G5: Пр | H5: ЦСР | I5: МП | J5: ПП | K5: ОМ | L5: НР | N5: МП | O5: код типа структурного элемента | P5: код структурного элемента | Q5: НР
A6: Администрация Клетнянского района | E6: 851
A7: Обеспечение эффективной деятельности главы и аппарата исполнительно-распорядительного органа муниципального образования | P7: 01
A8: Профилактика безнадзорности и правонарушений несовершеннолетних, организация деятельности административных комиссий и определение перечня должностных лиц органов местного самоуправления, уполномоченных составлять протоколы об административных правонарушениях | E8: 851 | F8: 01 | G8: 13 | H8: 51 0 11 12020 | I8: 51 | J8: 0 | K8: 11 | L8: 12020 | M8: 51 4 01 12020 | N8: 51 | O8: 4 | P8: 01 | Q8: 12020
A9: Осуществление отдельных полномочий в области охраны труда и уведомительной регистрации территориальных соглашений и коллективных договоров | E9: 851 | F9: 04 | G9: 12 | H9: 51 0 11 17900 | I9: 51 | K9: 11 | L9: 17900 | N9: 51 | O9: 4 | P9: 01 | Q9: 17900
A10: Проведение Всероссийской переписи населения 2020 года | E10: 851 | F10: 01 | G10: 13 | H10: 51 0 11 54690 | I10: 51 | J10: 0 | K10: 11 | L10: 54690 | N10: 51 | O10: 4 | P10: 01 | Q10: 54690
A11: Обеспечение деятельности главы местной администрации (исполнительно-распорядительного органа муниципального образования) | E11: 851 | F11: 01 | G11: 04 | H11: 51 0 11 80020 | I11: 51 | J11: 0 | K11: 11 | L11: 80020 | M11: 51 4 01 80020 | N11: 51 | O11: 4 | P11: 01 | Q11: 80020 | R11: 4 | S11: основные мероприятия муниципальных программ | X11: 01 | Y11: Создание условий для эффективной деятельности главы и аппарата исполнительно-распорядительного органа муниципального образования
A12: Руководство и управление в сфере установленных функций органов местного самоуправления | E12: 851 | F12: 01 | G12: 04 | H12: 51 0 11 80040 | I12: 51 | J12: 0 | K12: 11 | L12: 80040 | M12: 51 4 01 80040 | N12: 51 | O12: 4 | P12: 01 | Q12: 80040 | R12: 4 | X12: 01
A13: Информационное освещение деятельности органов местного самоуправления | E13: 851 | F13: 01 | G13: 04 | H13: 51 0 11 80070 | I13: 51 | J13: 0 | K13: 11 | L13: 80070 | M13: 51 0 01 80070 | N13: 51 | O13: 4 | P13: 01 | Q13: 80070
A14: Опубликование нормативных правовых актов муниципальных образований и иной официальной информации | E14: 851 | F14: 01 | G14: 04 | H14: 51 0 11 80100 | I14: 51 | J14: 0 | K14: 11 | L14: 80100 | M14: 51 0 01 80100 | N14: 51 | O14: 4 | P14: 01 | Q14: 80100
A15: Членские взносы некоммерческим организациям | E15: 851 | F15: 01 | G15: 04 | H15: 51 0 11 81410 | I15: 51 | J15: 0 | K15: 11 | L15: 81410 | M15: 51 4 01 81410 | N15: 51 | O15: 4 | P15: 01 | Q15: 81410 | R15: 4 | X15: 01
A16: Повышение энергетической эффективности и обеспечения энергосбережения | E16: 851 | F16: 01 | G16: 13 | H16: 51 0 11 83260 | I16: 51 | J16: 0 | K16: 11 | L16: 83260 | N16: 51 | O16: 4 | P16: 01 | Q16: 83260
A17: Реализация переданных полномочий по решению отдельных вопросов местного значения поселений в соответствии с заключенными соглашениями в части формирования архивных фондов поселений | E17: 851 | F17: 01 | G17: 04 | H17: 51 0 11 84220 | I17: 51 | J17: 0 | K17: 11 | L17: 84220 | M17: 51 4 01 84220 | N17: 51 | O17: 4 | P17: 01 | Q17: 84220 | R17: 4 | X17: 01
A18: Профилактика безнадзорности и правонарушений несовершеннолетних, организация деятельности административных комиссий и определение перечня должностных лиц органов местного самоуправления, уполномоченных составлять протоколы об административных правонарушениях | E18: 851 | F18: 10 | G18: 06 | H18: 51 0 11 12020 | I18: 51 | K18: 11 | L18: 12020 | N18: 51 | O18: 4 | P18: 01 | Q18: 12020
A19: Эксплуатация и содержание имущества, находящегося в муниципальной собственности, арендованного недвижимого имущества | E19: 851 | F19: 01 | G19: 13 | H19: 51 0 11 80930 | I19: 51 | J19: 0 | K19: 11 | N19: 51 | O19: 0
A20: Закупка товаров, работ и услуг для обеспечения государственных (муниципальных) нужд | E20: 851 | F20: 01 | G20: 13 | H20: 51 0 11 80930
A21: Иные закупки товаров, работ и услуг для обеспечения государственных (муниципальных) нужд | E21: 851 | F21: 01 | G21: 13 | H21: 51 0 11 80930
A22: Бюджетные инвестиции в объекты капитального строительства муниципальной собственности | E22: 851 | F22: 01 | G22: 13 | H22: 51 0 11 81680
A23: Капитальные вложения в объекты государственной (муниципальной) собственности | E23: 851 | F23: 01 | G23: 13 | H23: 51 0 11 81680
A24: Бюджетные инвестиции | E24: 851 | F24: 01 | G24: 13 | H24: 51 0 11 81680
A25: Обеспечение эффективного управления муниципальным имуществом | P25: 02
A26: Оценка имущества, признание прав и регулирование отношений муниципальной собственности | E26: 851 | F26: 01 | G26: 13 | H26: 51 0 11 80900 | I26: 51 | J26: 0 | K26: 11 | L26: 80900 | M26: 51 4 01 80900 | N26: 51 | O26: 4 | P26: 02 | Q26: 80900
A27: Мероприятия по землеустройству и землепользованию | E27: 851 | F27: 04 | G27: 12 | H27: 51 0 11 80910 | I27: 51 | K27: 11 | L27: 80910 | O27: 4 | P27: 02 | Q27: 80910
A28: Эксплуатация и содержание имущества казны муниципального образования | E28: 851 | F28: 01 | G28: 13 | H28: 51 0 11 80920 | I28: 51 | J28: 0 | K28: 11 | L28: 80920 | M28: 51 4 01 80920 | N28: 51 | O28: 4 | P28: 02 | Q28: 80920
A29: Эксплуатация и содержание имущества, находящегося в муниципальной собственности, арендованного недвижимого имущества | N29: 51 | O29: 4 | P29: 02 | Q29: 80930
A30: Уплата взносов на капитальный ремонт многоквартирных домов за объекты муниципальной казны и имущества, закрепленного за органами местного самоуправления | E30: 851 | F30: 05 | G30: 01 | H30: 51 0 31 81830 | I30: 51 | K30: 31 | L30: 81830 | N30: 51 | O30: 4 | P30: 02 | Q30: 81830
A31: Реализация переданных полномочий по решению отдельных вопросов местного значения муниципальных районов в соответствии с заключенными соглашениями на утверждение генеральных планов поселения, правил землепользования и застройки, утверждение подготовленной на основе генеральных планов поселения документации по планировке территорий | E31: 851 | F31: 04 | G31: 12 | H31: 51 0 11 83750 | I31: 51 | K31: 11 | L31: 83750 | N31: 51 | O31: 4 | P31: 02 | Q31: 83750
A32: Повышение качества и доступности предоставления муниципальных услуг в Клетнянском районе | P32: 03
A33: Многофункциональные центры предоставления государственных и муниципальных услуг | E33: 851 | F33: 01 | G33: 13 | H33: 51 0 14 80710 | I33: 51 | J33: 0 | K33: 14 | L33: 80710 | N33: 51 | O33: 4 | P33: 03 | Q33: 80710 | S33: 51 4 02 80710 | X33: 02
A34: Повышение качества и доступности предоставления государственных и муниципальных услуг | E34: 851 | F34: 01 | G34: 13 | H34: 51 0 14 S8640 | I34: 51 | J34: 0 | K34: 14 | L34: 8640 | N34: 51 | O34: 4 | P34: 03 | Q34: S8640
A35: Обеспечение реализации отдельных государственных полномочий Брянской области, включая переданные на муниципальный уровень полномочия | P35: 04
A36: Осуществление первичного воинского учета на территориях, где отсутствуют военные комиссариаты | E36: 851 | F36: 02 | G36: 03 | H36: 51 0 15 51180 | I36: 51 | J36: 0 | K36: 15 | L36: 51180 | N36: 51 | O36: 4 | P36: 04 | Q36: 51180 | X36: 03
A37: Осуществление полномочий по составлению (изменению) списков кандидатов в присяжные заседатели федеральных судов общей юрисдикции в Российской Федерации | E37: 851 | F37: 01 | G37: 05 | H37: 51 0 41 51200 | M37: 51 4 02 51200 | N37: 51 | O37: 4 | P37: 04 | Q37: 51200 | R37: 4
A38: Повышение защиты населения и территории Клетнянского района от чрезвычайных ситуаций природного и техногенного характера | P38: 05
A39: Единые дежурно-диспетчерские службы | E39: 851 | F39: 03 | G39: 10 | H39: 51 0 12 80700 | I39: 51 | J39: 0 | K39: 12 | L39: 80700 | N39: 51 | O39: 4 | P39: 05 | Q39: 80700 | X39: 04
A40: Оповещение населения об опасностях, возникающих при ведении военных действий и возникновении чрезвычайных ситуаций | E40: 851 | F40: 03 | G40: 10 | H40: 51 0 12 81200 | I40: 51 | J40: 0 | K40: 12 | L40: 81200 | N40: 51 | O40: 4 | P40: 05 | Q40: 81200
A41: Предупреждение и ликвидация заразных и иных болезней | P41: 06
A42: Организация проведения на территории Брянской области мероприятий по предупреждению и ликвидации болезней животных, их лечению, защите населения от болезней, общих для человека и животных, в части оборудования и содержания скотомогильников (биотермических ям) и по организации мероприятий при осуществлении деятельности по обращению с животными без владельцев | E42: 851 | F42: 04 | G42: 05 | H42: 51 0 21 12510 | I42: 51 | J42: 0 | K42: 21 | L42: 12510 | N42: 51 | O42: 4 | P42: 06 | Q42: 12510 | X42: 05
A43: Обеспечение устойчивой работы и развития автотранспортного комплекса | P43: 07
A44: Компенсация транспортным организациям части потерь в доходах и (или) возмещение затрат, возникающих в результате регулирования тарифов на перевозку пассажиров пассажирским транспортом по муниципальным маршрутам регулярных перевозок | E44: 851 | F44: 04 | G44: 08 | H44: 51 0 51 81630 | I44: 51 | J44: 0 | K44: 51 | L44: 81630 | N44: 51 | O44: 4 | P44: 07 | Q44: 81630 | X44: 06
A45: Уплата налогов, сборов и иных обязательных платежей | E45: 851 | F45: 04 | G45: 08 | H45: 51 0 51 83360 | I45: 51 | K45: 51 | L45: 83360 | N45: 51 | O45: 4 | P45: 07 | Q45: 83360
A46: Развитие транспортной инфраструктуры на сельских территориях | E46: 851 | F46: 04 | G46: 09 | N46: 51 | O46: 2 | P46: 07 | Q46: R3720
A48: Повышение эффективности и безопасности функционирования автомобильных дорог общего пользования местного значения | P48: 08
A49: Реализация переданных полномочий по решению отдельных вопросов местного значения муниципальных районов в соответствии с заключенными соглашениями на дорожную деятельность в отношении автомобильных дорог местного значения в границах населенных пунктов поселения и обеспечение безопасности дорожного движения на них, включая создание и обеспечение функционирования парковок (парковочных мест), осуществление муниципального контроля за сохранностью автомобильных дорог местного значения в границах населенных пунктов поселений, а также осуществление иных полномочий в области использования автомобильных дорог и осуществление дорожной деятельности | E49: 851 | F49: 04 | G49: 09 | H49: 51 0 61 83740 | I49: 51 | K49: 61 | L49: 83740 | N49: 51 | O49: 4 | P49: 08 | Q49: 83740
A50: Содействие реформированию жилищно-коммунального хозяйства; создание благоприятных условий проживания граждан | P50: 09
A51: Бюджетные инвестиции в объекты капитального строительства муниципальной собственности | E51: 851 | F51: 05 | G51: 02 | H51: 51 0 31 81680 | I51: 51 | K51: 31 | L51: 81680 | N51: 51 | O51: 4 | P51: 09 | Q51: 81680
A52: Мероприятия в сфере коммунального хозяйства | E52: 851 | F52: 05 | G52: 02 | H52: 51 0 31 81740 | K52: 31 | L52: 81740 | N52: 51 | O52: 4 | P52: 09 | Q52: 81740
A53: Мероприятия в сфере жилищного хозяйства | E53: 851 | F53: 05 | G53: 01 | H53: 51 0 31 81750 | I53: 51 | K53: 31 | L53: 81750 | N53: 51 | O53: 4 | P53: 09 | Q53: 81750
A54: Подготовка объектов ЖКХ к зиме | E54: 851 | F54: 05 | G54: 02 | H54: 51 0 31 81800 | K54: 31 | L54: 81800 | N54: 51 | O54: 4 | P54: 09 | Q54: 81800
A55: Реализация переданных полномочий по решению отдельных вопросов местного значения муниципальных районов в соответствии с заключенными соглашениями в сфере электро-, тепло-, газо- и водоснабжения населения, водоотведения, снабжения населения топливом | E55: 851 | F55: 05 | G55: 02 | H55: 51 0 31 83710 | K55: 31 | L55: 83710 | N55: 51 | O55: 4 | P55: 09 | Q55: 83710
A56: Реализация переданных полномочий по решению отдельных вопросов местного значения муниципальных районов в соответствии с заключенными соглашениями в части обеспечения проживающих в поселении и нуждающихся в жилых помещениях малоимущих граждан жилыми помещениями, организация содержания муниципального жилищного фонда | E56: 851 | F56: 05 | G56: 01 | H56: 51 0 31 83760 | I56: 51 | K56: 31 | L56: 83760 | N56: 51 | O56: 4 | P56: 09 | Q56: 83760
A57: Устойчивое развитие сельских территорий | E57: 851 | F57: 05 | G57: 02 | H57: 51 0 31 L5670 | N57: 51 | P57: 09
A58: Капитальные вложения в объекты государственной (муниципальной) собственности | E58: 851 | F58: 05 | G58: 02 | H58: 51 0 31 L5670 | N58: 51 | P58: 09
A59: Бюджетные инвестиции | E59: 851 | F59: 05 | G59: 02 | H59: 51 0 31 L5670 | I59: 51
A60: Софинансирование объектов капитальных вложений муниципальной собственности | E60: 851 | F60: 05 | G60: 02 | H60: 51 0 31 S1270 | I60: 51 | K60: 31 | L60: S1270 | N60: 51 | O60: 4 | P60: 09 | Q60: S1270
A61: Подготовка объектов жилищно-коммунального хозяйства к зиме | E61: 851 | F61: 05 | G61: 02 | H61: 51 0 31 S3450 | I61: 51 | K61: 31 | L61: S3450 | N61: 51 | O61: 4 | P61: 09 | Q61: S3450
A62: Реализация мероприятий по проведению работ по ремонту, реставрации, благоустройству воинских захоронений | P62: 10
A63: Реализация федеральной целевой программы "Увековечение памяти погибших при защите Отечества на 2019 - 2024 годы" | E63: 851 | F63: 05 | G63: 03 | H63: 51 0 71 L2990 | I63: 51 | K63: 71 | L63: L2990 | N63: 51 | O63: 4 | P63: 10 | Q63: L2990
A64: Повышение доступности и качества предоставления дополнительного образования детей | P64: 11
A65: Организации дополнительного образования | E65: 851 | F65: 07 | G65: 03 | H65: 51 0 81 80320 | I65: 51 | K65: 81 | L65: 80320 | N65: 51 | O65: 4 | P65: 11 | Q65: 80320
A66: Мероприятия по развитию образования | E66: 851 | F66: 07 | G66: 03 | H66: 51 0 81 82330 | K66: 81 | L66: 82330 | N66: 51 | O66: 4 | P66: 11 | Q66: 82330
A67: Мероприятия по комплексной безопасности муниципальных учреждений | E67: 851 | F67: 07 | G67: 03 | H67: 51 0 81 82430 | K67: 81 | L67: 82430 | N67: 51 | O67: 4 | P67: 11 | Q67: 82430
A68: Реализация мер государственной поддержки работников образования | P68: 12
A69: Осуществление отдельных полномочий в сфере образования (предоставление мер социальной поддержки педагогическим работникам и специалистам образовательных организаций (за исключением педагогических работников), работающим в сельских населенных пунктах и поселках городского типа на территории Брянской области) | E69: 851 | F69: 07 | G69: 03 | H69: 51 0 82 14723 | I69: 51 | K69: 82 | L69: 14723 | O69: 4 | P69: 12 | Q69: 14723
A70: Региональный проект | P70: G5
A71: Софинансирование объектов капитальных вложений муниципальной собственности | E71: 851 | F71: 05 | G71: 05 | H71: 51 0 G5 11270 | I71: 51 | K71: G5 | L71: 11270 | N71: 51 | O71: 1 | P71: G5 | Q71: 11270
A72: Региональный проект | P72: F5
A73: Строительство и реконструкция (модернизация) объектов питьевого водоснабжения | E73: 851 | F73: 05 | G73: 05 | H73: 51 0 F5 52430 | I73: 51 | K73: F5 | L73: 52430 | N73: 51 | O73: 1 | P73: F5 | Q73: 52430
A74: Подпрограмма "Культура" Клетнянского района | O74: 2
A75: Реализация мер государственной поддержки работников культуры | P75: 13
A76: Предоставление мер социальной поддержки по оплате жилья и коммунальных услуг отдельным категориям граждан, работающих в учреждениях культуры, находящихся в сельской местности или поселках городского типа на территории Брянской области | E76: 851 | F76: 08 | G76: 01 | H76: 51 2 11 14210 | K76: 11 | L76: 14210 | N76: 51 | O76: 4 | P76: 13 | Q76: 14210
A77: Обеспечение свободы творчества и прав граждан на участие в культурной жизни, на равный доступ к культурным ценностям | P77: 14
A78: Библиотеки | E78: 851 | F78: 08 | G78: 01 | H78: 51 2 11 80450 | K78: 11 | L78: 80450 | N78: 51 | O78: 4 | P78: 14 | Q78: 80450
A79: Дворцы и дома культуры, клубы, выставочные залы | E79: 851 | F79: 08 | G79: 01 | H79: 51 2 11 80480 | K79: 11 | L79: 80480 | N79: 51 | O79: 4 | P79: 14 | Q79: 80480
A80: Мероприятия по развитию культуры | E80: 851 | F80: 08 | G80: 01 | H80: 51 2 11 82400 | K80: 11 | L80: 82400 | N80: 51 | O80: 4 | P80: 14 | Q80: 82400
A81: Реализация переданных полномочий по решению отдельных вопросов местного значения поселений в соответствии с заключенными соглашениями по созданию условий для организации досуга и обеспечения жителей поселений услугами организаций культуры | E81: 851 | F81: 08 | G81: 01 | H81: 51 2 11 84260 | I81: 51 | K81: 11 | L81: 84260 | N81: 51 | O81: 4 | P81: 14 | Q81: 84260
A82: Обеспечение развития и укрепления материально-технической базы муниципальных домов культуры в населенных пунктах с числом жителей до 50 тысяч человек | E82: 851 | F82: 08 | G82: 01 | H82: 51 2 11 L4670 | I82: 51 | K82: 11 | L82: L4670 | N82: 51 | O82: 4 | P82: 14 | Q82: L4670
A83: Поддержка отрасли культуры | E83: 851 | F83: 08 | G83: 01 | H83: 51 2 11 L5190 | I83: 51 | K83: 11 | L83: L5190 | N83: 51 | O83: 4 | P83: 141 | Q83: L5190
A84: Государственная поддержка отрасли культуры за счет средств резервного фонда Правительства Российской Федерации | B84: 51 | C84: 2 | D84: 11 | E84: 851 | F84: 08 | G84: 01 | H84: 51 1 11 L519F | I84: 51 | K84: 11 | L84: L519F | N84: 51 | O84: 4 | P84: 14 | Q84: L519F
A85: Отдельные мероприятия по развитию культуры, культурного наследия, туризма, обеспечению устойчивого развития социально-культурных составляющих качества жизни | E85: 851 | F85: 08 | G85: 01 | H85: 51 2 11 S4240 | I85: 51 | K85: 11 | L85: S4240 | N85: 51 | O85: 4 | P85: 14 | Q85: S4240
A86: Обеспечение сохранности и использование объектов культурного наследия, популяризация объектов культурного наследия | P86: 15
A87: Мероприятия по охране, сохранению и популяризации культурного наследия | E87: 851 | F87: 08 | G87: 01 | H87: 51 2 11 82410 | I87: 51 | K87: 11 | L87: 82410 | N87: 51 | O87: 4 | P87: 15 | Q87: 82410
A88: Региональный проект "Творческие люди (Брянская область)" | P88: А2
A89: Государственная поддержка отрасли культуры | E89: 851 | F89: 08 | G89: 01 | H89: 51 2 А2 55190 | I89: 51 | K89: A2 | L89: 55190 | N89: 51 | O89: 1 | P89: A2 | Q89: 55190
A90: Подпрограмма "Комплексные меры противодействия злоупотреблению наркотиками и их незаконному обороту" | O90: 3
A91: Укрепление общественной безопасности, вовлечение в эту деятельность государственных и муниципальных органов, общественных формирований и населения | P91: 16
A92: Противодействие злоупотреблению наркотиками и их незаконному обороту | E92: 851 | F92: 08 | G92: 04 | H92: 51 3 11 81150 | I92: 51 | K92: 11 | L92: 81150 | N92: 51 | O92: 4 | P92: 16 | Q92: 81150
A93: Подпрограмма "Социальная политика Клетнянского района" | O93: 5
A94: Осуществление мер улучшению положения отдельных категорий граждан | P94: 17
A95: Выплата муниципальных пенсий (доплат к государственным пенсиям) | E95: 851 | F95: 10 | G95: 01 | H95: 51 5 11 82450 | I95: 51 | K95: 11 | L95: 82450 | N95: 51 | O95: 4 | P95: 17 | Q95: 82450
A96: Защита прав и законных интересов несовершеннолетних, лиц из числа детей-сирот и детей, оставшихся без попечения родителей | P96: 18
A97: Предоставление жилых помещений детям-сиротам и детям, оставшимся без попечения родителей, лицам из их числа по договорам найма специализированных жилых помещений | N97: 51 | O97: 4 | P97: 18 | Q97: 50820
A98: Предоставление жилых помещений детям-сиротам и детям, оставшимся без попечения родителей, лицам из их числа по договорам найма специализированных жилых помещений | E98: 851 | F98: 10 | G98: 04 | H98: 51 5 12 R0820 | I98: 51 | K98: 12 | L98: R0820 | N98: 51 | O98: 4 | P98: 18 | Q98: R0820
A99: Подпрограмма "Обеспечение жильем молодых семей Клетнянского района" | O99: 6
A100: Осуществление муниципальной поддержки молодых семей в улучшении жилищных условий | P100: 19
A101: Реализация мероприятий по обеспечению жильем молодых семей | E101: 851 | F101: 10 | G101: 04 | H101: 51 6 11 L4970 | I101: 51 | K101: 11 | L101: L4970 | N101: 51 | O101: 4 | P101: 19 | Q101: L4970
A102: Подпрограмма "Развитие молодежной политики, физической культуры и спорта Клетнянского района" | O102: 4
A103: Региональный проект "Спорт - норма жизни" | P103: Р5
...

Sheet субс,субв
B2: Сумма на 2025 год, рублей
A3: Иные межбюджетные трансферты всего | B3: =B4+B15 -> 6676468
A4: Межбюджетные трансферты, передаваемые бюджетам муниципальных районов из бюджетов поселений на осуществление части полномочий по решению вопросов местного значения в соответствии с заключенными соглашениями: | B4: 5894800
A5: − по формированию архивных фондов поселений | B5: 2500
A6: - в части осуществления муниципального земельного контроля в границах поселений | B6: 600
A7: - в части осуществления муниципального жилищного контроля | B7: 600
A8: - в части осуществления муниципального контроля на автомобильном транспорте, городском наземном электрическом транспорте и в дорожном хозяйстве в границах населенных пунктов поселения | B8: 600
A9: - в части осуществления муниципального контроля в сфере благоустройства | B9: 2100
A10: −по осуществлению внешнего муниципального контроля | B10: 18000
A11: −по осуществлению внутреннего муниципального контроля | B11: 2400
A12: −по обеспечению населения услугами учреждений культуры (на обеспечение деятельности клубных учреждений) | B12: 5110400
A13: −по обеспечению населения услугами учреждений культуры (проведение праздничных мероприятий) | B13: 489600
A14: −в области физической культуры и спорта | B14: 268000
A15: Прочие межбюджетные трансферты, передаваемые бюджетам муниципальных районов всего, из них: | B15: =B16+B17 -> 781668
A16: - из бюджета Клетнянского городского поселения на осуществление первичного воинского учета на территориях, где отсутствуют военные комиссариаты | B16: 781468
A17: - из бюджета Клетнянского городского поселения на осуществление отдельных государственных полномочий Брянской области по определению перечня должностных лиц органов местного самоуправления, уполномоченных составлять протоколы об административных правонарушениях | B17: 200
A19: Наименование | B19: 2026 год | C19: 2027 год | D19: 2028 год
A20: Выплата муниципальных пенсий (доплат к государственным пенсиям) | B20: ='3.ВС'!J234 -> 0 | C20: ='3.ВС'!K234 -> 0 | D20: ='3.ВС'!L234 -> 0
A21: Реализация мероприятий по обеспечению жильем молодых семей | B21: ='3.ВС'!J243 -> 0 | C21: ='3.ВС'!K243 -> 0 | D21: ='3.ВС'!L243 -> 0
A22: Организация и осуществление деятельности по опеке и попечительству (выплата ежемесячных денежных средств на содержание и проезд ребенка, переданного на воспитание в семью опекуна (попечителя), приемную семью, вознаграждения приемным родителям) | B22: ='3.ВС'!J365 -> 0 | C22: ='3.ВС'!K365 -> 0 | D22: ='3.ВС'!L365 -> 0
A23: Компенсация части родительской платы за присмотр и уход за детьми в образовательных организациях, реализующих образовательную программу дошкольного образования | B23: ='3.ВС'!J359 -> 0 | C23: ='3.ВС'!K359 -> 0 | D23: ='3.ВС'!L359 -> 0
A24: Обеспечение сохранности жилых помещений, закрепленных за детьми-сиротами и детьми, оставшимися без попечения родителей | B24: ='3.ВС'!J360 -> 0 | C24: ='3.ВС'!K360 -> 0 | D24: ='3.ВС'!L360 -> 0
A25: Осуществление отдельных полномочий в сфере образования (предоставление мер социальной поддержки педагогическим работникам и специалистам образовательных организаций (за исключением педагогических работников), работающим в сельских населенных пунктах и поселках городского типа на территории Брянской области) | B25: ='3.ВС'!J355 -> 0 | C25: ='3.ВС'!K355 -> 0 | D25: ='3.ВС'!L355 -> 0
A26: Всего | B26: =SUM(B20:B25) -> 0 | C26: =SUM(C20:C25) -> 0 | D26: =SUM(D20:D25) -> 0

Sheet Лист5
A1: Направление расходов | B1: 2025 год | D1: 2026 год | F1: 2027 год
B2: объем, тыс. рублей | C2: доля в общем объеме | D2: объем, тыс. рублей | E2: доля в общем объеме | F2: объем, тыс. рублей | G2: доля в общем объеме
A3: Общегосударственные вопросы | B3: 49661.2 | C3: =B3/I3 -> 0.084735982 | D3: 47831.9 | E3: =D3/J3 -> 0.12623299 | F3: 47795 | G3: =F3/H3 -> 0.12326225 | H3: 387750.5 | I3: 586069.8 | J3: 378917.6
A4: Национальная оборона | B4: 781.5 | C4: =B4/I4 -> 0.0013334589 | D4: 856.9 | E4: =D4/J4 -> 0.0022614415 | F4: 888.1 | G4: =F4/H4 -> 0.0022903903 | H4: 387750.5 | I4: 586069.8 | J4: 378917.6
A5: Национальная безопасность и правоохранительная деятельность | B5: 4773.9 | C5: =B5/I5 -> 0.0081456168 | D5: 4773.9 | E5: =D5/J5 -> 0.012598781 | F5: 4773.9 | G5: =F5/H5 -> 0.012311783 | H5: 387750.5 | I5: 586069.8 | J5: 378917.6
A6: Национальная экономика | B6: 16564.2 | C6: =B6/I6 -> 0.028263186 | D6: 16596.6 | E6: =D6/J6 -> 0.043800024 | F6: 17952 | G6: =F6/H6 -> 0.046297813 | H6: 387750.5 | I6: 586069.8 | J6: 378917.6
A7: Жилищно-коммунальное хозяйство | B7: 311.3 | C7: =B7/I7 -> 0.0005311654 | D7: 75.8 | E7: =D7/J7 -> 0.00020004349 | F7: 75.8 | G7: =F7/H7 -> 0.00019548653 | H7: 387750.5 | I7: 586069.8 | J7: 378917.6
A8: Охрана окружающей среды | B8: 84 | C8: =B8/I8 -> 0.00014332764 | D8: 84 | E8: =D8/J8 -> 0.00022168408 | F8: 84 | G8: =F8/H8 -> 0.00021663415 | H8: 387750.5 | I8: 586069.8 | J8: 378917.6
A9: Образование | B9: 233011.1 | C9: =B9/I9 -> 0.39758251 | D9: 230124.3 | E9: =D9/J9 -> 0.60732017 | F9: 231478.7 | G9: =F9/H9 -> 0.59697847 | H9: 387750.5 | I9: 586069.8 | J9: 378917.6
A10: Культура, кинематография | B10: 35949.8 | C10: =B10/I10 -> 0.061340475 | D10: 30590.7 | E10: =D10/J10 -> 0.0807318 | F10: 30590.7 | G10: =F10/H10 -> 0.078892742 | H10: 387750.5 | I10: 586069.8 | J10: 378917.6
A11: Социальная политика | B11: 31560.7 | C11: =B11/I11 -> 0.053851435 | D11: 29307.5 | E11: =D11/J11 -> 0.077345312 | F11: 29635.5 | G11: =F11/H11 -> 0.076429302 | H11: 387750.5 | I11: 586069.8 | J11: 378917.6
A12: Физическая культура и спорт | B12: 205413.6 | C12: =B12/I12 -> 0.35049341 | D12: 8585.6 | E12: =D12/J12 -> 0.022658224 | F12: 8585.6 | G12: =F12/H12 -> 0.022142073 | H12: 387750.5 | I12: 586069.8 | J12: 378917.6
A13: Межбюджетные трансферты общего характера бюджетам бюджетной системы Российской Федерации | B13: 7958.5 | C13: =B13/I13 -> 0.013579441 | D13: 3958.5 | E13: =D13/J13 -> 0.010446862 | F13: 3958.5 | G13: =F13/H13 -> 0.010208884 | H13: 387750.5 | I13: 586069.8 | J13: 378917.6
A14: Условно утвержденные расходы | B14: 0 | C14: =B14/I14 -> 0 | D14: 6131.9 | E14: =D14/J14 -> 0.016182674 | F14: 11932.7 | G14: =F14/H14 -> 0.030774171 | H14: 387750.5 | I14: 586069.8 | J14: 378917.6
A15: ИТОГО: | B15: =SUM(B3:B14) -> 586069.8 | C15: =B15/I15 -> 1 | D15: =SUM(D3:D14) -> 378917.6 | E15: =D15/J15 -> 1 | F15: =SUM(F3:F14) -> 387750.5 | G15: =F15/H15 -> 1 | H15: 387750.5 | I15: 586069.8 | J15: 378917.6
